Workbook
Name LISTADO: "'file://Server/Cotizaciones/COTIZADOR%20ELELCTRICO/Lista%20y%20precios%20rubros%20electricos.xls'#$'Lista Precios'.$A$1:$A$65536"
Name MATERIALES: '[1]PRECIOS '!$A$1:$A$65536

Sheet Etapa 1
B1: LICO - GPI - 0007 - 2012 (ETAPA I: CHECKLIST)
C3: Descripción: | D3: CONSTRUCCI{ON DEL EDIFICIO "CENTRO DE INTEGRACIÓN PROVINCIAL"
C4: Presupuesto Referencial: | D4: 870000 | F4: Adjudicación: | G4: Total
C5: Forma de Pago: | D5: Anticipo 50% | F5: Plazo: | G5: 300 días
A6: cu | F6: Vigencia: | G6: 90 días
B8: Form | C8: Descripción | D8: JAIC CÍA. LTDA. | E8: BUENAÑO VINUEZA FAUSTO GERARDO | F8: CONSTRUCTORA ANDRADE RODAS- VIP S.A. | G8: OBSERVACIONES
B9: 1 | C9: Carta Compromiso | D9: CUMPLE | E9: CUMPLE | F9: CUMPLE
B10: 2 | C10: Tabla de Rubros, Cantidades, y Precios | D10: CUMPLE | E10: CUMPLE | F10: CUMPLE
B11: 3 | C11: Datos Generales del Oferente | D11: CUMPLE | E11: CUMPLE | F11: CUMPLE
B12: 4 | C12: Análisis de Precios Unitarios | D12: CUMPLE | E12: CUMPLE | F12: CUMPLE
B13: 5 | C13: Situación Financiera | D13: NO CUMPLE | E13: CUMPLE | F13: CUMPLE | G13: FALTA FORMULARIO 102, CONVALIDAR
B14: 6 | C14: Variaciones de la Situación Financiera | D14: CUMPLE | E14: CUMPLE | F14: CUMPLE
B15: 7 | C15: Equipo Asignado | D15: CUMPLE | E15: CUMPLE | F15: CUMPLE
B16: 8 | C16: Personal Técnico Propuesto | D16: CUMPLE | E16: CUMPLE | F16: CUMPLE
B17: 9 | C17: Curriculum Vitae del Personal | D17: CUMPLE | E17: CUMPLE | F17: CUMPLE
B18: 10 | C18: Experiencia del Oferente | D18: CUMPLE | E18: CUMPLE | F18: CUMPLE
B19: 11 | C19: Cronograma Valorado | D19: CUMPLE | E19: CUMPLE | F19: CUMPLE
B20: 12 | C20: Metodología de Construcción | D20: CUMPLE | E20: CUMPLE | F20: CUMPLE
B21: 13-A | C21: Participación Nacional del Contratista | D21: CUMPLE | E21: CUMPLE | F21: CUMPLE
B22: 13-B | C22: Estimación de la PN del Desagregado | D22: CUMPLE | E22: CUMPLE | F22: CUMPLE
B23: 14 | C23: Nómina de Socios / Accionistas | D23: CUMPLE | E23: CUMPLE | F23: CUMPLE
B24: 15 | C24: Compromiso Arrendamiento de Equipo | D24: CUMPLE | E24: CUMPLE | F24: CUMPLE
B25: 16 | C25: Compromiso Disponibilidad de Equipo | D25: CUMPLE | E25: CUMPLE | F25: CUMPLE
B26: 17 | C26: Compromiso de Venta de Equipo | D26: CUMPLE | E26: CUMPLE | F26: CUMPLE
C28: Acta de Recepción Provisional de una obra similar y por un monto mínimo del 50% del referencial | D28: NO CUMPLE | E28: CUMPLE | F28: CUMPLE | G28: CONVALIDAR EXPERIENCIA
B29: Equipo Mínimo | C29: Mini cargadora | D29: CUMPLE | E29: CUMPLE | F29: CUMPLE
C30: Volqueta # 1 | D30: CUMPLE | E30: CUMPLE | F30: CUMPLE | K30: 1758113.3
C31: Volqueta # 2 | D31: CUMPLE | E31: CUMPLE | F31: CUMPLE | K31: 181237.27 | L31: =M31 -> 0
C32: Taladro neumático | D32: CUMPLE | E32: CUMPLE | F32: CUMPLE | K32: =K30/K31 -> 9.7006168
C33: Concretera | D33: CUMPLE | E33: CUMPLE | F33: CUMPLE
C34: Elevador | D34: CUMPLE | E34: CUMPLE | F34: CUMPLE
C35: Alisador de Piso | D35: CUMPLE | E35: CUMPLE | F35: CUMPLE
C36: Vibrador | D36: CUMPLE | E36: CUMPLE | F36: CUMPLE
B43: Índices Financieros | C43: Indice de Solvencia >=1 | D43: CUMPLE | E43: NO CUMPLE | F43: CUMPLE
C44: Indice Estructural >=0.3 | D44: NO CUMPLE | E44: CUMPLE | F44: NO CUMPLE
C45: Indice de Endeudamiento < 1.5 | D45: NO CUMPLE | E45: CUMPLE | F45: NO CUMPLE
B46: Personal Técnico Mínimo | C46: Ing. Civil - Superintendente | D46: CUMPLE | E46: CUMPLE | F46: CUMPLE
C47: Ing. Civil - Residente | D47: CUMPLE | E47: CUMPLE | F47: CUMPLE
C48: Ing. Civil / Geotécnico - Asfaltos | D48: CUMPLE | E48: CUMPLE | F48: CUMPLE
C49: Técnico Ambiental | D49: CUMPLE | E49: CUMPLE | F49: CUMPLE
B51: PASAN A LA EVALUACIÓN (ETAPA II)
D58: Ing. Gloría Realpe
D59: PRESIDENTA DE LA COMISIÓN
C64: Ing. Jaime Pérez | F64: Ing. Patricio Jaramillo
C65: PROFESIONAL AFÍN | F65: AREA REQUIRENTE
C71: Mgs. Miguel Solá | F71: Ing. María Morales
C72: PROCURADOR SÍNDICO | F72: SUBDIRECTORA FINANCIERA
E78: =E82/E81 -> 1.407392 | F78: =F82/F81 -> 1.7682813
E79: =E83/E84 -> 0.3839349 | F79: =F83/F84 -> 0.62618448
E80: =E85/E83 -> 1.6046082 | F80: =F85/F83 -> 0.59697347
C81: PASIVO CORRIENTE | E81: 386548.22 | F81: 3825199.6
C82: ACTIVO CORRIENTE | E82: 544024.89 | F82: 6764028.8
C83: PATRIMONIO | E83: 751855.31 | F83: 6591654.3
C84: ACTIVO TOTAL | E84: 1958288.5 | F84: 10526697
C85: PASIVO TOTAL | E85: 1206433.2 | F85: 3935042.7
E89: 99.303

Sheet Etapa 2
B1: ='Etapa 1'!B1:G1 -> LICO - GPI - 0007 - 2012 (ETAPA I: CHECKLIST)
C3: Descripción: | E3: ='Etapa 1'!D3 -> CONSTRUCCI{ON DEL EDIFICIO "CENTRO DE INTEGRACIÓN PROVINCIAL"
C4: Presupuesto Referencial: | E4: ='Etapa 1'!D4 -> 870000 | G4: Adjudicación: | H4: ='Etapa 1'!G4 -> Total
C5: Forma de Pago: | E5: Anticipo 50% | G5: Plazo: | H5: ='Etapa 1'!G5 -> 300 días
G6: Vigencia: | H6: ='Etapa 1'!G6 -> 90 días
B8: Item | C8: Descripción | D8: PUNTAJE | E8: ='Etapa 1'!D8 -> JAIC CÍA. LTDA. | F8: ='Etapa 1'!E8 -> BUENAÑO VINUEZA FAUSTO GERARDO | G8: ='Etapa 1'!F8 -> CONSTRUCTORA ANDRADE RODAS- VIP S.A.
B9: a) | C9: Experiencia en Trabajos Similares | D9: 30 | F9: ='Exp. Similar'!H24 -> 11.87 | G9: ='Exp. Similar'!K24 -> 30
B10: b) | C10: Metodología y Cronograma | D10: 5 | F10: =Metodologia!H19 -> 4 | G10: =Metodologia!J19 -> 4
B11: c) | C11: Experiencia Personal Técnico | D11: 15 | F11: ='Exp. Técnico'!G79 -> 4.4935296 | G11: ='Exp. Técnico'!J79 -> 14
B12: d) | C12: Participación Nacional | D12: 10 | F12: 10 | G12: 10
B13: e) | C13: Oferta Económica | D13: 40 | F13: =Ofertas!F37 -> 38.763855 | G13: =Ofertas!F38 -> 40
B14: RESULTADO EVALUACIÓN (ETAPA II) | D14: =SUM(D9:D13) -> 100 | F14: =SUM(F9:F13) -> 69.127384 | G14: =SUM(G9:G13) -> 98
E21: Ing. Gloría Realpe
E22: PRESIDENTA DE LA COMISIÓN
C28: Ing. Jaime Pérez | G28: Ing. Patricio Jaramillo
C29: PROFESIONAL AFÍN | G29: AREA REQUIRENTE
C35: Mgs. Miguel Solá | G35: Ing. María Morales
C36: PROCURADOR SÍNDICO | G36: SUBDIRECTORA FINANCIERA
C44: 13-A | F44: 99.303 | G44: 94.554
C45: 13-B | F45: 93.112 | G45: 93.112

Sheet Exp. Similar
D5: ='Etapa 1'!D8 -> JAIC CÍA. LTDA. | G5: ='Etapa 1'!E8 -> BUENAÑO VINUEZA FAUSTO GERARDO | J5: ='Etapa 1'!F8 -> CONSTRUCTORA ANDRADE RODAS- VIP S.A. | M5: ='Etapa 1'!G8 -> OBSERVACIONES
B6: Experiencia de trabajos similares | D6: Descripción | E6: Monto | F6: Acepta | G6: Descripción | H6: Monto | I6: Acepta | J6: Descripción | K6: Monto | L6: Acepta | M6: Descripción | N6: Monto | O6: Acepta
D7: Construcción del edificio Bonanza de la ciudad de Quito, 8 plantas y 2 sub suelos | E7: 2112500 | F7: SI | G7: Construcción del Hotel Plaza Victoria ubicada en la ciudad de Ibarra calle Bolivar y Rafael Larrea | H7: 525366 | I7: SI | J7: Construcción Edificio Diamont Tnnis 1 Quito | K7: 2117759.5 | L7: SI
D8: Construcción y refrozamineto del coliseo metálico del almacenamiento de Klinker en f´brica Lafarge | E8: 118332.22 | F8: NO | G8: Construcción de la tercera etapa del Edificio de Post grado CAI de la UTN | H8: 162895.24 | I8: SI | J8: Construcción Edificio Matriz de la Cooperativa Angel Flores Ltda | K8: 144878.41 | L8: SI
G9: Construcción planta baja del Edificio Modular de la UTN | H9: 161754.7
G10: Construcción de la cuarta etapa del edificio CAI de la UTN | H10: 204333.63
B14: Presupuesto Referencial: | C14: ='Etapa 1'!D4 -> 870000
B15: % | C15: 2
B19: Monto Base | C19: =C14*C15 -> 1740000
E22: =SUMIF(F7:F13,"si",E7:E13) -> 2112500 | H22: =SUMIF(I7:I13,"si",H7:H13) -> 688261.24 | K22: =SUMIF(L7:L12,"si",K7:K12) -> 2262637.9 | N22: =SUMIF(O7:O21,"si",N7:N21) -> 0
B23: Porcentaje | E23: =IF(E22/$C$19<1,E22/$C$19,1) -> 1 | H23: =IF(H22/$C$19<1,H22/$C$19,1) -> 0.39555244 | K23: =IF(K22/$C$19<1,K22/$C$19,1) -> 1 | N23: =IF(N22/$C$19<1,N22/$C$19,1) -> 0
B24: Valor Base | C24: 30 | E24: =ROUND(E23*$C$24,2) -> 30 | H24: =ROUND(H23*$C$24,2) -> 11.87 | K24: =ROUND(K23*$C$24,2) -> 30 | N24: =ROUND(N23*$C$24,2) -> 0

Sheet Metodologia
E5: ='Etapa 1'!D8 -> JAIC CÍA. LTDA. | G5: ='Etapa 1'!E8 -> BUENAÑO VINUEZA FAUSTO GERARDO | I5: ='Etapa 1'!F8 -> CONSTRUCTORA ANDRADE RODAS- VIP S.A. | K5: ='Etapa 1'!G8 -> OBSERVACIONES
C7: Descripción | E7: Describe | F7: % | G7: Describe | H7: % | I7: Describe | J7: % | K7: Describe | L7: %
C8: Metodología | D8: 0.4 | E8: SI | F8: =IF(E8="si",$D8,0) -> 0.4 | G8: SI | H8: =IF(G8="si",$D8,0) -> 0.4 | I8: SI | J8: =IF(I8="si",$D8,0) -> 0.4 | K8: SI | L8: =IF(K8="si",$D8,0) -> 0.4
C9: Cuidado Ambiental | D9: 0.2 | E9: SI | F9: =IF(E9="si",$D9,0) -> 0.2 | G9: SI | H9: =IF(G9="si",$D9,0) -> 0.2 | I9: SI | J9: =IF(I9="si",$D9,0) -> 0.2 | K9: SI | L9: =IF(K9="si",$D9,0) -> 0.2
C10: Seguridad Industrial | D10: 0.2 | E10: SI | F10: =IF(E10="si",$D10,0) -> 0.2 | G10: SI | H10: =IF(G10="si",$D10,0) -> 0.2 | I10: SI | J10: =IF(I10="si",$D10,0) -> 0.2 | K10: SI | L10: =IF(K10="si",$D10,0) -> 0.2
C11: Cronograma | D11: 0.2 | E11: SI | F11: =IF(E11="si",D11,0) -> 0.2 | G11: NO | H11: =IF(G11="si",$D11,0) -> 0 | I11: NO | J11: =IF(I11="si",H11,0) -> 0 | K11: SI | L11: =IF(K11="si",$D11,0) -> 0.2
C18: Total Porcentaje | D18: =SUM(D8:D16) -> 1 | F18: =SUM(F8:F16) -> 1 | H18: =SUM(H8:H16) -> 0.8 | J18: =SUM(J8:J16) -> 0.8 | L18: =SUM(L8:L16) -> 1
C19: Puntuación | D19: 5 | F19: =$D$19*F18 -> 5 | H19: =$D$19*H18 -> 4 | J19: =$D$19*J18 -> 4 | L19: =$D$19*L18 -> 5

Sheet Exp. Técnico
G2: ='Etapa 1'!D4 -> 870000
C4: ='Etapa 1'!D8 -> JAIC CÍA. LTDA. | F4: ='Etapa 1'!E8 -> BUENAÑO VINUEZA FAUSTO GERARDO | I4: ='Etapa 1'!F8 -> CONSTRUCTORA ANDRADE RODAS- VIP S.A. | L4: ='Etapa 1'!G8 -> OBSERVACIONES
B5: Personal Técnico | C5: Descripción | E5: Se acepta | F5: Descripción | G5: Monto | H5: Se acepta | I5: Descripción | J5: Monto | K5: Se acepta | L5: Descripción | M5: Monto | N5: Se acepta
G6: US$ | J6: US$ | M6: US$
C7: Carlos Eduardo Carpio Garces | F7: Fausto Buenaño | I7: Raúl Esteban Gavela Chavez
E8: SI | F8: ='Exp. Similar'!G7 -> Construcción del Hotel Plaza Victoria ubicada en la ciudad de Ibarra calle Bolivar y Rafael Larrea | G8: ='Exp. Similar'!H7 -> 525366 | H8: ='Exp. Similar'!I7 -> SI | I8: Gerente general en la obra del edificio Diamont | J8: ='Exp. Similar'!K7 -> 2117759.5 | K8: SI
B9: Ingeniero Civil | F9: ='Exp. Similar'!G8 -> Construcción de la tercera etapa del Edificio de Post grado CAI de la UTN | G9: ='Exp. Similar'!H8 -> 162895.24 | H9: ='Exp. Similar'!I8 -> SI
F10: ='Exp. Similar'!G9 -> Construcción planta baja del Edificio Modular de la UTN | G10: ='Exp. Similar'!H9 -> 161754.7 | H10: ='Exp. Similar'!I9 -> 0
B11: Gerente del Proyecto | F11: ='Exp. Similar'!G10 -> Construcción de la cuarta etapa del edificio CAI de la UTN | G11: ='Exp. Similar'!H10 -> 204333.63 | H11: ='Exp. Similar'!I10 -> 0
C13: Monto de Trabajos | D13: =SUMIF(E8:E11,"si",D8:D11) -> 0 | F13: Monto de Trabajos | G13: =SUMIF(H8:H11,"si",G8:G11) -> 688261.24 | I13: Monto de Trabajos | J13: =SUMIF(K8:K11,"si",J8:J11) -> 2117759.5 | L13: Monto de Trabajos
C14: Puntuación Obtenida | D14: =IF(D13*8/$G$2>8,8) -> FALSE | F14: Puntuación Obtenida | G14: =IF(G13*8/$G$2>8,8) -> FALSE | I14: Puntuación Obtenida | J14: =IF(J13*8/$G$2>8,8) -> 8 | L14: Puntuación Obtenida | M14: =IF(M13*8/$G$2>8,8) -> FALSE
C15: Luis Cazerez Figueroa | F15: Arturo León Ortiz | I15: Luis Javier Narvqez Vaca
C16: Adecuación de la casa barrial, aceras del barrio 1 de Enero de Alpachaca | D16: 10980 | E16: NO | F16: Construcción 7 viviendas del Bono | G16: 280000 | H16: SI | I16: Superintendente de la construcción del Edificio Lugano en la ciudad de Quito | J16: 980000 | K16: SI
F17: Superintendente en la construcción del Edificio Torres de la Colón ubicado en la calle Ibarra | G17: 800000
F18: Construcción Edificio EMELNORTE de la ciudad de San Gabriel | G18: 149311.45
B19: Ingeniero Civil
B21: Superintendente
B23: 3.0
C26: Monto de Trabajos | D26: =SUMIF(E16:E23,"si",D16:D23) -> 0 | F26: Monto de Trabajos | G26: =SUMIF(H16:H23,"si",G16:G23) -> 280000 | I26: Monto de Trabajos | J26: =SUMIF(K16:K23,"si",J16:J23) -> 980000 | L26: Monto de Trabajos | M26: =SUMIF(N16:N23,"si",M16:M23) -> 0
C27: Puntuación Obtenida | D27: =IF(D26>$G$2,3,3*D26/$G$2) -> 0 | F27: Puntuación Obtenida | G27: =IF(G26>$G$2,3,3*G26/$G$2) -> 0.96551724 | I27: Puntuación Obtenida | J27: =IF(J26>$G$2,3,3*J26/$G$2) -> 3 | L27: Puntuación Obtenida | M27: =IF(M26>$G$2,3,M26/$G$2) -> 0
C28: Pablo Fernando Perugachi | F28: Edgar Ledesma Alarcón | I28: Carlos Narvaez Rosero
C29: Residente de obra en el Proyecto Construcción de la Residencia del Dr. Aguinaga | E29: NO | F29: Reubicación del Centro Obstétrico y Neonatologia del Hospital de IESS | G29: 544229.85 | I29: Residente de obra en el Proyecto Residendial Marbella en la parroquia Calderón cantón Quito | J29: 1800000 | K29: SI | N29: SI
B30: Especialista | F30: Ampliación y remodelación de Terapia del IESS | G30: 114195.04 | K30: NO
F31: Remodelación del Quirófano Central de Cuidados Intensivos del hospital de Quito | G31: 271356.83
B32: Residente
B34: 3.0
C36: Monto de Trabajos | D36: =SUMIF(E29:E31,"si",D29:D31) -> 0 | F36: Monto de Trabajos | G36: =SUM(G29:G35) -> 929781.72 | I36: Monto de Trabajos | J36: =SUMIF(K29:K31,"si",J29:J31) -> 1800000 | L36: Monto de Trabajos | M36: =SUMIF(N29:N34,"si",M29:M34) -> 0
C37: Puntuación Obtenida | D37: =IF(D36>$G$2,3,3*D36/$G$2) -> 0 | F37: Puntuación Obtenida | G37: =IF(G36>$G$2,3,3*G36/$G$2) -> 3 | I37: Puntuación Obtenida | J37: =IF(J36>$G$2,3,3*J36/$G$2) -> 3 | L37: Puntuación Obtenida | M37: =IF(M36>$G$2,3,M36/$G$2) -> 0
C38: Carlos Jaramillo Vinueza | F38: Luis Alberto Pupiales Angamarca | I38: Patricio Mejía Yandum
C39: Construcción de Mercado de comercialización de 700m2 en estrucra metálica y cimentación profunda, en la ciudad de Quito | D39: 29000 | F39: Construcción de Salón de Actos, Conserjeria y Aula Computo en la Escual Abelardo Paez de Sta. Ros del Tejar | G39: 92043.91 | I39: Construcción de cerramiento sobre muro perimetral y trabajos varios en el centro de rehabilitación de Tulcán
B40: Ingeniero Civil | F40: Edificio de cuatro plantas del Sr. Fernando García en el conjunto habitacional San Andres de la ciudad de Ibarra | G40: 188200.5
B42: Estructural
B44: 3.0
C46: Monto de Trabajos | D46: =SUMIF(E39:E41,"si",D39:D41) -> 0 | F46: Monto de Trabajos | G46: =SUM(G39:G45) -> 280244.41 | I46: Monto de Trabajos | J46: =SUMIF(K39:K41,"si",J39:J41) -> 0 | L46: Monto de Trabajos | M46: =SUMIF(N39:N44,"si",M39:M44) -> 0
C47: Puntuación Obtenida | D47: =IF(D46>$G$2,3,3*D46/$G$2) -> 0 | F47: Puntuación Obtenida | G47: =IF(G46>$G$2,3,3*G46/$G$2) -> 0.96636003 | I47: Puntuación Obtenida | J47: =IF(J46>$G$2,3,3*J46/$G$2) -> 0 | L47: Puntuación Obtenida | M47: =IF(M46>$G$2,3,M46/$G$2) -> 0
C48: Edison Alejandro Cruz Mena | F48: Pablo Torres Burgos | I48: Diego Borja Escobar
C49: Construcción del edificio Bonanza | D49: ='Exp. Similar'!E7 -> 2112500 | F49: Centro Cultural Ibarra Fase III | G49: 103408.59
B50: Ingeniero Civil | F50: Construcción de la Fase I para la Ampliación y mejoramiento de la Bodega de Alpachaca de la EMAPA I | G50: 82909.54
F51: Construccón de 24 vivienda nuevas y 2 mejoramientos en el cantón Urcuqui parroquia Buenos Aires | G51: 123800
B52: Sanitario | F52: Adoquinado de la Av. Ricardo Sánchez entre Av. Luis Tafur y Eugenio Espejo | G52: 114828.51
F53: Puente sobre el rio Taruca nparroquia Nueva Loja Lago Agrio | G53: 177903.43
B54: 3.0
C56: Monto de Trabajos | D56: =SUMIF(E49:E51,"si",D49:D51) -> 0 | F56: Monto de Trabajos | G56: =SUM(G49:G55) -> 602850.07 | I56: Monto de Trabajos | J56: =SUMIF(K49:K51,"si",J49:J51) -> 0 | L56: Monto de Trabajos | M56: =SUMIF(N49:N54,"si",M49:M54) -> 0
C57: Puntuación Obtenida | D57: =IF(D56>$G$2,3,3*D56/$G$2) -> 0 | F57: Puntuación Obtenida | G57: =IF(G56>$G$2,3,3*G56/$G$2) -> 2.0787933 | I57: Puntuación Obtenida | J57: =IF(J56>$G$2,3,3*J56/$G$2) -> 0 | L57: Puntuación Obtenida | M57: =IF(M56>$G$2,3,M56/$G$2) -> 0
C58: Paul Guaman Pijal | F58: Cristian David Velastegui Cruz | I58: Tony Zambrano Velasco
C59: Obras eléctricas en el edificio del 6 al 13 de la Sede del Ministerio de Educación | D59: 219884.63 | E59: NO | F59: Ejecución de obras del Programa FERUD | G59: 33401.94
B60: Ingeniero | F60: Ejecución de obras del Programa FERUD consolidado Plan Ecuador | G60: 44022.5
F61: Ejecución de obras del Programa FERUD consolidado Pueblo Unido y Quitumba Grande | G61: 30542.39
B62: Eléctrico
B64: 3.0
C66: Monto de Trabajos | D66: =SUMIF(E59:E61,"si",D59:D61) -> 0 | F66: Monto de Trabajos | G66: =SUM(G59:G65) -> 107966.83 | I66: Monto de Trabajos | J66: =SUMIF(K59:K61,"si",J59:J61) -> 0 | L66: Monto de Trabajos | M66: =SUMIF(N59:N64,"si",M59:M64) -> 0
C67: Puntuación Obtenida | D67: =IF(D66>$G$2,3,3*D66/$G$2) -> 0 | F67: Puntuación Obtenida | G67: =IF(G66>$G$2,3,3*G66/$G$2) -> 0.37229941 | I67: Puntuación Obtenida | J67: =IF(J66>$G$2,3,3*J66/$G$2) -> 0 | L67: Puntuación Obtenida | M67: =IF(M66>$G$2,3,M66/$G$2) -> 0
C68: Silvia Sofia Moncayo | F68: CINFOTECNIA | I68: Ricardo René Enriquez Villarreal
F69: Provisión y cableado estructurad del voz y datos en el Edificio Municiapal de Otavalo | G69: 77498.2 | H69: SI | J69: 0
F70: Provisión e instalación de fibra optica del Edificio de la Politecnica Esttatal del Carchi | G70: 346937.45
B71: Ingeniero | F71: Implementacion del Etorach en la PUCE I | G71: 34935.14
B72: Especialista en
B73: Voz y Datos
B74: 1
C76: Monto de Trabajos | D76: =SUMIF(E69:E71,"si",D69:D71) -> 0 | F76: Monto de Trabajos | G76: =SUM(G69:G75) -> 459370.79 | I76: Monto de Trabajos | J76: =SUMIF(K69:K71,"si",J69:J71) -> 0 | L76: Monto de Trabajos | M76: =SUMIF(N69:N71,"si",M69:M71) -> 0
C77: Puntuación Obtenida | D77: =IF(D76>$G$2,1,D76/$G$2) -> 0 | F77: Puntuación Obtenida | G77: =IF(G76>$G$2,1,G76/$G$2) -> 0.5280124 | I77: Puntuación Obtenida | J77: =IF(J76>$G$2,1,J76/$G$2) -> 0 | L77: Puntuación Obtenida | M77: =IF(M76>$G$2,1,M76/$G$2) -> 0
C79: TOTAL | D79: =D14+D27+D37+D77 -> 0 | G79: =G14+G27+G37+G77 -> 4.4935296 | J79: =J14+J27+J37+J77 -> 14 | M79: =M14+M27+M37+M77 -> 0

Sheet Ofertas
B2: RESUMEN DE OFERTAS - LICITACIONES DE OBRAS
B4: LICO-GPI-0001-2012
B5: SAN PABLO - UGSHA - ZULETA | C5: 2585867.6
B7: OFERENTE | C7: US$ | D7: ORDEN | F7: 40
B8: MAQHAYES S.A. | C8: 2557047.8 | D8: 2 | F8: =$C$9/C8 -> 0.99710156 | G8: =$F$7*F8 -> 39.884062
B9: AFLOCON CIA. LTDA. | C9: 2549636.3 | D9: 1 | F9: =$C$9/C9 -> 1 | G9: =$F$7*F9 -> 40
B10: MENATLAS QUITO C.A. | C10: 2559131.2 | D10: 3 | F10: =$C$9/C10 -> 0.9962898 | G10: =$F$7*F10 -> 39.851592
B11: DPM INGENIEROS ASOCIADOS CIA. LTDA | C11: 2580854.2 | D11: 4 | F11: =$C$9/C11 -> 0.98790406 | G11: =$F$7*F11 -> 39.516162
B14: LICO-GPI-0002-2012
B15: COÑAQUI | C15: 3849551.8
B17: OFERENTE | C17: US$ | D17: ORDEN | F17: 40
B18: ASOCIACION ING. EDGAR PALACIOS Y NEXTCO | C18: 3477533.8 | D18: 1
B19: AFLOCON CIA. LTDA. | C19: 3795755.4 | D19: 4 | F19: =C21/C19 -> 0.99346702 | G19: =$F$17*F19 -> 39.738681
B20: MENATLAS QUITO C.A. | C20: 3782808.8 | D20: 3 | F20: =C21/C20 -> 0.99686715 | G20: =$F$17*F20 -> 39.874686
B21: DPM INGENIEROS ASOCIADOS CIA. LTDA | C21: 3770957.8 | D21: 2 | F21: =C21/C21 -> 1 | G21: =$F$17*F21 -> 40
B24: LICO-GPI-0003-2012
B25: SAN BLAS - TIMBUYACU | C25: 1201000
B27: OFERENTE | C27: US$ | D27: ORDEN
B28: CONSORCIO CIUDAD BLANCA | C28: 1165353.9 | D28: 2
B29: MENATLAS QUITO C.A. | C29: 1136390.9 | D29: 1
B30: DPM INGENIEROS ASOCIADOS CIA. LTDA | C30: 1194138.4 | D30: 3
B33: LICO-GPI-0005-2012
B34: VÍA EJIDO DE CARANQUI - SAN ANTONIO | C34: ='Etapa 1'!D4 -> 870000
B36: OFERENTE | C36: US$ | D36: ORDEN | E36: 40
B37: ='Etapa 1'!E8 -> BUENAÑO VINUEZA FAUSTO GERARDO | C37: 1687966.7 | D37: 2 | E37: =C38/C37 -> 0.96909637 | F37: =E36*E37 -> 38.763855
B38: ='Etapa 1'!F8 -> CONSTRUCTORA ANDRADE RODAS- VIP S.A. | C38: 1635802.4 | D38: 1 | E38: =C38/C38 -> 1 | F38: =E36*E38 -> 40
C39: 1194138.4 | D39: 3
B41: ELABORADO POR: JAIME PÉREZ

Sheet Civil
B1: TABLA DE DESCRIPCION DE RUBROS , UNIDADES, CANTIDADES Y PRECIOS
B2: ITEM | C2: DESCRIPCION | D2: UNIDAD | E2: CANTIDAD | F2: P.UNITARIO | G2: TOTAL
B3: 1 | C3: DERROCAMIENTO DE MAMPOSTERÍA | D3: m2 | E3: 300 | G3: =E3*F3 -> 0
B4: 2 | C4: PICADO Y DERROCAMIENTO DE ELEMENTOS DE HORMIGÓN | D4: m3 | E4: 5 | G4: =E4*F4 -> 0
B5: 3 | C5: PICADO DE PISOS | D5: m2 | E5: 50 | G5: =E5*F5 -> 0
B6: 4 | C6: DESALOJO DE MATERIAL | D6: m3 | E6: 96 | G6: =E6*F6 -> 0
B7: 5 | C7: CUBIERTA DE FIBRO CEMENTO - TEJA | D7: m2 | E7: 720 | G7: =E7*F7 -> 0
B8: 6 | C8: ESTRUCTURA METÁLICA Y DOMOS | D8: m2 | E8: 27 | G8: =E8*F8 -> 0
B9: 7 | C9: BÓVEDA METALICA Y POLICARBONATO | D9: m2 | E9: 13 | G9: =E9*F9 -> 0
B10: 8 | C10: MAMPOSTERIA DE BLOQUE 6CM MORTERO 1:6 | D10: m2 | E10: 35 | G10: =E10*F10 -> 0
B11: 9 | C11: MAMPOSTERIA DE BLOQUE 10CM MORTERO 1:4 | D11: m2 | E11: 225 | G11: =E11*F11 -> 0
B12: 10 | C12: MAMPOSTERIA DE BLOQUE 15CM MORTERO 1:4 | D12: m2 | E12: 725 | G12: =E12*F12 -> 0
B13: 11 | C13: DINTELES DE H.A. FC'= 210 KG/CM2 | D13: m3 | E13: 13 | G13: =E13*F13 -> 0
B14: 12 | C14: DINTELES CON MALLA METÀLICA ENLUCIDA | D14: m2 | E14: 27 | G14: =E14*F14 -> 0
... B73: 71 | C73: PROTECCIONES DE HIERRO - VENTANAS PB. | D73: m2 | E73: 52 | G73: =E73*F73 -> 0
B74: ESTRUCTURA METÁLICA Y DE CUBIERTA
C75: ESTRUCTURA DE PORTICO
B76: =+B73+1 -> 72 | C76: PLACA BASE(400 X 450 X 5)MM INCLUYE PERNOS Y VARILLA Ф 30 MM DE ANCLAJE | D76: u | E76: 43 | G76: =E76*F76 -> 0
B77: =+B76+1 -> 73 | C77: ANGULOS SOLDADOS A PLACA DE ANCLAJE(50X3) | D77: kg | E77: 11.2 | G77: =E77*F77 -> 0
B78: =+B77+1 -> 74 | C78: COLUMNAS DE ACERO 2G 250X200X25X5 | D78: kg | E78: 1491.24 | G78: =E78*F78 -> 0
B79: =+B78+1 -> 75 | C79: VIGAS DE ACERO 2G 200X50X15X3 | D79: kg | E79: 1445.63 | G79: =E79*F79 -> 0
C80: LOSA COOPERANTE
B81: =+B79+1 -> 76 | C81: PLACA COOPERANTE E =1.20 MM | D81: m2 | E81: 68.84 | G81: =E81*F81 -> 0
B82: =+B81+1 -> 77 | C82: VIGUETAS TIPO CAJON 2G 175X50X15X3 | D82: kg | E82: 1309.59 | G82: =E82*F82 -> 0
B83: =+B82+1 -> 78 | C83: VIGAS PERIMETRAL DE ACERO 2G 200X50X15X3 | D83: kg | E83: 849.42 | G83: =E83*F83 -> 0
C84: ESTRUCTURA DE CUBIERTA
B85: =+B83+1 -> 79 | C85: PERFILES DE ACERO LAMINADOS EN FRIO | D85: kg | E85: 9736.79 | G85: =E85*F85 -> 0
B86: HORMIGONES
B87: =+B85+1 -> 80 | C87: HORMIGÓN SIMPLE F´C = 210 KG/CM2 EN COLUMNAS (INCLUYE ENCOFRADO) | D87: m3 | E87: 33 | G87: =E87*F87 -> 0
B88: =+B87+1 -> 81 | C88: HORMIGÓN SIMPLE F´C = 210 KG/CM2 EN VIGAS (INCLUYE ENCOFRADO) | D88: m3 | E88: 82.99 | G88: =E88*F88 -> 0
B89: =+B88+1 -> 82 | C89: HORMIGÓN SIMPLE F´C = 210 KG/CM2 EN LOSAS | D89: m3 | E89: 104.15 | G89: =E89*F89 -> 0
B90: =+B89+1 -> 83 | C90: HORMIGÓN SIMPLE F´C = 210 KG/CM2 GRADAS | D90: m3 | E90: 5.91 | G90: =E90*F90 -> 0
B91: =+B90+1 -> 84 | C91: HORMIGON SIMPLE F'C= 210 KG/CM2 EN CAJA DE ASCENSOR | D91: m3 | E91: 3.09 | G91: =E91*F91 -> 0
B92: =+B91+1 -> 85 | C92: ACERO DE REFUERZO FY: 4200 KG/CM2 | D92: kg | E92: 22245.07 | G92: =E92*F92 -> 0
B93: =+B92+1 -> 86 | C93: BLOQUES DE HORMIGON 40 X 20 X 25 | D93: u | E93: 1159 | G93: =E93*F93 -> 0
B94: =+B93+1 -> 87 | C94: BLOQUES DE HORMIGON 40 X 20 X 20 | D94: u | E94: 1270 | G94: =E94*F94 -> 0
B95: RUBROS DE INTERVENCIÓN URBANA
B96: =+B94+1 -> 88 | C96: LEVANTAMIENTO DE BORDILLOS | D96: m | E96: 100 | G96: =E96*F96 -> 0
B97: =+B96+1 -> 89 | C97: LEVANTAMIENTO DE ACERAS | D97: m2 | E97: 180 | G97: =E97*F97 -> 0
B98: =+B97+1 -> 90 | C98: LEVANTAMIENTO DE CALZADA DE PIEDRA | D98: m2 | E98: 158 | G98: =E98*F98 -> 0
B99: =+B98+1 -> 91 | C99: RECONFORMACIÓN DE SUBRAZANTE | D99: m3 | E99: 31.6 | G99: =E99*F99 -> 0
B100: =+B99+1 -> 92 | C100: REFILAMIENTO Y PULIDA DE LA PIEDRA DE CALZADA | D100: m2 | E100: 158 | G100: =E100*F100 -> 0
B101: =+B100+1 -> 93 | C101: EXCAVACIÓN PARA BORDILLOS | D101: m3 | E101: 19.5 | G101: =E101*F101 -> 0
B102: =+B101+1 -> 94 | C102: REUBICACIÓN DE BORDILLOS DE PIEDRA | D102: m | E102: 120 | G102: =E102*F102 -> 0
B103: =+B102+1 -> 95 | C103: BORDILLOS DE PIEDRA | D103: m | E103: 40 | G103: =E103*F103 -> 0
B104: =+B103+1 -> 96 | C104: LASTRE PARA BASE DE ACERAS | D104: m3 | E104: 20 | G104: =E104*F104 -> 0
B105: =+B104+1 -> 97 | C105: CONSTRUCCIÓN DE BERMAS HORMIGON SIMPLE FC= 210 KG/CM2 | D105: m | E105: 30 | G105: =E105*F105 -> 0
B106: =+B105+1 -> 98 | C106: CAMA DE ARENA | D106: m3 | E106: 6 | G106: =E106*F106 -> 0
B107: =+B106+1 -> 99 | C107: ADOQUINADO DECORATIVO EN ACERAS | D107: m2 | E107: 19.2 | G107: =E107*F107 -> 0
B108: =+B107+1 -> 100 | C108: BORDILLOS DE JARDINERAS | D108: u | E108: 12 | G108: =E108*F108 -> 0
... B116: =+B115+1 -> 108 | C116: NIVELACIÓN DE TAPA DE POZOS | D116: U | E116: 1 | G116: =E116*F116 -> 0
D117: TOTAL: | G117: =SUM(G3:G116) -> 0
C118: INSTALACIONES DE AGUA POTABLE
C119: ACOMETIDA, ENTRADA Y SALIDA DE BOMBA
B120: =+B116+1 -> 109 | C120: ACOMETIDA DOMICILIARIA AGUA POTABLE 1" | D120: u | E120: 1 | G120: =E120*F120 -> 0
B121: =+B120+1 -> 110 | C121: TUBERÍA AGUA POTABLE 1" CON ANCLAJE | D121: m | E121: 38.11 | G121: =E121*F121 -> 0
B122: =+B121+1 -> 111 | C122: TUBERÍA AGUA POTABLE 1 1/2" CON ANCLAJE | D122: m | E122: 39.6 | G122: =E122*F122 -> 0
B123: =+B122+1 -> 112 | C123: VALVULA DE COMPUERTA BRONCE R/R 1 1/2" | D123: u | E123: 3 | G123: =E123*F123 -> 0
B124: =+B123+1 -> 113 | C124: VALVULA DE COMPUERTA BRONCE R/R 1" | D124: u | E124: 2 | G124: =E124*F124 -> 0
B125: =+B124+1 -> 114 | C125: VÁLVULA CHECK 1" | D125: u | E125: 1 | G125: =E125*F125 -> 0
C126: COLUMNA DE AGUA C1
B127: =+B125+1 -> 115 | C127: TUBERÍA AGUA POTABLE 1 1/2" | D127: m | E127: 22.9 | G127: =E127*F127 -> 0
B128: =+B127+1 -> 116 | C128: PUNTO DE AGUA POTABLE 3/4" CON TUB PRINCIP 1 1/4" | D128: pto | E128: 15 | G128: =E128*F128 -> 0
B129: =+B128+1 -> 117 | C129: PUNTO DE AGUA POTABLE 1/2" CON TUB PRINCIP 1 1/4" | D129: pto | E129: 9 | G129: =E129*F129 -> 0
B130: =+B129+1 -> 118 | C130: PUNTO DE AGUA POTABLE 3/4" CON TUB PRINCIP 1" | D130: pto | E130: 2 | G130: =E130*F130 -> 0
B131: =+B130+1 -> 119 | C131: PUNTO DE AGUA POTABLE 1/2" | D131: pto | E131: 3 | G131: =E131*F131 -> 0
B132: =+B131+1 -> 120 | C132: VALVULA DE COMPUERTA BRONCE R/R 1 1/4" | D132: u | E132: 11 | G132: =E132*F132 -> 0
B133: =+B132+1 -> 121 | C133: VALVULA DE COMPUERTA BRONCE R/R 1" | D133: u | E133: 1 | G133: =E133*F133 -> 0
C134: COLUMNA DE AGUA C2
B135: =+B133+1 -> 122 | C135: TUBERIA AGUA POTABLE 1 1/2" | D135: m | E135: 11.1 | G135: =E135*F135 -> 0
B136: =+B135+1 -> 123 | C136: PUNTO DE AGUA POTABLE 3/4" CON TUB PRINCIP 1 1/4" | D136: pto | E136: 8 | G136: =E136*F136 -> 0
B137: =+B136+1 -> 124 | C137: PUNTO DE AGUA POTABLE 1/2" CON TUB PRINCIP 1 1/4" | D137: pto | E137: 6 | G137: =E137*F137 -> 0
B138: =+B137+1 -> 125 | C138: PUNTO DE AGUA POTABLE 3/4" CON TUB PRINCIP 1" | D138: pto | E138: 6 | G138: =E138*F138 -> 0
B139: =+B138+1 -> 126 | C139: PUNTO DE AGUA POTABLE 1/2" | D139: pto | E139: 2 | G139: =E139*F139 -> 0
B140: =+B139+1 -> 127 | C140: VALVULA DE COMPUERTA BRONCE R/R 1" | D140: u | E140: 6 | G140: =E140*F140 -> 0
B141: =+B140+1 -> 128 | C141: VALVULA DE COMPUERTA BRONCE R/R 3/4" | D141: u | E141: 4 | G141: =E141*F141 -> 0
C142: COLUMNA DE AGUA C3
B143: =+B141+1 -> 129 | C143: TUBERIA AGUA POTABLE 1 1/2" | D143: m | E143: 11.1 | G143: =E143*F143 -> 0
B144: =+B143+1 -> 130 | C144: PUNTO DE AGUA POTABLE 3/4" CON TUB PRINCIP 1 1/4" | D144: pto | E144: 1 | G144: =E144*F144 -> 0
B145: =+B144+1 -> 131 | C145: PUNTO DE AGUA POTABLE 1/2" CON TUB PRINCIP 1" | D145: pto | E145: 4 | G145: =E145*F145 -> 0
B146: =+B145+1 -> 132 | C146: VALVULA DE COMPUERTA BRONCE R/R 3/4" | D146: u | E146: 1 | G146: =E146*F146 -> 0
C147: COLUMNA RIEGO ECOLÓGICO
B148: =+B146+1 -> 133 | C148: TUBERÍA AGUA POTABLE 3/4" CON ANCLAJE | D148: m | E148: 5 | G148: =E148*F148 -> 0
B149: =+B148+1 -> 134 | C149: TUBERÍA AGUA POTABLE 1" | D149: m | E149: 1 | G149: =E149*F149 -> 0
B150: =+B149+1 -> 135 | C150: TUBERÍA AGUA POTABLE 3/4" | D150: m | E150: 10.7 | G150: =E150*F150 -> 0
B151: =+B150+1 -> 136 | C151: PUNTO DE AGUA POTABLE 1/2" | D151: pto | E151: 8 | G151: =E151*F151 -> 0
B152: =+B151+1 -> 137 | C152: VALVULA DE COMPUERTA BRONCE R/R 3/4" | D152: u | E152: 1 | G152: =E152*F152 -> 0
B153: =+B152+1 -> 138 | C153: VALVULA DE COMPUERTA BRONCE R/R 1" | D153: u | E153: 1 | G153: =E153*F153 -> 0
B154: =+B153+1 -> 139 | C154: VÁLVULA CHECK 1" | D154: u | E154: 1 | G154: =E154*F154 -> 0
C155: INSTALACIONES SANITARIAS
C156: COLUMNA SANITARIA AS0
B157: =+B154+1 -> 140 | C157: TUBERÍA PVC-D 4" CON ACCESORIOS | D157: m | E157: 4.3 | G157: =E157*F157 -> 0
B158: =+B157+1 -> 141 | C158: TUBERÍA PVC-D 6" CON ACCESORIOS | D158: m | E158: 6.5 | G158: =E158*F158 -> 0
B159: =+B158+1 -> 142 | C159: DESAGÜE PVC-D 2" | D159: pto | E159: 3 | G159: =E159*F159 -> 0
B160: =+B159+1 -> 143 | C160: DESAGÜE PVC-D 4" | D160: pto | E160: 2 | G160: =E160*F160 -> 0
C161: COLUMNA SANITARIA AS1
B162: =+B160+1 -> 144 | C162: TUBERÍA PVC-D 4" CON ACCESORIOS | D162: m | E162: 6.6 | G162: =E162*F162 -> 0
B163: =+B162+1 -> 145 | C163: DESAGÜE PVC-D 2" | D163: pto | E163: 7 | G163: =E163*F163 -> 0
B164: =+B163+1 -> 146 | C164: DESAGÜE PVC-D 4" | D164: pto | E164: 3 | G164: =E164*F164 -> 0
C165: COLUMNA SANITARIA AS2
...

Sheet Hidrosanitarios
B1: CENTRO DE INTEGRACIÓN PROVINCIAL
B2: RUBROS HIDROSANITARIOS
B3: ITEM | C3: COD | D3: DESCRIPCION | E3: UNIDAD | F3: CANTIDAD | G3: P.UNITARIO | H3: TOTAL
D4: INSTALACIONES DE AGUA POTABLE
D5: ACOMETIDA, ENTRADA Y SALIDA DE BOMBA
B6: 1 | C6: 505705 | D6: ACOMETIDA DOMICILIARIA AGUA POTABLE 1" | E6: u | F6: 1 | G6: 176.16 | H6: =F6*G6 -> 176.16
B7: 2 | C7: 505655 | D7: TUBERÍA AGUA POTABLE 1" CON ANCLAJE | E7: m | F7: 38.11 | G7: 9.78 | H7: =F7*G7 -> 372.7158
B8: 3 | C8: 505686 | D8: TUBERÍA AGUA POTABLE 1 1/2" CON ANCLAJE | E8: m | F8: 39.6 | G8: 23.18 | H8: =F8*G8 -> 917.928
B9: 4 | C9: 505669 | D9: VALVULA DE COMPUERTA BRONCE R/R 1 1/2" | E9: u | F9: 3 | G9: 68.8 | H9: =F9*G9 -> 206.4
B10: 5 | C10: 505670 | D10: VALVULA DE COMPUERTA BRONCE R/R 1" | E10: u | F10: 2 | G10: 43.56 | H10: =F10*G10 -> 87.12
B11: 6 | C11: 505698 | D11: VÁLVULA CHECK 1" | E11: u | F11: 1 | G11: 29.18 | H11: =F11*G11 -> 29.18
D12: COLUMNA DE AGUA C1
B13: 7 | C13: 505685 | D13: TUBERÍA AGUA POTABLE 1 1/2" | E13: m | F13: 22.9 | G13: 13.22 | H13: =F13*G13 -> 302.738
B14: 8 | C14: 505701 | D14: PUNTO DE AGUA POTABLE 3/4" CON TUB PRINCIP 1 1/4" | E14: pto | F14: 15 | G14: 36.77 | H14: =F14*G14 -> 551.55
B15: 9 | C15: 505700 | D15: PUNTO DE AGUA POTABLE 1/2" CON TUB PRINCIP 1 1/4" | E15: pto | F15: 9 | G15: 36.19 | H15: =F15*G15 -> 325.71
B16: 10 | C16: 505702 | D16: PUNTO DE AGUA POTABLE 3/4" CON TUB PRINCIP 1" | E16: pto | F16: 2 | G16: 31.56 | H16: =F16*G16 -> 63.12
B17: 11 | C17: 505662 | D17: PUNTO DE AGUA POTABLE 1/2" | E17: pto | F17: 3 | G17: 18.25 | H17: =F17*G17 -> 54.75
B18: 12 | C18: 505703 | D18: VALVULA DE COMPUERTA BRONCE R/R 1 1/4" | E18: u | F18: 11 | G18: 61 | H18: =F18*G18 -> 671
B19: 13 | C19: 505670 | D19: VALVULA DE COMPUERTA BRONCE R/R 1" | E19: u | F19: 1 | G19: 43.56 | H19: =F19*G19 -> 43.56
D20: COLUMNA DE AGUA C2
B21: 14 | C21: 505685 | D21: TUBERIA AGUA POTABLE 1 1/2" | E21: m | F21: 11.1 | G21: 13.22 | H21: =F21*G21 -> 146.742
B22: 15 | C22: 505701 | D22: PUNTO DE AGUA POTABLE 3/4" CON TUB PRINCIP 1 1/4" | E22: pto | F22: 8 | G22: 36.77 | H22: =F22*G22 -> 294.16
B23: 16 | C23: 505700 | D23: PUNTO DE AGUA POTABLE 1/2" CON TUB PRINCIP 1 1/4" | E23: pto | F23: 6 | G23: 36.19 | H23: =F23*G23 -> 217.14
B24: 17 | C24: 505702 | D24: PUNTO DE AGUA POTABLE 3/4" CON TUB PRINCIP 1" | E24: pto | F24: 6 | G24: 31.56 | H24: =F24*G24 -> 189.36
B25: 18 | C25: 505662 | D25: PUNTO DE AGUA POTABLE 1/2" | E25: pto | F25: 2 | G25: 18.25 | H25: =F25*G25 -> 36.5
B26: 19 | C26: 505670 | D26: VALVULA DE COMPUERTA BRONCE R/R 1" | E26: u | F26: 6 | G26: 43.56 | H26: =F26*G26 -> 261.36
B27: 20 | C27: 505671 | D27: VALVULA DE COMPUERTA BRONCE R/R 3/4" | E27: u | F27: 4 | G27: 19.4 | H27: =F27*G27 -> 77.6
D28: COLUMNA DE AGUA C3
B29: 21 | C29: 505685 | D29: TUBERIA AGUA POTABLE 1 1/2" | E29: m | F29: 11.1 | G29: 13.22 | H29: =F29*G29 -> 146.742
B30: 22 | C30: 505701 | D30: PUNTO DE AGUA POTABLE 3/4" CON TUB PRINCIP 1 1/4" | E30: pto | F30: 1 | G30: 36.77 | H30: =F30*G30 -> 36.77
B31: 23 | C31: 505660 | D31: PUNTO DE AGUA POTABLE 1/2" CON TUB PRINCIP 1" | E31: pto | F31: 4 | G31: 30.98 | H31: =F31*G31 -> 123.92
B32: 24 | C32: 505671 | D32: VALVULA DE COMPUERTA BRONCE R/R 3/4" | E32: u | F32: 1 | G32: 19.4 | H32: =F32*G32 -> 19.4
D33: COLUMNA RIEGO ECOLÓGICO
B34: 25 | C34: 505689 | D34: TUBERÍA AGUA POTABLE 3/4" CON ANCLAJE | E34: m | F34: 5 | G34: 5.93 | H34: =F34*G34 -> 29.65
B35: 26 | C35: 505687 | D35: TUBERÍA AGUA POTABLE 1" | E35: m | F35: 1 | G35: 9.59 | H35: =F35*G35 -> 9.59
B36: 27 | C36: 505690 | D36: TUBERÍA AGUA POTABLE 3/4" | E36: m | F36: 10.7 | G36: 3.35 | H36: =F36*G36 -> 35.845
B37: 28 | C37: 505662 | D37: PUNTO DE AGUA POTABLE 1/2" | E37: pto | F37: 8 | G37: 18.25 | H37: =F37*G37 -> 146
B38: 29 | C38: 505671 | D38: VALVULA DE COMPUERTA BRONCE R/R 3/4" | E38: u | F38: 1 | G38: 19.4 | H38: =F38*G38 -> 19.4
B39: 30 | C39: 505670 | D39: VALVULA DE COMPUERTA BRONCE R/R 1" | E39: u | F39: 1 | G39: 43.56 | H39: =F39*G39 -> 43.56
B40: 31 | C40: 505698 | D40: VÁLVULA CHECK 1" | E40: u | F40: 1 | G40: 29.18 | H40: =F40*G40 -> 29.18
D41: INSTALACIONES SANITARIAS
D42: COLUMNA SANITARIA AS0
B43: 32 | C43: 505657 | D43: TUBERÍA PVC-D 4" CON ACCESORIOS | E43: m | F43: 4.3 | G43: 9.82 | H43: =F43*G43 -> 42.226
B44: 33 | C44: 505659 | D44: TUBERÍA PVC-D 6" CON ACCESORIOS | E44: m | F44: 6.5 | G44: 20.53 | H44: =F44*G44 -> 133.445
B45: 34 | C45: 505665 | D45: DESAGÜE PVC-D 2" | E45: pto | F45: 3 | G45: 18.48 | H45: =F45*G45 -> 55.44
B46: 35 | C46: 505663 | D46: DESAGÜE PVC-D 4" | E46: pto | F46: 2 | G46: 30.83 | H46: =F46*G46 -> 61.66
D47: COLUMNA SANITARIA AS1
B48: 36 | C48: 505657 | D48: TUBERÍA PVC-D 4" CON ACCESORIOS | E48: m | F48: 6.6 | G48: 9.82 | H48: =F48*G48 -> 64.812
B49: 37 | C49: 505665 | D49: DESAGÜE PVC-D 2" | E49: pto | F49: 7 | G49: 18.48 | H49: =F49*G49 -> 129.36
B50: 38 | C50: 505663 | D50: DESAGÜE PVC-D 4" | E50: pto | F50: 3 | G50: 30.83 | H50: =F50*G50 -> 92.49
D51: COLUMNA SANITARIA AS2
B52: 39 | C52: 505657 | D52: TUBERÍA PVC-D 4" CON ACCESORIOS | E52: m | F52: 17.41 | G52: 9.82 | H52: =F52*G52 -> 170.9662
B53: 40 | C53: 505665 | D53: DESAGÜE PVC-D 2" | E53: pto | F53: 15 | G53: 18.48 | H53: =F53*G53 -> 277.2
B54: 41 | C54: 505663 | D54: DESAGÜE PVC-D 4" | E54: pto | F54: 6 | G54: 30.83 | H54: =F54*G54 -> 184.98
D55: COLUMNA SANITARIA AS3
B56: 42 | C56: 505657 | D56: TUBERÍA PVC-D 4" CON ACCESORIOS | E56: m | F56: 17.31 | G56: 9.82 | H56: =F56*G56 -> 169.9842
B57: 43 | C57: 505665 | D57: DESAGÜE PVC-D 2" | E57: pto | F57: 12 | G57: 18.48 | H57: =F57*G57 -> 221.76
B58: 44 | C58: 505663 | D58: DESAGÜE PVC-D 4" | E58: pto | F58: 15 | G58: 30.83 | H58: =F58*G58 -> 462.45
D59: COLUMNA SANITARIA AS4
B60: 45 | C60: 505657 | D60: TUBERÍA PVC-D 4" CON ACCESORIOS | E60: m | F60: 16.11 | G60: 9.82 | H60: =F60*G60 -> 158.2002
B61: 46 | C61: 505665 | D61: DESAGÜE PVC-D 2" | E61: pto | F61: 6 | G61: 18.48 | H61: =F61*G61 -> 110.88
B62: 47 | C62: 505663 | D62: DESAGÜE PVC-D 4" | E62: pto | F62: 2 | G62: 30.83 | H62: =F62*G62 -> 61.66
D63: REDES PLUVIALES
D64: COLUMNAS PLUVIALES INTERNAS APL 1,2,3 Y REJILLAS
B65: 48 | C65: 505658 | D65: TUBERÍA PVC-D 3" CON ACCESORIOS | E65: m | F65: 25.75 | G65: 6.84 | H65: =F65*G65 -> 176.13
B66: 49 | C66: 505657 | D66: TUBERÍA PVC-D 4" CON ACCESORIOS | E66: m | F66: 26.25 | G66: 9.82 | H66: =F66*G66 -> 257.775
B67: 50 | C67: 505659 | D67: TUBERÍA PVC-D 6" CON ACCESORIOS | E67: m | F67: 24.72 | G67: 20.53 | H67: =F67*G67 -> 507.5016
B68: 51 | C68: 505664 | D68: DESAGÜE PVC-D 3" | E68: pto | F68: 3 | G68: 26.68 | H68: =F68*G68 -> 80.04
B69: 52 | C69: 505658 | D69: TUBERÍA PVC-D 3" CON ACCES. BAJANTES T 1,1a,1b,4,6 | E69: m | F69: 3.3 | G69: 6.84 | H69: =F69*G69 -> 22.572
B70: 53 | C70: 505684 | D70: CANAL PLASTICO DE AGUAS LLUVIA | E70: m | F70: 46.25 | G70: 22.48 | H70: =F70*G70 -> 1039.7
B71: 54 | C71: 505709 | D71: REJILLA PERFIL T 1 1/2"X1/4" CON CERCO L 1 1/2"x1/4" | E71: m | F71: 31.7 | G71: 147.24 | H71: =F71*G71 -> 4667.508
D72: BAJANTES PLUVIALES EXTERNAS APL 4,5,6,7,8,9,10
B73: 55 | C73: 505658 | D73: TUBERÍA PVC-D 3" CON ACCESORIOS | E73: m | F73: 121.4 | G73: 6.84 | H73: =F73*G73 -> 830.376
B74: 56 | C74: 505684 | D74: CANAL PLASTICO DE AGUAS LLUVIA | E74: m | F74: 56.35 | G74: 22.48 | H74: =F74*G74 -> 1266.748
B75: 57 | C75: 505707 | D75: PICADO DE HORMIGON | E75: m2 | F75: 6 | G75: 5.23 | H75: =F75*G75 -> 31.38
D76: ALCANTARILLADO COMBINADO
B77: 58 | C77: 505659 | D77: TUBERÍA PVC-D 6" CON ACCESORIOS | E77: m | F77: 39.95 | G77: 20.53 | H77: =F77*G77 -> 820.1735
B78: 59 | C78: 505692 | D78: CAJA DE REVISION 0.80X0.80 H=0.60 - 1.20M | E78: u | F78: 6 | G78: 119.7 | H78: =F78*G78 -> 718.2
B79: 60 | C79: 505658 | D79: TUBERÍA PVC-D 3" CON ACCESORIOS OJO DE AGUA | E79: m | F79: 6.75 | G79: 6.84 | H79: =F79*G79 -> 46.17
B80: 61 | C80: 505707 | D80: PICADO DE HORMIGON | E80: m2 | F80: 49.92 | G80: 5.23 | H80: =F80*G80 -> 261.0816
D81: RED DE VENTILACIÓN
B82: 62 | C82: 505668 | D82: VENTILACION 3" CON ACCESORIOS | E82: pto | F82: 2 | G82: 24.47 | H82: =F82*G82 -> 48.94
B83: 63 | C83: 505672 | D83: VENTILACION 3" CON TUB. PRINCIP 4" - ACCESORIOS | E83: pto | F83: 7 | G83: 28.98 | H83: =F83*G83 -> 202.86
B84: 64 | C84: 505674 | D84: EXTRACTOR DE OLORES CFM 50 CON CONMUTADOR A LUZ | E84: u | F84: 5 | G84: 645.82 | H84: =F84*G84 -> 3229.1
B85: 65 | C85: 505675 | D85: EXTRACTOR DE OLORES CFM 70 CON CONMUTADOR A LUZ | E85: u | F85: 6 | G85: 1097.71 | H85: =F85*G85 -> 6586.26
D86: SISTEMA CONTRA INCENDIOS
B87: 66 | C87: 505666 | D87: TUBERÍA AGUA HG 2" CON ACCESORIOS | E87: m | F87: 44.85 | G87: 32.03 | H87: =F87*G87 -> 1436.5455
B88: 67 | C88: 505667 | D88: TUBERÍA AGUA HG 1 1/2" CON ACCESORIOS | E88: m | F88: 25 | G88: 20.68 | H88: =F88*G88 -> 517
B89: 68 | C89: 505696 | D89: GABINETE CONTRA INCENDIOS CON VIDRIO, SEGURIDAD Y ACCESORIOS | E89: u | F89: 5 | G89: 412.25 | H89: =F89*G89 -> 2061.25
B90: 69 | C90: 505697 | D90: EXTINTOR TIPO ABC | E90: u | F90: 5 | G90: 70.08 | H90: =F90*G90 -> 350.4
B91: 70 | C91: 505678 | D91: TOMA SIAMESA DE 4" X 2 1/2" X 2 1/2" | E91: u | F91: 1 | G91: 276.95 | H91: =F91*G91 -> 276.95
B92: 71 | C92: 505679 | D92: VÁLVULA CHECK 2" UL | E92: u | F92: 1 | G92: 54.48 | H92: =F92*G92 -> 54.48
D93: CASETA DE BOMBEO
B94: 72 | C94: 505680 | D94: ANCLAJE DE HORMIGON SIMPLE 210 KG/CM2 | E94: m3 | F94: 0.5 | G94: 131.24 | H94: =F94*G94 -> 65.62
B95: 73 | C95: 505676 | D95: BOMBAS CENTRÍFUGA Q=140 L/min TDH=60M | E95: glb | F95: 1 | G95: 6456.17 | H95: =F95*G95 -> 6456.17
B96: 74 | C96: 505677 | D96: SIST. BOMBEO INCENDIOS BOMBA JOCKEY + MOTOBOMBA Q=280 L/min TDH=50M | E96: glb | F96: 1 | G96: 9832.25 | H96: =F96*G96 -> 9832.25
B97: 75 | C97: 505708 | D97: BOMBAS CENTRÍFUGA 1HP Q=30 L/min TDH=40m | E97: glb | F97: 1 | G97: 2691.61 | H97: =F97*G97 -> 2691.61
D98: TRABAJOS COMPLEMENTARIOS CISTERNA
B99: 76 | C99: 505694 | D99: PICADO Y RETIRO ENLUCIDO /MASILLADO | E99: m2 | F99: 18.83 | G99: 3.28 | H99: =F99*G99 -> 61.7624
B100: 77 | C100: 505693 | D100: ENLUCIDO INTERIOR ALISADO CON MORTERO 1:3 + IMPERMEABILIZANTE | E100: m2 | F100: 61.3 | G100: 7.01 | H100: =F100*G100 -> 429.713
...

Sheet Electricos
B1: CENTRO DE INTEGRACIÓN PROVINCIAL
B2: RUBROS HIDROSANITARIOS
B3: ITEM | C3: COD | D3: DESCRIPCION | E3: UNIDAD | F3: CANTIDAD | G3: P.UNITARIO | H3: TOTAL
B4: 1 | D4: Punto de iluminacion Normal | E4: u | F4: 433 | G4: 21.5 | H4: =F4*G4 -> 9309.5
B5: 2 | D5: Punto de iluminacion conmutada | E5: u | F5: 10 | G5: 33.2 | H5: =F5*G5 -> 332
B6: 3 | D6: Punto iluminacion dimerizable | E6: u | F6: 36 | G6: 22.5 | H6: =F6*G6 -> 810
B7: 4 | D7: Punto para sensor fotoeléctrico | E7: u | F7: 7 | G7: 17.2 | H7: =F7*G7 -> 120.4
B8: 5 | D8: Punto de tomacorriente normal | E8: u | F8: 176 | G8: 26.5 | H8: =F8*G8 -> 4664
B9: 6 | D9: Sensor fotoeléctrico | E9: u | F9: 7 | G9: 43 | H9: =F9*G9 -> 301
B10: 7 | D10: Pieza de Interruptor simple | E10: u | F10: 67 | G10: 4.3 | H10: =F10*G10 -> 288.1
B11: 8 | D11: Pieza de Interruptor doble | E11: u | F11: 6 | G11: 6.7 | H11: =F11*G11 -> 40.2
B12: 9 | D12: Pieza Conmutador simple | E12: u | F12: 10 | G12: 6.7 | H12: =F12*G12 -> 67
B13: 10 | D13: Pieza de Interruptor triple | E13: u | F13: 4 | G13: 7.18 | H13: =F13*G13 -> 28.72
B14: 11 | D14: Pieza tomacorriente doble polarizado | E14: u | F14: 176 | G14: 6.18 | H14: =F14*G14 -> 1087.68
B15: 12 | D15: Tablero de distribución 6 espacios trifasicos | E15: u | F15: 3 | G15: 108.96 | H15: =F15*G15 -> 326.88
B16: 13 | D16: Tablero de distribución 20 espacios trifasicos | E16: u | F16: 4 | G16: 268.66 | H16: =F16*G16 -> 1074.64
B18: =B16+1 -> 14 | D18: Tablero de distribución Especial TDP | E18: u | F18: 1 | G18: 1920 | H18: =F18*G18 -> 1920
B19: =B18+1 -> 15 | D19: Protección principal 3P 150 A
B20: =B19+1 -> 16 | D20: 1 Termico 3P 60 A
B21: =B20+1 -> 17 | D21: 3 Termico 3P 50 A
B22: =B21+1 -> 18 | D22: 3 Termico 3P 30 A
B24: =B22+1 -> 19 | D24: Térmico de 1 polo hasta 20 A | E24: u | F24: 36 | G24: 5.86 | H24: =F24*G24 -> 210.96
B25: =B24+1 -> 20 | D25: Térmico de 1 polo hasta 30 A | E25: u | F25: 27 | G25: 5.86 | H25: =F25*G25 -> 158.22
B26: =B25+1 -> 21 | D26: Bandeja tipo escalerilla de 2,4mx 200x80 mm (con accesorios) | E26: u | F26: 90 | G26: 52 | H26: =F26*G26 -> 4680
B27: =B26+1 -> 22 | D27: Ducto clip base troquelada 2,4mx300x100mm (con accesorios) | E27: u | F27: 9 | G27: 63 | H27: =F27*G27 -> 567
B28: =B27+1 -> 23 | D28: Alimentador a tableros distribuc THHN 3x#6+1x#6+1x#6 | E28: m | F28: 2 | G28: 7.75 | H28: =F28*G28 -> 15.5
B29: =B28+1 -> 24 | D29: Alimentador a tableros distribuc THHN 3x#4+1x#4+1x#4 | E29: m | F29: 10 | G29: 21.5 | H29: =F29*G29 -> 215
B30: =B29+1 -> 25 | D30: Alimentador a tableros distribuc THHN 3x#4+1x#4+1x#4 | E30: m | F30: 13 | G30: 21.5 | H30: =F30*G30 -> 279.5
B31: =B30+1 -> 26 | D31: Alimentador a tableros distribuc THHN 3x#4+1x#4+1x#4 | E31: m | F31: 17 | G31: 21.5 | H31: =F31*G31 -> 365.5
B32: =B31+1 -> 27 | D32: Alimentador a tableros distribuc THHN 3x#4+1x#4+1x#4 | E32: m | F32: 20 | G32: 21.5 | H32: =F32*G32 -> 430
B33: =B32+1 -> 28 | D33: Alimentador a tableros distribuc THHN 3x#6+1x#6+1x#8 | E33: m | F33: 48 | G33: 14.72 | H33: =F33*G33 -> 706.56
B34: 29 | D34: Alimentador TTU 3x#1/0+ Cu.Des1x#1/0+THHN1x4. | E34: m | F34: 6 | G34: 43.99 | H34: =F34*G34 -> 263.94
B36: =B34+1 -> 30 | D36: Generador de 60 kVA efectivos | E36: u | F36: 1 | G36: 27700 | H36: =F36*G36 -> 27700
B37: =B36+1 -> 31 | D37: Tablero de transferencia automático 50 KVA | E37: u | F37: 1 | G37: 4300 | H37: =F37*G37 -> 4300
D39: EQUIPOS DE ALUMBRADO
B40: =B37+1 -> 32 | D40: Luminaria tipo ojo de buey de 2x15W | E40: u | F40: 99 | G40: 33.2 | H40: =F40*G40 -> 3286.8
B41: =B40+1 -> 33 | D41: Luminaria tipo ojo de buey de 2x20W | E41: u | F41: 143 | G41: 35.6 | H41: =F41*G41 -> 5090.8
B42: =B41+1 -> 34 | D42: Luminaria Accor 2X28W T5 | E42: u | F42: 117 | G42: 45.2 | H42: =F42*G42 -> 5288.4
B43: =B42+1 -> 35 | D43: Luminaria dimerizable Accor 2X28W T5 | E43: u | F43: 36 | G43: 275 | H43: =F43*G43 -> 9900
B44: =B43+1 -> 36 | D44: Luminaria sellada difusor acrilico 2X32W | E44: u | F44: 46 | G44: 48 | H44: =F44*G44 -> 2208
B45: =B44+1 -> 37 | D45: Luminaria tipo regleta 1x17W | E45: u | F45: 4 | G45: 18 | H45: =F45*G45 -> 72
B46: =B45+1 -> 38 | D46: Luminaria foco FL. Ahorrador 20W | E46: u | F46: 24 | G46: 29.5 | H46: =F46*G46 -> 708
D48: VARIOS
B49: =B46+1 -> 39 | D49: Malla de Tierra General | E49: u | F49: 1 | G49: 1450 | H49: =F49*G49 -> 1450
B50: =B49+1 -> 40 | D50: Equipo de proteccion TVSS principal | E50: u | F50: 1 | G50: 872 | H50: =F50*G50 -> 872
E51: TOTAL: | H51: =SUM(H4:H50) -> 89138.3
D58: Ing. Tarquino Rivera
D59: Lic. Prof. 03-10-021 (CIEEI)
D60: Tel. 2956-560

Sheet Electronicos Final
B1: CENTRO DE INTEGRACIÓN PROVINCIAL
B2: RUBROS HIDROSANITARIOS
B3: ITEM | C3: COD | D3: DESCRIPCION | E3: UNIDAD | F3: CANTIDAD | G3: P.UNITARIO | H3: TOTAL
C4: ELECTRONICOS
D5: PUNTOS DE RED
C6: 1 | D6: Cable Multipar UTP Categoría 6A | E6: m | F6: 1525.65 | G6: 1.84 | H6: =F6*G6 -> 2807.196
C7: 2 | D7: Jacks RJ45 Categoría 6A | E7: u | F7: 38 | G7: 17.9 | H7: =F7*G7 -> 680.2
C8: 3 | D8: Face Plate de 1 Puerto | E8: u | F8: 26 | G8: 5.16 | H8: =F8*G8 -> 134.16
C9: 4 | D9: Face Plate de 2 Puertos | E9: u | F9: 6 | G9: 5.4 | H9: =F9*G9 -> 32.4
C10: 5 | D10: Patch Cord 3FT Categoría 6A | E10: u | F10: 38 | G10: 20.45 | H10: =F10*G10 -> 777.1
C11: 6 | D11: Patch Cord 7FT Categoría 6A | E11: u | F11: 38 | G11: 22.4 | H11: =F11*G11 -> 851.2
C12: 7 | D12: Tubería EMT Conduit de 1' | E12: u | F12: 35 | G12: 6.81 | H12: =F12*G12 -> 238.35
C13: 8 | D13: Conectores EMT Conduit 1' | E13: u | F13: 30 | G13: 1.46 | H13: =F13*G13 -> 43.8
C14: 9 | D14: Uniones EMT Conduit 1' | E14: u | F14: 26 | G14: 1.46 | H14: =F14*G14 -> 37.96
C15: 10 | D15: Tubería EMT Conduit de 3/4' | E15: u | F15: 79 | G15: 4.21 | H15: =F15*G15 -> 332.59
C16: 11 | D16: Conectores EMT Conduit 3/4' | E16: u | F16: 50 | G16: 0.38 | H16: =F16*G16 -> 19
C17: 12 | D17: Uniones EMT Conduit 3/4' | E17: u | F17: 45 | G17: 0.38 | H17: =F17*G17 -> 17.1
... C20: 15 | D20: Certificación de puntos de cableado | E20: u | F20: 38 | G20: 11 | H20: =F20*G20 -> 418
D21: CAMARAS | G21: 0 | H21: =F21*G21 -> 0
C22: 16 | D22: Camara Domo IR Interior | E22: u | F22: 12 | G22: 854.22 | H22: =F22*G22 -> 10250.64
C23: 17 | D23: Camara Tipo Bala IR Exterior | E23: u | F23: 2 | G23: 963.64 | H23: =F23*G23 -> 1927.28
C24: 18 | D24: Instalación de Cámaras y Configuración | E24: u | F24: 14 | G24: 17.53 | H24: =F24*G24 -> 245.42
C25: 19 | D25: Configuración de Sistema de Grabación | E25: u | F25: 1 | G25: 43.83 | H25: =F25*G25 -> 43.83
D26: ACCESS POINT | G26: 0 | H26: =F26*G26 -> 0
C27: 20 | D27: Wireless Controller 15 APs | E27: u | F27: 1 | G27: =3823.45-238.58 -> 3584.87 | H27: =F27*G27 -> 3584.87
C28: 21 | D28: Access Point de Interiores | E28: u | F28: 8 | G28: 539.4 | H28: =F28*G28 -> 4315.2
C29: 22 | D29: Instalación y configuración Access Point | E29: u | F29: 8 | G29: 34.09 | H29: =F29*G29 -> 272.72
C30: 23 | D30: Configuración y puesta en marcha Wireless Controller | E30: u | F30: 1 | G30: 248.38 | H30: =F30*G30 -> 248.38
D31: PANTALLA-PIZARRAS INTERACTIVAS | G31: 0 | H31: =F31*G31 -> 0
C32: 24 | D32: Pantalla Pizarra Interactiva 79 pulgadas diagonales Rel: 4:3 | E32: u | F32: 6 | G32: 2313.36 | H32: =F32*G32 -> 13880.16
C33: 25 | D33: Módulo para conexión inalámbrica | E33: u | F33: 6 | G33: 185.06 | H33: =F33*G33 -> 1110.36
C34: 26 | D34: Proyector tiro corto DLP | E34: u | F34: 6 | G34: 925.34 | H34: =F34*G34 -> 5552.04
C35: 27 | D35: Soporte Para Pantalla | E35: u | F35: 6 | G35: 292.21 | H35: =F35*G35 -> 1753.26
C36: 28 | D36: Instalación y puesta en marcha | E36: u | F36: 6 | G36: 146.1 | H36: =F36*G36 -> 876.6
D37: CONTROL DE ACCESO | G37: 0 | H37: =F37*G37 -> 0
C38: 1 | D38: Módulo Principal de Control de Acceso incluye software de Gestión | E38: u | F38: 1 | G38: 701.31 | H38: =F38*G38 -> 701.31
C39: 2 | D39: Módulo de Control de Acceso con Wiegand 26 bits | E39: u | F39: 1 | G39: 136.36 | H39: =F39*G39 -> 136.36
C40: 3 | D40: Cajas Metálicas para módulos | E40: u | F40: 2 | G40: 14.61 | H40: =F40*G40 -> 29.22
C41: 4 | D41: Lectoras de Proximidad | E41: u | F41: 2 | G41: 175.32 | H41: =F41*G41 -> 350.64
C42: 5 | D42: Interfaz de conexión IP | E42: u | F42: 1 | G42: 180.19 | H42: =F42*G42 -> 180.19
C43: 6 | D43: Tarjetas de Proximidad | E43: u | F43: 20 | G43: 9.05 | H43: =F43*G43 -> 181
C44: 7 | D44: Cerradura Electromagnética 600 libras | E44: u | F44: 2 | G44: 204.55 | H44: =F44*G44 -> 409.1
C45: 8 | D45: Cable Multipar Cat 5e (305m) | E45: u | F45: 1 | G45: 76.94 | H45: =F45*G45 -> 76.94
C46: 9 | D46: Tranformador 16.5 VAC | E46: u | F46: 2 | G46: 14.9 | H46: =F46*G46 -> 29.8
C47: 10 | D47: Batería de Respaldo 12V 7 Amp | E47: u | F47: 2 | G47: 25.81 | H47: =F47*G47 -> 51.62
C48: 11 | D48: Tubería Conduit EMT 1/2'' | E48: u | F48: 20 | G48: 2.71 | H48: =F48*G48 -> 54.2
C49: 12 | D49: Accesorios EMT 1/2'' | E49: u | F49: 1 | G49: 0.31 | H49: =F49*G49 -> 0.31
... C51: 14 | D51: Puesta en marcha del sistema de gestión y Capacitación | E51: u | F51: 1 | G51: 146.1 | H51: =F51*G51 -> 146.1
D52: DETECCIÓN DE INCENDIOS | G52: 0 | H52: =F52*G52 -> 0
C53: 1 | D53: Sistema de 1 Lazo para 64 puntos análogos | E53: u | F53: 1 | G53: 834.76 | H53: =F53*G53 -> 834.76
C54: 2 | D54: Luz Estroboscopica con sirena 12 V | E54: u | F54: 15 | G54: 74.02 | H54: =F54*G54 -> 1110.3
C55: 3 | D55: Detector de Humo análogo inteligente | E55: u | F55: 42 | G55: 52.59 | H55: =F55*G55 -> 2208.78
C56: 4 | D56: Estación Manual con un tapa | E56: u | F56: 4 | G56: 87.02 | H56: =F56*G56 -> 348.08
C57: 5 | D57: Batería de Respaldo 12V 7 Amp | E57: u | F57: 1 | G57: 25.81 | H57: =F57*G57 -> 25.81
C58: 6 | D58: Tranformador 16.5 VAC | E58: u | F58: 20 | G58: 14.9 | H58: =F58*G58 -> 298
C59: 7 | D59: Cable solido con chaqueta retardante 2X18AWG | E59: m | F59: 1.89 | G59: 657.48 | H59: =F59*G59 -> 1242.6372
C60: 8 | D60: Tubería Conduit EMT 1/2'' | E60: u | F60: 102 | G60: 2.71 | H60: =F60*G60 -> 276.42
C61: 9 | D61: Conectores EMT 1/2'' | E61: u | F61: 85 | G61: 0.31 | H61: =F61*G61 -> 26.35
C62: 10 | D62: Uniones EMT 1/2'' | E62: u | F62: 97 | G62: 0.31 | H62: =F62*G62 -> 30.07
C63: 11 | D63: Instalación de elementos | E63: u | F63: 61 | G63: 11.68 | H63: =F63*G63 -> 712.48
C64: 12 | D64: Configuración y puesta en macha del sistema | E64: u | F64: 1 | G64: 189.93 | H64: =F64*G64 -> 189.93
D65: AUDITORIO | G65: 0 | H65: =F65*G65 -> 0
C66: SA01 | D66: Consola de Micrófonos | E66: u | F66: 1 | G66: 694.45 | H66: =F66*G66 -> 694.45
C67: SA02 | D67: Amplificador Estereo de 200W/CH | E67: u | F67: 1 | G67: 747.01 | H67: =F67*G67 -> 747.01
C68: SA03 | D68: Caja Acústica de 2 vías Alta Potencia | E68: u | F68: 4 | G68: 756.8 | H68: =F68*G68 -> 3027.2
C69: SA04 | D69: Micrófono Inalámbrico | E69: u | F69: 3 | G69: 923.6 | H69: =F69*G69 -> 2770.8
C70: SA05 | D70: Reproductor de Cd's con control de velocidad | E70: u | F70: 1 | G70: 536.95 | H70: =F70*G70 -> 536.95
C71: SA06 | D71: Rack mueble con 1 bandeja de separación | E71: u | F71: 1 | G71: 1088.7 | H71: =F71*G71 -> 1088.7
C72: SA07 | D72: Proyector de Video de Pantalla Gigante | E72: u | F72: 1 | G72: 2710.43 | H72: =F72*G72 -> 2710.43
C73: SA08 | D73: Pantalla de Proyección 244x183 | E73: u | F73: 1 | G73: 2260.42 | H73: =F73*G73 -> 2260.42
C74: SA09 | D74: Reproductor de DVD | E74: u | F74: 1 | G74: 153.26 | H74: =F74*G74 -> 153.26
C75: SA10 | D75: Punto de Instalación de Altavoz (tipo caja acústica) | E75: u | F75: 4 | G75: 59.98 | H75: =F75*G75 -> 239.92
C76: SA11 | D76: Punto de Instalación de Video | E76: u | F76: 1 | G76: 213.4 | H76: =F76*G76 -> 213.4
D77: SALON DE USO MULTIPLE EVENTOS | G77: 0 | H77: =F77*G77 -> 0
C78: Se-01 | D78: Módulo Procesador de Sonido | E78: u | F78: 1 | G78: 1640.05 | H78: =F78*G78 -> 1640.05
C79: Se-02 | D79: Micrófono Inalámbrico | E79: u | F79: 3 | G79: 923.6 | H79: =F79*G79 -> 2770.8
C80: Se-03 | D80: Micrófono de Bobina Móvil | E80: u | F80: 3 | G80: 166.99 | H80: =F80*G80 -> 500.97
C81: Se-04 | D81: Reproductor de Discos Compactos | E81: u | F81: 1 | G81: 337.75 | H81: =F81*G81 -> 337.75
C82: Se-05 | D82: Consola de Micrófonos | E82: u | F82: 1 | G82: 694.45 | H82: =F82*G82 -> 694.45
C83: Se-06 | D83: Rack mueble con 2 bandejas de separación | E83: u | F83: 1 | G83: 1110.3 | H83: =F83*G83 -> 1110.3
C84: Se-07 | D84: Caja Acústica 2 Vías / Potencia | E84: u | F84: 4 | G84: 2152.49 | H84: =F84*G84 -> 8609.96
C85: Se-08 | D85: Caja Acústica Amplificada Subgrave | E85: u | F85: 2 | G85: 1077.34 | H85: =F85*G85 -> 2154.68
C86: Se-09 | D86: Caja Acústica Amplificada Monitores | E86: u | F86: 2 | G86: 1695.22 | H86: =F86*G86 -> 3390.44
C87: Se-10 | D87: Proyector de Video de Pantalla Gigante | E87: u | F87: 1 | G87: 2710.43 | H87: =F87*G87 -> 2710.43
C88: Se-11 | D88: Pantalla de Proyección 244x183 | E88: u | F88: 1 | G88: 2260.42 | H88: =F88*G88 -> 2260.42
C89: Se-12 | D89: Reproductor de DVD | E89: u | F89: 1 | G89: 153.26 | H89: =F89*G89 -> 153.26
... C92: Se-15 | D92: Punto de Instalación de Video | E92: u | F92: 1 | G92: 213.4 | H92: =F92*G92 -> 213.4
D93: AUDIOVISUALES
C94: SAV01 | D94: Amplificador preamplificador de 80W | E94: u | F94: 1 | G94: 831.01 | H94: =F94*G94 -> 831.01
C95: SAV02 | D95: Altavoz tipo cielo falso | E95: u | F95: 2 | G95: 54.39 | H95: =F95*G95 -> 108.78
C96: SAV03 | D96: Micrófono Inalámbrico | E96: u | F96: 1 | G96: 923.6 | H96: =F96*G96 -> 923.6
C97: SAV04 | D97: Rack mueble con 1 bandeja de separación | E97: u | F97: 1 | G97: 1088.7 | H97: =F97*G97 -> 1088.7
C98: SAV05 | D98: Proyector de Video de Pantalla Gigante | E98: u | F98: 1 | G98: 2710.43 | H98: =F98*G98 -> 2710.43
C99: SAV06 | D99: Pantalla de Proyección 199x183 | E99: u | F99: 1 | G99: 1527.22 | H99: =F99*G99 -> 1527.22
C100: SAV07 | D100: Punto de Instalación de Altavoz Tipo Cielo Falso | E100: u | F100: 2 | G100: 24.85 | H100: =F100*G100 -> 49.7
D101: SALA DE REUNIONES
C102: SR01 | D102: Mezcladora Digital Automatizada | E102: u | F102: 1 | G102: 2218.45 | H102: =F102*G102 -> 2218.45
C103: SR02 | D103: Amplificador preamplificador de 80W | E103: u | F103: 1 | G103: 831.01 | H103: =F103*G103 -> 831.01
C104: SR03 | D104: Altavoz tipo cielo falso | E104: u | F104: 2 | G104: 54.39 | H104: =F104*G104 -> 108.78
C105: SR04 | D105: Micrófono Doble Cápsula | E105: u | F105: 3 | G105: 923.6 | H105: =F105*G105 -> 2770.8
...

Sheet Electronicos
B1: CENTRO DE INTEGRACIÓN PROVINCIAL
B2: RUBROS HIDROSANITARIOS
B3: ITEM | C3: COD | D3: DESCRIPCION | E3: UNIDAD | F3: CANTIDAD | G3: P.UNITARIO | H3: TOTAL
C4: ELECTRONICOS
D5: PUNTOS DE RED
C6: 1 | D6: Cable Multipar UTP Categoría 6A | E6: m | F6: 1525.65 | G6: 1.84 | H6: =F6*G6 -> 2807.196
C7: 2 | D7: Jacks RJ45 Categoría 6A | E7: u | F7: 38 | G7: 17.9 | H7: =F7*G7 -> 680.2
C8: 3 | D8: Face Plate de 1 Puerto | E8: u | F8: 26 | G8: 5.16 | H8: =F8*G8 -> 134.16
C9: 4 | D9: Face Plate de 2 Puertos | E9: u | F9: 6 | G9: 5.4 | H9: =F9*G9 -> 32.4
C10: 5 | D10: Patch Cord 3FT Categoría 6A | E10: u | F10: 38 | G10: 20.45 | H10: =F10*G10 -> 777.1
C11: 6 | D11: Patch Cord 7FT Categoría 6A | E11: u | F11: 38 | G11: 22.4 | H11: =F11*G11 -> 851.2
C12: 7 | D12: Tubería EMT Conduit de 1' | E12: u | F12: 35 | G12: 6.81 | H12: =F12*G12 -> 238.35
C13: 8 | D13: Conectores EMT Conduit 1' | E13: u | F13: 30 | G13: 1.46 | H13: =F13*G13 -> 43.8
C14: 9 | D14: Uniones EMT Conduit 1' | E14: u | F14: 26 | G14: 1.46 | H14: =F14*G14 -> 37.96
C15: 10 | D15: Tubería EMT Conduit de 3/4' | E15: u | F15: 79 | G15: 4.21 | H15: =F15*G15 -> 332.59
C16: 11 | D16: Conectores EMT Conduit 3/4' | E16: u | F16: 50 | G16: 0.38 | H16: =F16*G16 -> 19
C17: 12 | D17: Uniones EMT Conduit 3/4' | E17: u | F17: 45 | G17: 0.38 | H17: =F17*G17 -> 17.1
... C20: 15 | D20: Certificación de puntos de cableado | E20: u | F20: 38 | G20: 11 | H20: =F20*G20 -> 418
D21: CAMARAS | G21: 0 | H21: =F21*G21 -> 0
C22: 16 | D22: Camara Domo IR Interior | E22: u | F22: 12 | G22: 854.22 | H22: =F22*G22 -> 10250.64
C23: 17 | D23: Camara Tipo Bala IR Exterior | E23: u | F23: 2 | G23: 963.64 | H23: =F23*G23 -> 1927.28
C24: 18 | D24: Instalación de Cámaras y Configuración | E24: u | F24: 14 | G24: 17.53 | H24: =F24*G24 -> 245.42
C25: 19 | D25: Configuración de Sistema de Grabación | E25: u | F25: 1 | G25: 43.83 | H25: =F25*G25 -> 43.83
D26: ACCESS POINT | G26: 0 | H26: =F26*G26 -> 0
C27: 20 | D27: Wireless Controller 15 APs | E27: u | F27: 1 | G27: =3823.45-238.58 -> 3584.87 | H27: =F27*G27 -> 3584.87
C28: 21 | D28: Access Point de Interiores | E28: u | F28: 8 | G28: 539.4 | H28: =F28*G28 -> 4315.2
C29: 22 | D29: Instalación y configuración Access Point | E29: u | F29: 8 | G29: 34.09 | H29: =F29*G29 -> 272.72
C30: 23 | D30: Configuración y puesta en marcha Wireless Controller | E30: u | F30: 1 | G30: 248.38 | H30: =F30*G30 -> 248.38
D31: PANTALLA-PIZARRAS INTERACTIVAS | G31: 0 | H31: =F31*G31 -> 0
C32: 24 | D32: Pantalla Pizarra Interactiva 79 pulgadas diagonales Rel: 4:3 | E32: u | F32: 6 | G32: 2313.36 | H32: =F32*G32 -> 13880.16
C33: 25 | D33: Módulo para conexión inalámbrica | E33: u | F33: 6 | G33: 185.06 | H33: =F33*G33 -> 1110.36
C34: 26 | D34: Proyector tiro corto DLP | E34: u | F34: 6 | G34: 925.34 | H34: =F34*G34 -> 5552.04
C35: 27 | D35: Soporte Para Pantalla | E35: u | F35: 6 | G35: 292.21 | H35: =F35*G35 -> 1753.26
C36: 28 | D36: Instalación y puesta en marcha | E36: u | F36: 6 | G36: 146.1 | H36: =F36*G36 -> 876.6
D37: CONTROL DE ACCESO | G37: 0 | H37: =F37*G37 -> 0
C38: 1 | D38: Módulo Principal de Control de Acceso incluye software de Gestión | E38: u | F38: 1 | G38: 701.31 | H38: =F38*G38 -> 701.31
C39: 2 | D39: Módulo de Control de Acceso con Wiegand 26 bits | E39: u | F39: 1 | G39: 136.36 | H39: =F39*G39 -> 136.36
C40: 3 | D40: Cajas Metálicas para módulos | E40: u | F40: 2 | G40: 14.61 | H40: =F40*G40 -> 29.22
C41: 4 | D41: Lectoras de Proximidad | E41: u | F41: 2 | G41: 175.32 | H41: =F41*G41 -> 350.64
C42: 5 | D42: Interfaz de conexión IP | E42: u | F42: 1 | G42: 180.19 | H42: =F42*G42 -> 180.19
C43: 6 | D43: Tarjetas de Proximidad | E43: u | F43: 20 | G43: 9.05 | H43: =F43*G43 -> 181
C44: 7 | D44: Cerradura Electromagnética 600 libras | E44: u | F44: 2 | G44: 204.55 | H44: =F44*G44 -> 409.1
C45: 8 | D45: Cable Multipar Cat 5e | E45: u | F45: 1 | G45: 76.94 | H45: =F45*G45 -> 76.94
C46: 9 | D46: Tranformador 16.5 VAC | E46: u | F46: 2 | G46: 14.9 | H46: =F46*G46 -> 29.8
C47: 10 | D47: Batería de Respaldo 12V 7 Amp | E47: u | F47: 2 | G47: 25.81 | H47: =F47*G47 -> 51.62
C48: 11 | D48: Tubería Conduit EMT 1/2'' | E48: u | F48: 20 | G48: 2.71 | H48: =F48*G48 -> 54.2
C49: 12 | D49: Accesorios EMT 1/2'' | E49: u | F49: 1 | G49: 0.31 | H49: =F49*G49 -> 0.31
... C51: 14 | D51: Puesta en marcha del sistema de gestión y Capacitación | E51: u | F51: 1 | G51: 146.1 | H51: =F51*G51 -> 146.1
D52: DETECCIÓN DE INCENDIOS | G52: 0 | H52: =F52*G52 -> 0
C53: 1 | D53: Sistema de 1 Lazo para 64 puntos análogos | E53: u | F53: 1 | G53: 834.76 | H53: =F53*G53 -> 834.76
C54: 2 | D54: Luz Estroboscopica con sirena 12 V | E54: u | F54: 15 | G54: 74.02 | H54: =F54*G54 -> 1110.3
C55: 3 | D55: Detector de Humo análogo inteligente | E55: u | F55: 42 | G55: 52.59 | H55: =F55*G55 -> 2208.78
C56: 4 | D56: Estación Manual con un tapa | E56: u | F56: 4 | G56: 87.02 | H56: =F56*G56 -> 348.08
C57: 5 | D57: Batería de Respaldo 12V 7 Amp | E57: u | F57: 1 | G57: 25.81 | H57: =F57*G57 -> 25.81
C58: 6 | D58: Tranformador 16.5 VAC | E58: u | F58: 20 | G58: 14.9 | H58: =F58*G58 -> 298
C59: 7 | D59: Cable solido con chaqueta retardante 2X18AWG | E59: m | F59: 1.89 | G59: 657.48 | H59: =F59*G59 -> 1242.6372
C60: 8 | D60: Tubería Conduit EMT 1/2'' | E60: u | F60: 102 | G60: 2.71 | H60: =F60*G60 -> 276.42
C61: 9 | D61: Conectores EMT 1/2'' | E61: u | F61: 85 | G61: 0.31 | H61: =F61*G61 -> 26.35
C62: 10 | D62: Uniones EMT 1/2'' | E62: u | F62: 97 | G62: 0.31 | H62: =F62*G62 -> 30.07
C63: 11 | D63: Instalación de elementos | E63: u | F63: 61 | G63: 11.68 | H63: =F63*G63 -> 712.48
C64: 12 | D64: Configuración y puesta en macha del sistema | E64: u | F64: 1 | G64: 189.93 | H64: =F64*G64 -> 189.93
D65: AUDITORIO | G65: 0 | H65: =F65*G65 -> 0
C66: SA01 | D66: Consola de Micrófonos | E66: u | F66: 1 | G66: 694.45 | H66: =F66*G66 -> 694.45
C67: SA02 | D67: Amplificador Estereo de 200W/CH | E67: u | F67: 1 | G67: 747.01 | H67: =F67*G67 -> 747.01
C68: SA03 | D68: Caja Acústica de 2 vías Alta Potencia | E68: u | F68: 4 | G68: 756.8 | H68: =F68*G68 -> 3027.2
C69: SA04 | D69: Micrófono Inalámbrico | E69: u | F69: 3 | G69: 923.6 | H69: =F69*G69 -> 2770.8
C70: SA05 | D70: Reproductor de Cd's | E70: u | F70: 1 | G70: 536.95 | H70: =F70*G70 -> 536.95
C71: SA06 | D71: Rack Mueble | E71: u | F71: 1 | G71: 1088.7 | H71: =F71*G71 -> 1088.7
C72: SA07 | D72: Proyecto de Pantalla Gigante | E72: u | F72: 1 | G72: 1786.43 | H72: =F72*G72 -> 1786.43
C73: SA08 | D73: Pantalla de Proyección | E73: u | F73: 1 | G73: 1863.22 | H73: =F73*G73 -> 1863.22
C74: SA09 | D74: Reproductor de DVD | E74: u | F74: 1 | G74: 183.92 | H74: =F74*G74 -> 183.92
C75: SA10 | D75: Punto de Instalación de Altavoz (tipo caja acústica) | E75: u | F75: 4 | G75: 59.98 | H75: =F75*G75 -> 239.92
C76: SA11 | D76: Punto de Instalación Video | E76: u | F76: 1 | G76: 29.63 | H76: =F76*G76 -> 29.63
D77: SALON DE USO MULTIPLE EVENTOS | G77: 0 | H77: =F77*G77 -> 0
C78: Se-01 | D78: Módulo Procesador de Sonido | E78: u | F78: 1 | G78: 1640.05 | H78: =F78*G78 -> 1640.05
C79: Se-02 | D79: Micrófono Inalámbrico | E79: u | F79: 3 | G79: 873.19 | H79: =F79*G79 -> 2619.57
C80: Se-03 | D80: Micrófono de Bobina Móvil | E80: u | F80: 3 | G80: 166.99 | H80: =F80*G80 -> 500.97
C81: Se-04 | D81: Reproductor de Discos Compactos | E81: u | F81: 1 | G81: 337.75 | H81: =F81*G81 -> 337.75
C82: Se-05 | D82: Consola de Micrófonos | E82: u | F82: 1 | G82: 667.76 | H82: =F82*G82 -> 667.76
C83: Se-06 | D83: Rack Mueble | E83: u | F83: 1 | G83: 1110.3 | H83: =F83*G83 -> 1110.3
C84: Se-07 | D84: Caja Acústica 2 Vías / Potencia | E84: u | F84: 4 | G84: 2152.49 | H84: =F84*G84 -> 8609.96
C85: Se-08 | D85: Caja Acústica Amplificada Subgrave | E85: u | F85: 2 | G85: 1077.34 | H85: =F85*G85 -> 2154.68
C86: Se-09 | D86: Caja Acústica Amplificada Monitores | E86: u | F86: 2 | G86: 1695.22 | H86: =F86*G86 -> 3390.44
C87: Se-10 | D87: Proyector de Video de Pantalla Gigante | E87: u | F87: 1 | G87: 2710.43 | H87: =F87*G87 -> 2710.43
C88: Se-11 | D88: Pantalla de Proyección Eléctrica 244x183 | E88: u | F88: 1 | G88: 2260.42 | H88: =F88*G88 -> 2260.42
C89: Se-12 | D89: Reproductor de DVD | E89: u | F89: 1 | G89: 153.26 | H89: =F89*G89 -> 153.26
... C92: Se-15 | D92: Punto de Instalación de Video | E92: u | F92: 1 | G92: 213.4 | H92: =F92*G92 -> 213.4
D93: AUDIOVISUALES
C94: SAV01 | D94: Amplificador preamplificador de 80W | E94: u | F94: 1 | G94: 831.01 | H94: =F94*G94 -> 831.01
C95: SAV02 | D95: Altavoz tipo cielo falso | E95: u | F95: 2 | G95: 65.27 | H95: =F95*G95 -> 130.54
C96: SAV03 | D96: Micrófono Inalámbrico | E96: u | F96: 1 | G96: 923.6 | H96: =F96*G96 -> 923.6
C97: SAV04 | D97: Rack Mueble de 22 u | E97: u | F97: 1 | G97: 1088.7 | H97: =F97*G97 -> 1088.7
C98: SAV05 | D98: Proyecto de Pantalla Gigante | E98: u | F98: 1 | G98: 1786.43 | H98: =F98*G98 -> 1786.43
C99: SAV06 | D99: Pantalla de Proyección | E99: u | F99: 1 | G99: 1527.22 | H99: =F99*G99 -> 1527.22
C100: SAV07 | D100: Punto de Instalación de Altavoz Tipo Cielo Falso | E100: u | F100: 2 | G100: 24.85 | H100: =F100*G100 -> 49.7
D101: SALA DE REUNIONES | G101: 0 | H101: =F101*G101 -> 0
C102: SR01 | D102: Mezcladora Digital Automatizada | E102: u | F102: 1 | G102: 2218.45 | H102: =F102*G102 -> 2218.45
C103: SR02 | D103: Amplificador preamplificador de 80W | E103: u | F103: 1 | G103: 831.01 | H103: =F103*G103 -> 831.01
C104: SR03 | D104: Altavoz tipo cielo falso | E104: u | F104: 2 | G104: 65.27 | H104: =F104*G104 -> 130.54
C105: SR04 | D105: Micrófono Doble Cápsula | E105: u | F105: 3 | G105: 923.6 | H105: =F105*G105 -> 2770.8
...

Sheet Mobiliario
A1: PRESUPUESTO DE MOBILIARIO
A2: EDIFICIO CENTRO DE INTEGRACIÓN PROVINCIAL
A3: GOBIERNO PROVINCIAL D EIMBABURA
A5: RUBRO | B5: UNIDAD | C5: P. UNITARIO $ | D5: P. TOTAL $
A6: SUBSUELO
A7: PLANTA BAJA
A8: Escritorio | B8: 1 | C8: 282 | D8: =B8*C8 -> 282
A9: Silla | B9: 1 | C9: 65 | D9: =B9*C9 -> 65
A10: 1. PLANTA ALTA
A11: Estación de trabajo | B11: 29 | C11: 528 | D11: =B11*C11 -> 15312
A12: Computadores | B12: 30 | C12: 850 | D12: =B12*C12 -> 25500
A13: Salas | B13: 3 | C13: 400 | D13: =B13*C13 -> 1200
A14: Mesa de reuniones | B14: 1 | C14: 800 | D14: =B14*C14 -> 800
A15: Butacas | B15: 10 | C15: 220 | D15: =B15*C15 -> 2200
A16: Estación ejecutiva | B16: 1 | C16: 700 | D16: =B16*C16 -> 700
A17: 2. PLANTA ALTA
A18: Estaciones de trabajo | B18: 14 | C18: 528 | D18: =B18*C18 -> 7392
A19: Mesa de reuniones | B19: 1 | C19: 800 | D19: =B19*C19 -> 800
A20: Sillones | B20: 32 | C20: 220 | D20: =B20*C20 -> 7040
A21: Butacas | B21: 72 | C21: 220 | D21: =B21*C21 -> 15840
A22: Mesa directiva | B22: 1 | C22: 250 | D22: =B22*C22 -> 250
A23: Juego de sala | B23: 3 | C23: 400 | D23: =B23*C23 -> 1200
A24: 3. PLANTA ALTA
A25: Mesas | B25: 20 | C25: 370 | D25: =B25*C25 -> 7400
A26: Sillas | B26: 70 | C26: 65 | D26: =B26*C26 -> 4550
A27: Juegos de sala | B27: 2 | C27: 350 | D27: =B27*C27 -> 700
A28: Mesas de trabajo | B28: 7 | C28: 900 | D28: =B28*C28 -> 6300
A29: Sillas | B29: 34 | C29: 65 | D29: =B29*C29 -> 2210
A31: TOTAL | D31: 162741
A32: SON: CIENTO SESENTA Y DOS MIL SETECIENTOS CUARENTA Y UN DÓLARES

Sheet Rubros Civil
B1: CENTRO DE INTEGRACIÓN PROVINCIAL
B2: RUBROS ARQUITECTONICOS
B3: ITEM | C3: COD | D3: DESCRIPCION | E3: UNIDAD | F3: CANTIDAD | G3: P.UNITARIO | H3: TOTAL
B4: 1 | D4: ACERO DE REFUERZO FY: 4200 KG/CM2 | E4: kg | F4: 22245.07 | G4: 2.06 | H4: =F4*G4 -> 45824.844 | J4: REVESTIMIENTO DE PISOS Y ESCALERAS | K4: m2 | L4: 3340 | M4: 33.6 | N4: 112224 | O4: =N4/N$112 -> 0.19183668 | P4: =O4 -> 0.19183668 | S4: ACERO DE REFUERZO FY: 4200 KG/CM2 | T4: kg
B5: 2 | D5: ADOQUIN DE ARCILLA EN CALZADA 10 X 30 X 7 CM. | E5: m2 | F5: 14 | G5: 19.36 | H5: =F5*G5 -> 271.04 | J5: ASCENSOR | K5: u | L5: 1 | M5: 53597.65 | N5: 53597.65 | O5: =N5/N$112 -> 0.091620287 | P5: =P4+O5 -> 0.28345696 | S5: ADOQUIN DE ARCILLA EN CALZADA 10 X 30 X 7 CM. | T5: m2
B6: 3 | D6: ADOQUINADO DECORATIVO EN ACERAS | E6: m2 | F6: 19.2 | G6: 19.01 | H6: =F6*G6 -> 364.992 | J6: ACERO DE REFUERZO FY: 4200 KG/CM2 | K6: kg | L6: 22245.07 | M6: 2.06 | N6: 45824.844 | O6: =N6/N$112 -> 0.078333385 | P6: =P5+O6 -> 0.36179035 | S6: ADOQUINADO DECORATIVO EN ACERAS | T6: m2
B7: 4 | D7: ALFOMBRADO.- | E7: m2 | F7: 126 | G7: 15.82 | H7: =F7*G7 -> 1993.32 | J7: CIELO RASO FALSO DE FIBRA MINERAL | K7: m2 | L7: 2346 | M7: 17.64 | N7: 41383.44 | O7: =N7/N$112 -> 0.07074121 | P7: =P6+O7 -> 0.43253156 | S7: ALFOMBRADO.- | T7: m2
B8: 5 | D8: ANGULOS SOLDADOS A PLACA DE ANCLAJE(50X3) | E8: kg | F8: 11.2 | G8: 3.32 | H8: =F8*G8 -> 37.184 | J8: PERFILES DE ACERO LAMINADOS EN FRIO | K8: kg | L8: 9736.79 | M8: 3.32 | N8: 32326.143 | O8: =N8/N$112 -> 0.055258588 | P8: =P7+O8 -> 0.48779015 | S8: ANGULOS SOLDADOS A PLACA DE ANCLAJE(50X3) | T8: kg
B9: 6 | D9: ASCENSOR | E9: u | F9: 1 | G9: 53597.65 | H9: =F9*G9 -> 53597.65 | J9: HORMIGÓN SIMPLE F´C = 210 KG/CM2 EN LOSAS | K9: m3 | L9: 104.15 | M9: 273.31 | N9: 28465.237 | O9: =N9/N$112 -> 0.048658722 | P9: =P8+O9 -> 0.53644887 | S9: ASCENSOR | T9: u
B10: 7 | D10: BLOQUES DE HORMIGON 40 X 20 X 20 | E10: u | F10: 1270 | G10: 0.53 | H10: =F10*G10 -> 673.1 | J10: CUBIERTA DE FIBRO CEMENTO - TEJA | K10: m2 | L10: 720 | M10: 27.95 | N10: 20124 | O10: =N10/N$112 -> 0.03440014 | P10: =P9+O10 -> 0.57084901 | S10: BLOQUES DE HORMIGON 40 X 20 X 20 | T10: u
B11: 8 | D11: BLOQUES DE HORMIGON 40 X 20 X 25 | E11: u | F11: 1159 | G11: 0.66 | H11: =F11*G11 -> 764.94 | J11: HORMIGÓN SIMPLE F´C = 210 KG/CM2 EN VIGAS (INCLUYE ENCOFRADO) | K11: m3 | L11: 82.99 | M11: 193.51 | N11: 16059.395 | O11: =N11/N$112 -> 0.027452069 | P11: =P10+O11 -> 0.59830108 | S11: BLOQUES DE HORMIGON 40 X 20 X 25 | T11: u
B12: 9 | D12: BORDILLOS DE JARDINERAS | E12: u | F12: 12 | G12: 16.45 | H12: =F12*G12 -> 197.4 | J12: VENTANAS DE ALUMINIO -VIDRIO BRONCE | K12: m2 | L12: 318 | M12: 43.2 | N12: 13737.6 | O12: =N12/N$112 -> 0.023483172 | P12: =P11+O12 -> 0.62178425 | S12: BORDILLOS DE JARDINERAS | T12: u
B13: 10 | D13: BORDILLOS DE PIEDRA | E13: m | F13: 40 | G13: 40.03 | H13: =F13*G13 -> 1601.2 | J13: REVESTIMIENTO DE PAREDES CON CERAMICA | K13: m2 | L13: 620 | M13: 22.02 | N13: 13652.4 | O13: =N13/N$112 -> 0.023337531 | P13: =P12+O13 -> 0.64512178 | S13: BORDILLOS DE PIEDRA | T13: m
B14: 11 | D14: BÓVEDA METALICA Y POLICARBONATO | E14: m2 | F14: 13 | G14: 42.43 | H14: =F14*G14 -> 551.59 | J14: INODOROS | K14: u | L14: 24 | M14: 496.62 | N14: 11918.88 | O14: =N14/N$112 -> 0.020374237 | P14: =P13+O14 -> 0.66549602 | S14: BÓVEDA METALICA Y POLICARBONATO | T14: m2
B15: 12 | D15: CAJAS DE REVISIÓN | E15: U | F15: 4 | G15: 100 | H15: =F15*G15 -> 400 | J15: FUNDICION Y MASILLADO DE PISO 6 CM. | K15: m2 | L15: 680 | M15: 14.86 | N15: 10104.8 | O15: =N15/N$112 -> 0.017273233 | P15: =P14+O15 -> 0.68276925 | S15: CAJAS DE REVISIÓN | T15: U
B16: 13 | D16: CAMA DE ARENA | E16: m3 | F16: 6 | G16: 12.72 | H16: =F16*G16 -> 76.32 | J16: ENLUCIDO VERTICAL INTERIOR | K16: m2 | L16: 2540 | M16: 3.86 | N16: 9804.4 | O16: =N16/N$112 -> 0.016759726 | P16: =P15+O16 -> 0.69952898 | S16: CAMA DE ARENA | T16: m3
... B74: 71 | D74: PLACA BASE(400 X 450 X 5)MM INCLUYE PERNOS Y VARILLA Ф 30 MM DE ANCLAJE | E74: u | F74: 43 | G74: 82.19 | H74: =F74*G74 -> 3534.17 | J74: SECADORA DE MANOS | K74: u | L74: 4 | M74: 156.29 | N74: 625.16 | O74: =N74/N$112 -> 0.0010686539 | P74: =P73+O74 -> 0.98425512 | S74: PLACA COOPERANTE E =1.20 MM | T74: m2
D75: PLACA COOPERANTE E =1.20 MM | E75: m2 | F75: 38.5 | G75: 19.15 | H75: =F75*G75 -> 737.275 | J75: LEVANTAMIENTO DE ACERAS | K75: m2 | L75: 180 | M75: 3.2 | N75: 576 | O75: =N75/N$112 -> 0.00098461938 | P75: =P74+O75 -> 0.98523973 | S75: PLANTAS EN JARDINERAS | T75: m
D76: PLACA COOPERANTE E =1.20 MM | E76: m2 | F76: 68.84 | G76: 19.15 | H76: =F76*G76 -> 1318.286 | J76: DESALOJO DE MATERIAL | K76: m3 | L76: 96 | M76: 5.8 | N76: 556.8 | O76: =N76/N$112 -> 0.00095179874 | P76: =P75+O76 -> 0.98619153 | S76: PROTECCIONES DE HIERRO - VENTANAS PB. | T76: m2
B77: 1 | D77: PLANTAS EN JARDINERAS | E77: m | F77: 56.2 | G77: 3.12 | H77: =F77*G77 -> 175.344 | J77: BÓVEDA METALICA Y POLICARBONATO | K77: m2 | L77: 13 | M77: 42.43 | N77: 551.59 | O77: =N77/N$112 -> 0.00094289272 | P77: =P76+O77 -> 0.98713443 | S77: PUERTA METAL. GIRATORIA AUTOMÁTICA DE 3.00 M | T77: u
B78: 2 | D78: PROTECCIONES DE HIERRO - VENTANAS PB. | E78: m2 | F78: 52 | G78: 70 | H78: =F78*G78 -> 3640 | J78: PUERTAS TAMPORADAS (P3=1.00M) | K78: u | L78: 3 | M78: 182.53 | N78: 547.59 | O78: =N78/N$112 -> 0.00093605508 | P78: =P77+O78 -> 0.98807048 | S78: PUERTA METALICA PLEGABLE Y BATIENTE | T78: m2
B79: 3 | D79: PUERTA METAL. GIRATORIA AUTOMÁTICA DE 3.00 M | E79: u | F79: 1 | G79: 3253.57 | H79: =F79*G79 -> 3253.57 | J79: TAPAJUNTAS VERTICAL DE MADERA.- | K79: m | L79: 52 | M79: 9.66 | N79: 502.32 | O79: =N79/N$112 -> 0.00085867015 | P79: =P78+O79 -> 0.98892915 | S79: PUERTAS BATIENTES DE VIDRIO P4=2.46 M. | T79: u
B80: 4 | D80: PUERTA METALICA PLEGABLE Y BATIENTE | E80: m2 | F80: 44.5 | G80: 67.8 | H80: =F80*G80 -> 3017.1 | J80: ESPEJOS | K80: m2 | L80: 19.5 | M80: 25.38 | N80: 494.91 | O80: =N80/N$112 -> 0.00084600344 | P80: =P79+O80 -> 0.98977516 | S80: PUERTAS BATIENTES DE VIDRIO P5 = 1.60 M. | T80: u
D81: PUERTAS BATIENTES DE VIDRIO P4=2.46 M. | E81: u | F81: 1 | G81: 202.45 | H81: =F81*G81 -> 202.45 | J81: ENLUCIDO HORIZONTAL EXTERIOR | K81: m2 | L81: 55 | M81: 8.16 | N81: 448.8 | O81: =N81/N$112 -> 0.0007671826 | P81: =P80+O81 -> 0.99054234 | S81: PUERTAS TAMBORADAS (P1=.70M.) | T81: u
B82: 5 | D82: PUERTAS BATIENTES DE VIDRIO P5 = 1.60 M. | E82: u | F82: 5 | G82: 182.05 | H82: =F82*G82 -> 910.25 | J82: CAJAS DE REVISIÓN | K82: U | L82: 4 | M82: 100 | N82: 400 | O82: =N82/N$112 -> 0.00068376346 | P82: =P81+O82 -> 0.9912261 | S82: PUERTAS TAMBORADAS (P2= .90 M.) | T82: u
B83: 6 | D83: PUERTAS TAMBORADAS (P1=.70M.) | E83: u | F83: 24 | G83: 152.84 | H83: =F83*G83 -> 3668.16 | J83: MEDIAS CAÑAS | K83: m | L83: 100 | M83: 3.67 | N83: 367 | O83: =N83/N$112 -> 0.00062735298 | P83: =P82+O83 -> 0.99185345 | S83: PUERTAS TAMPORADAS (P3=1.00M) | T83: u
B84: 7 | D84: PUERTAS TAMBORADAS (P2= .90 M.) | E84: u | F84: 41 | G84: 176.84 | H84: =F84*G84 -> 7250.44 | J84: ADOQUINADO DECORATIVO EN ACERAS | K84: m2 | L84: 19.2 | M84: 19.01 | N84: 364.992 | O84: =N84/N$112 -> 0.00062392048 | P84: =P83+O84 -> 0.99247737 | S84: RECONFORMACIÓN DE SUBRAZANTE | T84: m3
D85: PUERTAS TAMPORADAS (P3=1.00M) | E85: u | F85: 3 | G85: 182.53 | H85: =F85*G85 -> 547.59 | J85: DINTELES CON MALLA METÀLICA ENLUCIDA | K85: m2 | L85: 27 | M85: 11.88 | N85: 320.76 | O85: =N85/N$112 -> 0.00054830992 | P85: =P84+O85 -> 0.99302568 | S85: REFILAMIENTO Y PULIDA DE LA PIEDRA DE CALZADA | T85: m2
B86: 8 | D86: RECONFORMACIÓN DE SUBRAZANTE | E86: m3 | F86: 31.6 | G86: 2.1 | H86: =F86*G86 -> 66.36 | J86: REFILAMIENTO Y PULIDA DE LA PIEDRA DE CALZADA | K86: m2 | L86: 158 | M86: 1.85 | N86: 292.3 | O86: =N86/N$112 -> 0.00049966015 | P86: =P85+O86 -> 0.99352534 | S86: REFUERZO DE ACERO 10 MM. | T86: kg
B87: HORMIGONES | D87: REFILAMIENTO Y PULIDA DE LA PIEDRA DE CALZADA | E87: m2 | F87: 158 | G87: 1.85 | H87: =F87*G87 -> 292.3 | J87: LASTRE PARA BASE DE ACERAS | K87: m3 | L87: 20 | M87: 14.54 | N87: 290.8 | O87: =N87/N$112 -> 0.00049709604 | P87: =P86+O87 -> 0.99402244 | S87: REFUERZO DE ACERO 12 MM. | T87: kg
B88: 1 | D88: REFUERZO DE ACERO 10 MM. | E88: kg | F88: 111 | G88: 2.06 | H88: =F88*G88 -> 228.66 | J88: ADOQUIN DE ARCILLA EN CALZADA 10 X 30 X 7 CM. | K88: m2 | L88: 14 | M88: 19.36 | N88: 271.04 | O88: =N88/N$112 -> 0.00046331812 | P88: =P87+O88 -> 0.99448576 | S88: REFUERZO DE ACERO 8 MM. | T88: kg
B89: 2 | D89: REFUERZO DE ACERO 12 MM. | E89: kg | F89: 782 | G89: 2.06 | H89: =F89*G89 -> 1610.92 | J89: REVESTIMIENTO HORIZONTAL CON ADOQUIN DE ARCILLA | K89: m2 | L89: 13.5 | M89: 19.36 | N89: 261.36 | O89: =N89/N$112 -> 0.00044677105 | P89: =P88+O89 -> 0.99493253 | S89: RELLENO COMPACTADO | T89: m3
B90: 3 | D90: REFUERZO DE ACERO 8 MM. | E90: kg | F90: 553 | G90: 2.06 | H90: =F90*G90 -> 1139.18 | J90: MALLA ELECTROSOLDADA 400 X 400 X 4.5 | K90: u | L90: 42 | M90: 5.96 | N90: 250.32 | O90: =N90/N$112 -> 0.00042789917 | P90: =P89+O90 -> 0.99536043 | S90: RELLENO DE BLOQUE .10 CM. Y HORMIGÓN SIMPLE | T90: m2
B91: 4 | D91: RELLENO COMPACTADO | E91: m3 | F91: 12 | G91: 8 | H91: =F91*G91 -> 96 | J91: REFUERZO DE ACERO 10 MM. | K91: kg | L91: 111 | M91: 2.06 | N91: 228.66 | O91: =N91/N$112 -> 0.00039087338 | P91: =P90+O91 -> 0.9957513 | S91: REUBICACIÓN DE BORDILLOS DE PIEDRA | T91: m
B92: 5 | D92: RELLENO DE BLOQUE .10 CM. Y HORMIGÓN SIMPLE | E92: m2 | F92: 80 | G92: 16.43 | H92: =F92*G92 -> 1314.4 | J92: REUBICACIÓN DE BORDILLOS DE PIEDRA | K92: m | L92: 120 | M92: 1.86 | N92: 223.2 | O92: =N92/N$112 -> 0.00038154001 | P92: =P91+O92 -> 0.99613284 | S92: REUBICACIÓN DE SUMIDEROS | T92: U
B93: 6 | D93: REUBICACIÓN DE BORDILLOS DE PIEDRA | E93: m | F93: 120 | G93: 1.86 | H93: =F93*G93 -> 223.2 | J93: CERRAMIENTO PROVISIONAL - SEÑALÉTICA | K93: m | L93: 54 | M93: 3.79 | N93: 204.66 | O93: =N93/N$112 -> 0.00034984757 | P93: =P92+O93 -> 0.99648269 | S93: REVESTIMIENTO CON GRANITO DE MÁRMOL | T93: m2
B94: 7 | D94: REUBICACIÓN DE SUMIDEROS | E94: U | F94: 2 | G94: 30 | H94: =F94*G94 -> 60 | J94: PUERTAS BATIENTES DE VIDRIO P4=2.46 M. | K94: u | L94: 1 | M94: 202.45 | N94: 202.45 | O94: =N94/N$112 -> 0.00034606978 | P94: =P93+O94 -> 0.99682876 | S94: REVESTIMIENTO DE PARED CON BALDOSA DE PIEDRA | T94: m2
B95: 8 | D95: REVESTIMIENTO CON GRANITO DE MÁRMOL | E95: m2 | F95: 37 | G95: 22 | H95: =F95*G95 -> 814 | J95: MAMPOSTERIA DE BLOQUE 6CM MORTERO 1:6 | K95: m2 | L95: 35 | M95: 5.66 | N95: 198.1 | O95: =N95/N$112 -> 0.00033863385 | P95: =P94+O95 -> 0.99716739 | S95: REVESTIMIENTO DE PAREDES CON CERAMICA | T95: m2
B96: RUBROS DE INTERVENCIÓN URBANA | D96: REVESTIMIENTO DE PARED CON BALDOSA DE PIEDRA | E96: m2 | F96: 95 | G96: 45.79 | H96: =F96*G96 -> 4350.05 | J96: BORDILLOS DE JARDINERAS | K96: u | L96: 12 | M96: 16.45 | N96: 197.4 | O96: =N96/N$112 -> 0.00033743727 | P96: =P95+O96 -> 0.99750483 | S96: REVESTIMIENTO DE PAREDES CON DUELA | T96: m2
B97: 1 | D97: REVESTIMIENTO DE PAREDES CON CERAMICA | E97: m2 | F97: 620 | G97: 22.02 | H97: =F97*G97 -> 13652.4 | J97: PICADO DE PISOS | K97: m2 | L97: 50 | M97: 3.74 | N97: 187 | O97: =N97/N$112 -> 0.00031965942 | P97: =P96+O97 -> 0.99782449 | S97: REVESTIMIENTO DE PISOS Y ESCALERAS | T97: m2
B98: 2 | D98: REVESTIMIENTO DE PAREDES CON DUELA | E98: m2 | F98: 122 | G98: 18.44 | H98: =F98*G98 -> 2249.68 | J98: PLANTAS EN JARDINERAS | K98: m | L98: 56.2 | M98: 3.12 | N98: 175.344 | O98: =N98/N$112 -> 0.00029973455 | P98: =P97+O98 -> 0.99812422 | S98: REVESTIMIENTO HORIZONTAL CON ADOQUIN DE ARCILLA | T98: m2
B99: 3 | D99: REVESTIMIENTO DE PISOS Y ESCALERAS | E99: m2 | F99: 3340 | G99: 33.6 | H99: =F99*G99 -> 112224 | J99: DISPENSADOR DE JABÓN LÍQUIDO | K99: u | L99: 4 | M99: 39.89 | N99: 159.56 | O99: =N99/N$112 -> 0.00027275324 | P99: =P98+O99 -> 0.99839698 | S99: SECADORA DE MANOS | T99: u
B100: 4 | D100: REVESTIMIENTO HORIZONTAL CON ADOQUIN DE ARCILLA | E100: m2 | F100: 13.5 | G100: 19.36 | H100: =F100*G100 -> 261.36 | J100: TAPAS METÁLICAS | K100: u | L100: 1 | M100: 135.61 | N100: 135.61 | O100: =N100/N$112 -> 0.00023181291 | P100: =P99+O100 -> 0.99862879 | S100: TABIQUERÌA METALICA Y PACOPLAC | T100: m2
B101: 5 | D101: SECADORA DE MANOS | E101: u | F101: 4 | G101: 156.29 | H101: =F101*G101 -> 625.16 | J101: CONSTRUCCIÓN DE BERMAS HORMIGON SIMPLE FC= 210 KG/CM2 | K101: m | L101: 30 | M101: 4.18 | N101: 125.4 | O101: =N101/N$112 -> 0.00021435985 | P101: =P100+O101 -> 0.99884315 | S101: TAPAJUNTAS HORIZONTAL DE ACERO INOXIDABLE.- | T101: m
B102: 6 | D102: TABIQUERÌA METALICA Y PACOPLAC | E102: m2 | F102: 98 | G102: 85.64 | H102: =F102*G102 -> 8392.72 | J102: PICADO Y DERROCAMIENTO DE ELEMENTOS DE HORMIGÓN | K102: m3 | L102: 5 | M102: 20.64 | N102: 103.2 | O102: =N102/N$112 -> 0.00017641097 | P102: =P101+O102 -> 0.99901956 | S102: TAPAJUNTAS VERTICAL DE MADERA.- | T102: m
B103: 7 | D103: TAPAJUNTAS HORIZONTAL DE ACERO INOXIDABLE.- | E103: m | F103: 70.4 | G103: 9.47 | H103: =F103*G103 -> 666.688 | J103: RELLENO COMPACTADO | K103: m3 | L103: 12 | M103: 8 | N103: 96 | O103: =N103/N$112 -> 0.00016410323 | P103: =P102+O103 -> 0.99918367 | S103: TAPAS METÁLICAS | T103: u
B104: 8 | D104: TAPAJUNTAS VERTICAL DE MADERA.- | E104: m | F104: 52 | G104: 9.66 | H104: =F104*G104 -> 502.32 | J104: LEVANTAMIENTO DE BORDILLOS | K104: m | L104: 100 | M104: 0.84 | N104: 84 | O104: =N104/N$112 -> 0.00014359033 | P104: =P103+O104 -> 0.99932726 | S104: TUBERÍA DE 110 MM. | T104: m
B105: 9 | D105: TAPAS METÁLICAS | E105: u | F105: 1 | G105: 135.61 | H105: =F105*G105 -> 135.61 | J105: EXCAVACIÓN PARA BORDILLOS | K105: m3 | L105: 19.5 | M105: 4.22 | N105: 82.29 | O105: =N105/N$112 -> 0.00014066724 | P105: =P104+O105 -> 0.99946792 | S105: URINARIOS | T105: u
B106: 10 | D106: TUBERÍA DE 110 MM. | E106: m | F106: 600 | G106: 9.5 | H106: =F106*G106 -> 5700 | J106: CAMA DE ARENA | K106: m3 | L106: 6 | M106: 12.72 | N106: 76.32 | O106: =N106/N$112 -> 0.00013046207 | P106: =P105+O106 -> 0.99959838 | S106: VENTANAS DE ALUMINIO -VIDRIO BRONCE | T106: m2
B107: 11 | D107: URINARIOS | E107: u | F107: 8 | G107: 447.35 | H107: =F107*G107 -> 3578.8 | J107: RECONFORMACIÓN DE SUBRAZANTE | K107: m3 | L107: 31.6 | M107: 2.1 | N107: 66.36 | O107: =N107/N$112 -> 0.00011343636 | P107: =P106+O107 -> 0.99971182 | S107: VIGAS DE ACERO 2G 200X50X15X3 | T107: kg
B108: 12 | D108: VENTANAS DE ALUMINIO -VIDRIO BRONCE | E108: m2 | F108: 318 | G108: 43.2 | H108: =F108*G108 -> 13737.6 | J108: REUBICACIÓN DE SUMIDEROS | K108: U | L108: 2 | M108: 30 | N108: 60 | O108: =N108/N$112 -> 0.00010256452 | P108: =P107+O108 -> 0.99981439 | S108: VIGAS PERIMETRAL DE ACERO 2G 200X50X15X3 | T108: kg
B109: 13 | D109: VIGAS DE ACERO 2G 200X50X15X3 | E109: kg | F109: 1445.63 | G109: 4.09 | H109: =F109*G109 -> 5912.6267 | J109: DESALOJO DE MATERIAL | K109: m3 | L109: 8 | M109: 5.8 | N109: 46.4 | O109: =N109/N$112 -> 7.9316561e-05 | P109: =P108+O109 -> 0.9998937 | S109: VIGUETAS TIPO CAJON 2G 175X50X15X3 | T109: kg
B110: 14 | D110: VIGAS PERIMETRAL DE ACERO 2G 200X50X15X3 | E110: kg | F110: 849.42 | G110: 3.32 | H110: =F110*G110 -> 2820.0744 | J110: ANGULOS SOLDADOS A PLACA DE ANCLAJE(50X3) | K110: kg | L110: 11.2 | M110: 3.32 | N110: 37.184 | O110: =N110/N$112 -> 6.3562651e-05 | P110: =P109+O110 -> 0.99995726 | S110: =COUNTA(S4:S109) -> 106
B111: 15 | D111: VIGUETAS TIPO CAJON 2G 175X50X15X3 | E111: kg | F111: 1309.59 | G111: 3.32 | H111: =F111*G111 -> 4347.8388 | J111: NIVELACIÓN DE TAPA DE POZOS | K111: U | L111: 1 | M111: 25 | N111: 25 | O111: =N111/N$112 -> 4.2735216e-05 | P111: =P110+O111 -> 1
B112: 20 | H112: =SUM(H4:H111) -> 584997.62 | N112: =SUM(N4:N111) -> 584997.62
B113: 21
E114: TOTAL:
B116: Son :QUINIENTOS OCHENTA Y CUATRO MIL NOVECIENTOS NOVENTA Y SIETE DÓLARES CON 61 Ctvs.
D121: ING. EDGAR EPINOZA ARQ. RAMIRO GOMEZ C.

Sheet Rubros Hidro
C1: CENTRO DE INTEGRACIÓN PROVINCIAL
C2: RUBROS HIDROSANITARIOS
B3: UNIDAD | C3: ITEM | D3: COD | E3: DESCRIPCION | F3: CANTIDAD | G3: P.UNITARIO | H3: TOTAL
B4: glb | C4: 73 | D4: 505676 | E4: BOMBAS CENTRÍFUGA Q=140 L/min TDH=60M | F4: 1 | G4: 6456.17 | H4: =F4*G4 -> 6456.17 | J4: 505677 | K4: SIST. BOMBEO INCENDIOS BOMBA JOCKEY + MOTOBOMBA Q=280 L/min TDH=50M | L4: 9832.25 | M4: =SUMIF($D$4:$D$84,J4,$F$4:$F$84) -> 1 | N4: =L4*M4 -> 9832.25 | P4: =N4/N$51 -> 0.1762347 | Q4: =P4 -> 0.1762347 | T4: ACERO DE REFUERZO FY=4200 KG/CM2 | U4: kg | V4: 1.69 | W4: =SUMIF(E$4:E$84,T4,F$4:F$84) -> 653 | X4: =V4*W4 -> 1103.57
B5: glb | C5: 74 | D5: 505677 | E5: SIST. BOMBEO INCENDIOS BOMBA JOCKEY + MOTOBOMBA Q=280 L/min TDH=50M | F5: 1 | G5: 9832.25 | H5: =F5*G5 -> 9832.25 | J5: 505675 | K5: EXTRACTOR DE OLORES CFM 70 CON CONMUTADOR A LUZ | L5: 1097.71 | M5: =SUMIF($D$4:$D$84,J5,$F$4:$F$84) -> 6 | N5: =L5*M5 -> 6586.26 | P5: =N5/N$51 -> 0.1180531 | Q5: =P5+Q4 -> 0.2942878 | T5: ACOMETIDA DOMICILIARIA AGUA POTABLE 1" | U5: u | V5: 176.16 | W5: =SUMIF(E$4:E$84,T5,F$4:F$84) -> 1 | X5: =V5*W5 -> 176.16
B6: glb | C6: 75 | D6: 505708 | E6: BOMBAS CENTRÍFUGA 1HP Q=30 L/min TDH=40m | F6: 1 | G6: 2691.61 | H6: =F6*G6 -> 2691.61 | J6: 505676 | K6: BOMBAS CENTRÍFUGA Q=140 L/min TDH=60M | L6: 6456.17 | M6: =SUMIF($D$4:$D$84,J6,$F$4:$F$84) -> 1 | N6: =L6*M6 -> 6456.17 | P6: =N6/N$51 -> 0.11572135 | Q6: =P6+Q5 -> 0.41000915 | T6: ANCLAJE DE HORMIGON SIMPLE 210 KG/CM2 | U6: m3 | V6: 131.24 | W6: =SUMIF(E$4:E$84,T6,F$4:F$84) -> 0.5 | X6: =V6*W6 -> 65.62
B7: kg | C7: 79 | D7: 505682 | E7: ACERO DE REFUERZO FY=4200 KG/CM2 | F7: 653 | G7: 1.69 | H7: =F7*G7 -> 1103.57 | J7: 505709 | K7: REJILLA PERFIL T 1 1/2"X1/4" CON CERCO L 1 1/2"x1/4" | L7: 147.24 | M7: =SUMIF($D$4:$D$84,J7,$F$4:$F$84) -> 31.7 | N7: =L7*M7 -> 4667.508 | P7: =N7/N$51 -> 0.083661104 | Q7: =P7+Q6 -> 0.49367025 | T7: BOMBAS CENTRÍFUGA 1HP Q=30 L/min TDH=40m | U7: glb | V7: 2691.61 | W7: =SUMIF(E$4:E$84,T7,F$4:F$84) -> 1 | X7: =V7*W7 -> 2691.61
B8: m | C8: 2 | D8: 505655 | E8: TUBERÍA AGUA POTABLE 1" CON ANCLAJE | F8: 38.11 | G8: 9.78 | H8: =F8*G8 -> 372.7158 | J8: 505674 | K8: EXTRACTOR DE OLORES CFM 50 CON CONMUTADOR A LUZ | L8: 645.82 | M8: =SUMIF($D$4:$D$84,J8,$F$4:$F$84) -> 5 | N8: =L8*M8 -> 3229.1 | P8: =N8/N$51 -> 0.057878866 | Q8: =P8+Q7 -> 0.55154912 | T8: BOMBAS CENTRÍFUGA Q=140 L/min TDH=60M | U8: glb | V8: 6456.17 | W8: =SUMIF(E$4:E$84,T8,F$4:F$84) -> 1 | X8: =V8*W8 -> 6456.17
B9: m | C9: 3 | D9: 505686 | E9: TUBERÍA AGUA POTABLE 1 1/2" CON ANCLAJE | F9: 39.6 | G9: 23.18 | H9: =F9*G9 -> 917.928 | J9: 505708 | K9: BOMBAS CENTRÍFUGA 1HP Q=30 L/min TDH=40m | L9: 2691.61 | M9: =SUMIF($D$4:$D$84,J9,$F$4:$F$84) -> 1 | N9: =L9*M9 -> 2691.61 | P9: =N9/N$51 -> 0.048244816 | Q9: =P9+Q8 -> 0.59979393 | T9: CAJA DE REVISION 0.80X0.80 H=0.60 - 1.20M | U9: u | V9: 119.7 | W9: =SUMIF(E$4:E$84,T9,F$4:F$84) -> 6 | X9: =V9*W9 -> 718.2
B10: m | C10: 7 | D10: 505685 | E10: TUBERÍA AGUA POTABLE 1 1/2" | F10: 22.9 | G10: 13.22 | H10: =F10*G10 -> 302.738 | J10: 505684 | K10: CANAL PLASTICO DE AGUAS LLUVIA | L10: 22.48 | M10: =SUMIF($D$4:$D$84,J10,$F$4:$F$84) -> 102.6 | N10: =L10*M10 -> 2306.448 | P10: =N10/N$51 -> 0.041341115 | Q10: =P10+Q9 -> 0.64113505 | T10: CANAL PLASTICO DE AGUAS LLUVIA | U10: m | V10: 22.48 | W10: =SUMIF(E$4:E$84,T10,F$4:F$84) -> 102.6 | X10: =V10*W10 -> 2306.448
B11: m | C11: 14 | D11: 505685 | E11: TUBERIA AGUA POTABLE 1 1/2" | F11: 11.1 | G11: 13.22 | H11: =F11*G11 -> 146.742 | J11: 505696 | K11: GABINETE CONTRA INCENDIOS CON VIDRIO, SEGURIDAD Y ACCESORIOS | L11: 412.25 | M11: =SUMIF($D$4:$D$84,J11,$F$4:$F$84) -> 5 | N11: =L11*M11 -> 2061.25 | P11: =N11/N$51 -> 0.03694615 | Q11: =P11+Q10 -> 0.6780812 | T11: DESAGÜE PVC-D 2" | U11: pto | V11: 18.48 | W11: =SUMIF(E$4:E$84,T11,F$4:F$84) -> 43 | X11: =V11*W11 -> 794.64
B12: m | C12: 21 | D12: 505685 | E12: TUBERIA AGUA POTABLE 1 1/2" | F12: 11.1 | G12: 13.22 | H12: =F12*G12 -> 146.742 | J12: 505659 | K12: TUBERÍA PVC-D 6" CON ACCESORIOS | L12: 20.53 | M12: =SUMIF($D$4:$D$84,J12,$F$4:$F$84) -> 71.17 | N12: =L12*M12 -> 1461.1201 | P12: =N12/N$51 -> 0.026189333 | Q12: =P12+Q11 -> 0.70427053 | T12: DESAGÜE PVC-D 3" | U12: pto | V12: 26.68 | W12: =SUMIF(E$4:E$84,T12,F$4:F$84) -> 3 | X12: =V12*W12 -> 80.04
B13: m | C13: 25 | D13: 505689 | E13: TUBERÍA AGUA POTABLE 3/4" CON ANCLAJE | F13: 5 | G13: 5.93 | H13: =F13*G13 -> 29.65 | J13: 505666 | K13: TUBERÍA AGUA HG 2" CON ACCESORIOS | L13: 32.03 | M13: =SUMIF($D$4:$D$84,J13,$F$4:$F$84) -> 44.85 | N13: =L13*M13 -> 1436.5455 | P13: =N13/N$51 -> 0.025748854 | Q13: =P13+Q12 -> 0.73001938 | T13: DESAGÜE PVC-D 4" | U13: pto | V13: 30.83 | W13: =SUMIF(E$4:E$84,T13,F$4:F$84) -> 28 | X13: =V13*W13 -> 863.24
B14: m | C14: 26 | D14: 505687 | E14: TUBERÍA AGUA POTABLE 1" | F14: 1 | G14: 9.59 | H14: =F14*G14 -> 9.59 | J14: 505682 | K14: ACERO DE REFUERZO FY=4200 KG/CM2 | L14: 1.69 | M14: =SUMIF($D$4:$D$84,J14,$F$4:$F$84) -> 653 | N14: =L14*M14 -> 1103.57 | P14: =N14/N$51 -> 0.019780552 | Q14: =P14+Q13 -> 0.74979994 | T14: ENCOFRADO - DESENCOFRADO RECTO EN MADERA | U14: m2 | V14: 13.5 | W14: =SUMIF(E$4:E$84,T14,F$4:F$84) -> 51.72 | X14: =V14*W14 -> 698.22
B15: m | C15: 27 | D15: 505690 | E15: TUBERÍA AGUA POTABLE 3/4" | F15: 10.7 | G15: 3.35 | H15: =F15*G15 -> 35.845 | J15: 505658 | K15: TUBERÍA PVC-D 3" CON ACCESORIOS | L15: 6.84 | M15: =SUMIF($D$4:$D$84,J15,$F$4:$F$84) -> 157.2 | N15: =L15*M15 -> 1075.248 | P15: =N15/N$51 -> 0.019272904 | Q15: =P15+Q14 -> 0.76907284 | T15: ENLUCIDO INTERIOR ALISADO CON MORTERO 1:3 + IMPERMEABILIZANTE | U15: m2 | V15: 7.01 | W15: =SUMIF(E$4:E$84,T15,F$4:F$84) -> 61.3 | X15: =V15*W15 -> 429.713
B16: m | C16: 32 | D16: 505657 | E16: TUBERÍA PVC-D 4" CON ACCESORIOS | F16: 4.3 | G16: 9.82 | H16: =F16*G16 -> 42.226 | J16: 505686 | K16: TUBERÍA AGUA POTABLE 1 1/2" CON ANCLAJE | L16: 23.18 | M16: =SUMIF($D$4:$D$84,J16,$F$4:$F$84) -> 39.6 | N16: =L16*M16 -> 917.928 | P16: =N16/N$51 -> 0.016453077 | Q16: =P16+Q15 -> 0.78552592 | T16: EXTINTOR TIPO ABC | U16: u | V16: 70.08 | W16: =SUMIF(E$4:E$84,T16,F$4:F$84) -> 5 | X16: =V16*W16 -> 350.4
... B50: pto | C50: 22 | D50: 505701 | E50: PUNTO DE AGUA POTABLE 3/4" CON TUB PRINCIP 1 1/4" | F50: 1 | G50: 36.77 | H50: =F50*G50 -> 36.77 | J50: 505687 | K50: TUBERÍA AGUA POTABLE 1" | L50: 9.59 | M50: =SUMIF($D$4:$D$84,J50,$F$4:$F$84) -> 1 | N50: =L50*M50 -> 9.59 | P50: =N50/N$51 -> 0.00017189258 | Q50: =P50+Q49 -> 1 | T50: VALVULA DE COMPUERTA BRONCE R/R 1" | U50: u | V50: 43.56 | W50: =SUMIF(E$4:E$84,T50,F$4:F$84) -> 10 | X50: =V50*W50 -> 435.6
B51: pto | C51: 23 | D51: 505660 | E51: PUNTO DE AGUA POTABLE 1/2" CON TUB PRINCIP 1" | F51: 4 | G51: 30.98 | H51: =F51*G51 -> 123.92 | N51: =SUM(N4:N50) -> 55790.658 | T51: VALVULA DE COMPUERTA BRONCE R/R 3/4" | U51: u | V51: 19.4 | W51: =SUMIF(E$4:E$84,T51,F$4:F$84) -> 6 | X51: =V51*W51 -> 116.4
B52: pto | C52: 28 | D52: 505662 | E52: PUNTO DE AGUA POTABLE 1/2" | F52: 8 | G52: 18.25 | H52: =F52*G52 -> 146 | T52: VENTILACION 3" CON ACCESORIOS | U52: pto | V52: 24.47 | W52: =SUMIF(E$4:E$84,T52,F$4:F$84) -> 2 | X52: =V52*W52 -> 48.94
B53: pto | C53: 34 | D53: 505665 | E53: DESAGÜE PVC-D 2" | F53: 3 | G53: 18.48 | H53: =F53*G53 -> 55.44 | T53: VENTILACION 3" CON TUB. PRINCIP 4" - ACCESORIOS | U53: pto | V53: 28.98 | W53: =SUMIF(E$4:E$84,T53,F$4:F$84) -> 7 | X53: =V53*W53 -> 202.86
B54: pto | C54: 35 | D54: 505663 | E54: DESAGÜE PVC-D 4" | F54: 2 | G54: 30.83 | H54: =F54*G54 -> 61.66 | X54: =SUM(X4:X53) -> 55790.658
B55: pto | C55: 37 | D55: 505665 | E55: DESAGÜE PVC-D 2" | F55: 7 | G55: 18.48 | H55: =F55*G55 -> 129.36
B56: pto | C56: 38 | D56: 505663 | E56: DESAGÜE PVC-D 4" | F56: 3 | G56: 30.83 | H56: =F56*G56 -> 92.49
B57: pto | C57: 40 | D57: 505665 | E57: DESAGÜE PVC-D 2" | F57: 15 | G57: 18.48 | H57: =F57*G57 -> 277.2
B58: pto | C58: 41 | D58: 505663 | E58: DESAGÜE PVC-D 4" | F58: 6 | G58: 30.83 | H58: =F58*G58 -> 184.98
B59: pto | C59: 43 | D59: 505665 | E59: DESAGÜE PVC-D 2" | F59: 12 | G59: 18.48 | H59: =F59*G59 -> 221.76
B60: pto | C60: 44 | D60: 505663 | E60: DESAGÜE PVC-D 4" | F60: 15 | G60: 30.83 | H60: =F60*G60 -> 462.45
B61: pto | C61: 46 | D61: 505665 | E61: DESAGÜE PVC-D 2" | F61: 6 | G61: 18.48 | H61: =F61*G61 -> 110.88
B62: pto | C62: 47 | D62: 505663 | E62: DESAGÜE PVC-D 4" | F62: 2 | G62: 30.83 | H62: =F62*G62 -> 61.66
B63: pto | C63: 51 | D63: 505664 | E63: DESAGÜE PVC-D 3" | F63: 3 | G63: 26.68 | H63: =F63*G63 -> 80.04
B64: pto | C64: 62 | D64: 505668 | E64: VENTILACION 3" CON ACCESORIOS | F64: 2 | G64: 24.47 | H64: =F64*G64 -> 48.94
B65: pto | C65: 63 | D65: 505672 | E65: VENTILACION 3" CON TUB. PRINCIP 4" - ACCESORIOS | F65: 7 | G65: 28.98 | H65: =F65*G65 -> 202.86
B66: u | C66: 1 | D66: 505705 | E66: ACOMETIDA DOMICILIARIA AGUA POTABLE 1" | F66: 1 | G66: 176.16 | H66: =F66*G66 -> 176.16
... B84: u | C84: 71 | D84: 505679 | E84: VÁLVULA CHECK 2" UL | F84: 1 | G84: 54.48 | H84: =F84*G84 -> 54.48
B85: TOTAL: | H85: =SUM(H4:H84) -> 55790.658

Sheet Rubros Elec
B1: CENTRO DE INTEGRACIÓN PROVINCIAL
B2: RUBROS HIDROSANITARIOS
B3: ITEM | C3: DESCRIPCION | D3: UNIDAD | E3: P.UNITARIO | F3: CANTIDAD | K3: P.UNITARIO | L3: CANTIDAD | M3: P.UNITARIO
B4: 1 | C4: Alimentador a tableros distribuc THHN 3x#6+1x#6+1x#6 | D4: m | E4: 7.75 | F4: 2 | H4: 23 | I4: Generador de 60 kVA efectivos | J4: u | K4: 27700 | L4: =SUMIF($C$4:$C$40,I4,$F$4:$F$40) -> 1 | M4: =K4*L4 -> 27700 | O4: =M4/M$37 -> 0.31075307 | P4: =O4 -> 0.31075307
B5: 2 | C5: Alimentador a tableros distribuc THHN 3x#4+1x#4+1x#4 | D5: m | E5: 21.5 | F5: 10 | H5: 28 | I5: Luminaria dimerizable Accor 2X28W T5 | J5: u | K5: 275 | L5: =SUMIF($C$4:$C$40,I5,$F$4:$F$40) -> 36 | M5: =K5*L5 -> 9900 | O5: =M5/M$37 -> 0.11106337 | P5: =P4+O5 -> 0.42181644
B6: 3 | C6: Alimentador a tableros distribuc THHN 3x#4+1x#4+1x#4 | D6: m | E6: 21.5 | F6: 13 | H6: 5 | I6: Punto de iluminacion Normal | J6: u | K6: 21.5 | L6: =SUMIF($C$4:$C$40,I6,$F$4:$F$40) -> 433 | M6: =K6*L6 -> 9309.5 | O6: =M6/M$37 -> 0.10443883 | P6: =P5+O6 -> 0.52625527
B7: 4 | C7: Alimentador a tableros distribuc THHN 3x#4+1x#4+1x#4 | D7: m | E7: 21.5 | F7: 17 | H7: 27 | I7: Luminaria Accor 2X28W T5 | J7: u | K7: 45.2 | L7: =SUMIF($C$4:$C$40,I7,$F$4:$F$40) -> 117 | M7: =K7*L7 -> 5288.4 | O7: =M7/M$37 -> 0.059328033 | P7: =P6+O7 -> 0.5855833
B8: 5 | C8: Alimentador a tableros distribuc THHN 3x#4+1x#4+1x#4 | D8: m | E8: 21.5 | F8: 20 | H8: 26 | I8: Luminaria tipo ojo de buey de 2x20W | J8: u | K8: 35.6 | L8: =SUMIF($C$4:$C$40,I8,$F$4:$F$40) -> 143 | M8: =K8*L8 -> 5090.8 | O8: =M8/M$37 -> 0.057111253 | P8: =P7+O8 -> 0.64269455
B9: 6 | C9: Alimentador a tableros distribuc THHN 3x#6+1x#6+1x#8 | D9: m | E9: 14.72 | F9: 34 | H9: 21 | I9: Bandeja tipo escalerilla de 2,4mx 200x80 mm (con accesorios) | J9: u | K9: 52 | L9: =SUMIF($C$4:$C$40,I9,$F$4:$F$40) -> 90 | M9: =K9*L9 -> 4680 | O9: =M9/M$37 -> 0.052502684 | P9: =P8+O9 -> 0.69519724
B10: 7 | C10: Alimentador a tableros distribuc THHN 3x#6+1x#6+1x#8 | D10: m | E10: 14.72 | F10: 14 | H10: 9 | I10: Punto de tomacorriente normal | J10: u | K10: 26.5 | L10: =SUMIF($C$4:$C$40,I10,$F$4:$F$40) -> 176 | M10: =K10*L10 -> 4664 | O10: =M10/M$37 -> 0.052323188 | P10: =P9+O10 -> 0.74752043
B11: 8 | C11: Alimentador TTU 3x#1/0+ Cu.Des1x#1/0+THHN1x4. | D11: m | E11: 43.99 | F11: 6 | H11: 24 | I11: Tablero de transferencia automático 50 KVA | J11: u | K11: 4300 | L11: =SUMIF($C$4:$C$40,I11,$F$4:$F$40) -> 1 | M11: =K11*L11 -> 4300 | O11: =M11/M$37 -> 0.048239646 | P11: =P10+O11 -> 0.79576007
B12: 9 | C12: Punto de iluminacion Normal | D12: u | E12: 21.5 | F12: 433 | H12: 25 | I12: Luminaria tipo ojo de buey de 2x15W | J12: u | K12: 33.2 | L12: =SUMIF($C$4:$C$40,I12,$F$4:$F$40) -> 99 | M12: =K12*L12 -> 3286.8 | O12: =M12/M$37 -> 0.036873039 | P12: =P11+O12 -> 0.83263311
B13: 10 | C13: Punto de iluminacion conmutada | D13: u | E13: 33.2 | F13: 10 | H13: 29 | I13: Luminaria sellada difusor acrilico 2X32W | J13: u | K13: 48 | L13: =SUMIF($C$4:$C$40,I13,$F$4:$F$40) -> 46 | M13: =K13*L13 -> 2208 | O13: =M13/M$37 -> 0.024770497 | P13: =P12+O13 -> 0.85740361
B14: 11 | C14: Punto iluminacion dimerizable | D14: u | E14: 22.5 | F14: 36 | H14: 18 | I14: Tablero de distribución Especial TDP | J14: u | K14: 1920 | L14: =SUMIF($C$4:$C$40,I14,$F$4:$F$40) -> 1 | M14: =K14*L14 -> 1920 | O14: =M14/M$37 -> 0.021539563 | P14: =P13+O14 -> 0.87894317
B15: 12 | C15: Punto para sensor fotoeléctrico | D15: u | E15: 17.2 | F15: 7 | H15: 32 | I15: Malla de Tierra General | J15: u | K15: 1450 | L15: =SUMIF($C$4:$C$40,I15,$F$4:$F$40) -> 1 | M15: =K15*L15 -> 1450 | O15: =M15/M$37 -> 0.016266857 | P15: =P14+O15 -> 0.89521003
B16: 13 | C16: Punto de tomacorriente normal | D16: u | E16: 26.5 | F16: 176 | H16: 2 | I16: Alimentador a tableros distribuc THHN 3x#4+1x#4+1x#4 | J16: m | K16: 21.5 | L16: =SUMIF($C$4:$C$40,I16,$F$4:$F$40) -> 60 | M16: =K16*L16 -> 1290 | O16: =M16/M$37 -> 0.014471894 | P16: =P15+O16 -> 0.90968192
C17: Sensor fotoeléctrico | D17: u | E17: 43 | F17: 7 | H17: 15 | I17: Pieza tomacorriente doble polarizado | J17: u | K17: 6.18 | L17: =SUMIF($C$4:$C$40,I17,$F$4:$F$40) -> 176 | M17: =K17*L17 -> 1087.68 | O17: =M17/M$37 -> 0.012202162 | P17: =P16+O17 -> 0.92188408
B18: =B16+1 -> 14 | C18: Pieza de Interruptor simple | D18: u | E18: 4.3 | F18: 67 | H18: 17 | I18: Tablero de distribución 20 espacios trifasicos | J18: u | K18: 268.66 | L18: =SUMIF($C$4:$C$40,I18,$F$4:$F$40) -> 4 | M18: =K18*L18 -> 1074.64 | O18: =M18/M$37 -> 0.012055873 | P18: =P17+O18 -> 0.93393996
B19: =B18+1 -> 15 | C19: Pieza de Interruptor doble | D19: u | E19: 6.7 | F19: 6 | H19: 33 | I19: Equipo de proteccion TVSS principal | J19: u | K19: 872 | L19: =SUMIF($C$4:$C$40,I19,$F$4:$F$40) -> 1 | M19: =K19*L19 -> 872 | O19: =M19/M$37 -> 0.0097825514 | P19: =P18+O19 -> 0.94372251
B20: =B19+1 -> 16 | C20: Pieza Conmutador simple | D20: u | E20: 6.7 | F20: 10 | H20: 7 | I20: Punto iluminacion dimerizable | J20: u | K20: 22.5 | L20: =SUMIF($C$4:$C$40,I20,$F$4:$F$40) -> 36 | M20: =K20*L20 -> 810 | O20: =M20/M$37 -> 0.009087003 | P20: =P19+O20 -> 0.95280951
B21: =B20+1 -> 17 | C21: Pieza de Interruptor triple | D21: u | E21: 7.18 | F21: 4 | H21: 31 | I21: Luminaria foco FL. Ahorrador 20W | J21: u | K21: 29.5 | L21: =SUMIF($C$4:$C$40,I21,$F$4:$F$40) -> 24 | M21: =K21*L21 -> 708 | O21: =M21/M$37 -> 0.0079427137 | P21: =P20+O21 -> 0.96075222
B22: =B21+1 -> 18 | C22: Pieza tomacorriente doble polarizado | D22: u | E22: 6.18 | F22: 176 | H22: 3 | I22: Alimentador a tableros distribuc THHN 3x#6+1x#6+1x#8 | J22: m | K22: 14.72 | L22: =SUMIF($C$4:$C$40,I22,$F$4:$F$40) -> 48 | M22: =K22*L22 -> 706.56 | O22: =M22/M$37 -> 0.0079265591 | P22: =P21+O22 -> 0.96867878
C23: Tablero de distribución 6 espacios trifasicos | D23: u | E23: 108.96 | F23: 3 | H23: 22 | I23: Ducto clip base troquelada 2,4mx300x100mm (con accesorios) | J23: u | K23: 63 | L23: =SUMIF($C$4:$C$40,I23,$F$4:$F$40) -> 9 | M23: =K23*L23 -> 567 | O23: =M23/M$37 -> 0.0063609021 | P23: =P22+O23 -> 0.97503969
B24: =B22+1 -> 19 | C24: Tablero de distribución 20 espacios trifasicos | D24: u | E24: 268.66 | F24: 4 | H24: 6 | I24: Punto de iluminacion conmutada | J24: u | K24: 33.2 | L24: =SUMIF($C$4:$C$40,I24,$F$4:$F$40) -> 10 | M24: =K24*L24 -> 332 | O24: =M24/M$37 -> 0.0037245494 | P24: =P23+O24 -> 0.97876423
B25: =B24+1 -> 20 | C25: Tablero de distribución Especial TDP | D25: u | E25: 1920 | F25: 1 | H25: 16 | I25: Tablero de distribución 6 espacios trifasicos | J25: u | K25: 108.96 | L25: =SUMIF($C$4:$C$40,I25,$F$4:$F$40) -> 3 | M25: =K25*L25 -> 326.88 | O25: =M25/M$37 -> 0.0036671105 | P25: =P24+O25 -> 0.98243135
B26: =B25+1 -> 21 | C26: Térmico de 1 polo hasta 20 A | D26: u | E26: 5.86 | F26: 36 | H26: 10 | I26: Sensor fotoeléctrico | J26: u | K26: 43 | L26: =SUMIF($C$4:$C$40,I26,$F$4:$F$40) -> 7 | M26: =K26*L26 -> 301 | O26: =M26/M$37 -> 0.0033767752 | P26: =P25+O26 -> 0.98580812
B27: =B26+1 -> 22 | C27: Térmico de 1 polo hasta 30 A | D27: u | E27: 5.86 | F27: 27 | H27: 11 | I27: Pieza de Interruptor simple | J27: u | K27: 4.3 | L27: =SUMIF($C$4:$C$40,I27,$F$4:$F$40) -> 67 | M27: =K27*L27 -> 288.1 | O27: =M27/M$37 -> 0.0032320563 | P27: =P26+O27 -> 0.98904018
B28: =B27+1 -> 23 | C28: Bandeja tipo escalerilla de 2,4mx 200x80 mm (con accesorios) | D28: u | E28: 52 | F28: 90 | H28: 4 | I28: Alimentador TTU 3x#1/0+ Cu.Des1x#1/0+THHN1x4. | J28: m | K28: 43.99 | L28: =SUMIF($C$4:$C$40,I28,$F$4:$F$40) -> 6 | M28: =K28*L28 -> 263.94 | O28: =M28/M$37 -> 0.0029610168 | P28: =P27+O28 -> 0.99200119
B29: =B28+1 -> 24 | C29: Ducto clip base troquelada 2,4mx300x100mm (con accesorios) | D29: u | E29: 63 | F29: 9 | H29: 19 | I29: Térmico de 1 polo hasta 20 A | J29: u | K29: 5.86 | L29: =SUMIF($C$4:$C$40,I29,$F$4:$F$40) -> 36 | M29: =K29*L29 -> 210.96 | O29: =M29/M$37 -> 0.0023666594 | P29: =P28+O29 -> 0.99436785
B30: =B29+1 -> 25 | C30: Generador de 60 kVA efectivos | D30: u | E30: 27700 | F30: 1 | H30: 20 | I30: Térmico de 1 polo hasta 30 A | J30: u | K30: 5.86 | L30: =SUMIF($C$4:$C$40,I30,$F$4:$F$40) -> 27 | M30: =K30*L30 -> 158.22 | O30: =M30/M$37 -> 0.0017749946 | P30: =P29+O30 -> 0.99614285
B31: =B30+1 -> 26 | C31: Tablero de transferencia automático 50 KVA | D31: u | E31: 4300 | F31: 1 | H31: 8 | I31: Punto para sensor fotoeléctrico | J31: u | K31: 17.2 | L31: =SUMIF($C$4:$C$40,I31,$F$4:$F$40) -> 7 | M31: =K31*L31 -> 120.4 | O31: =M31/M$37 -> 0.0013507101 | P31: =P30+O31 -> 0.99749356
B32: =B31+1 -> 27 | C32: Luminaria tipo ojo de buey de 2x15W | D32: u | E32: 33.2 | F32: 99 | H32: 30 | I32: Luminaria tipo regleta 1x17W | J32: u | K32: 18 | L32: =SUMIF($C$4:$C$40,I32,$F$4:$F$40) -> 4 | M32: =K32*L32 -> 72 | O32: =M32/M$37 -> 0.0008077336 | P32: =P31+O32 -> 0.99830129
B33: =B32+1 -> 28 | C33: Luminaria tipo ojo de buey de 2x20W | D33: u | E33: 35.6 | F33: 143 | H33: 13 | I33: Pieza Conmutador simple | J33: u | K33: 6.7 | L33: =SUMIF($C$4:$C$40,I33,$F$4:$F$40) -> 10 | M33: =K33*L33 -> 67 | O33: =M33/M$37 -> 0.00075164099 | P33: =P32+O33 -> 0.99905293
B34: =B33+1 -> 29 | C34: Luminaria Accor 2X28W T5 | D34: u | E34: 45.2 | F34: 117 | H34: 12 | I34: Pieza de Interruptor doble | J34: u | K34: 6.7 | L34: =SUMIF($C$4:$C$40,I34,$F$4:$F$40) -> 6 | M34: =K34*L34 -> 40.2 | O34: =M34/M$37 -> 0.00045098459 | P34: =P33+O34 -> 0.99950392
B35: =B34+1 -> 30 | C35: Luminaria dimerizable Accor 2X28W T5 | D35: u | E35: 275 | F35: 36 | H35: 14 | I35: Pieza de Interruptor triple | J35: u | K35: 7.18 | L35: =SUMIF($C$4:$C$40,I35,$F$4:$F$40) -> 4 | M35: =K35*L35 -> 28.72 | O35: =M35/M$37 -> 0.00032219596 | P35: =P34+O35 -> 0.99982611
C36: Luminaria sellada difusor acrilico 2X32W | D36: u | E36: 48 | F36: 46 | H36: 1 | I36: Alimentador a tableros distribuc THHN 3x#6+1x#6+1x#6 | J36: m | K36: 7.75 | L36: =SUMIF($C$4:$C$40,I36,$F$4:$F$40) -> 2 | M36: =K36*L36 -> 15.5 | O36: =M36/M$37 -> 0.00017388709 | P36: =P35+O36 -> 1
B37: =B35+1 -> 31 | C37: Luminaria tipo regleta 1x17W | D37: u | E37: 18 | F37: 4 | M37: =SUM(M4:M36) -> 89138.3
B38: =B37+1 -> 32 | C38: Luminaria foco FL. Ahorrador 20W | D38: u | E38: 29.5 | F38: 24
C39: Malla de Tierra General | D39: u | E39: 1450 | F39: 1
C40: Equipo de proteccion TVSS principal | D40: u | E40: 872 | F40: 1
D41: TOTAL:
C48: Ing. Tarquino Rivera
C49: Lic. Prof. 03-10-021 (CIEEI)
C50: Tel. 2956-560

Sheet Rubros Electron
B1: CENTRO DE INTEGRACIÓN PROVINCIAL
B2: RUBROS HIDROSANITARIOS
B3: ITEM | C3: COD | D3: DESCRIPCION | E3: UNIDAD | F3: CANTIDAD | G3: P.UNITARIO | H3: TOTAL
C4: ELECTRONICOS
D5: PUNTOS DE RED
C6: 1 | D6: Cable Multipar UTP Categoría 6A | E6: m | F6: 1525.65 | G6: 1.84 | H6: =F6*G6 -> 2807.196 | K6: Accesorios EMT 1/2'' | L6: u | M6: 0.31 | N6: 1 | O6: =M6*N6 -> 0.31 | Q6: Accesorios EMT 1/2'' | R6: u | S6: 0.31 | T6: =SUMIF(K$6:K$121,Q6,N$6:N$121) -> 1 | U6: =S6*T6 -> 0.31
C7: 2 | D7: Jacks RJ45 Categoría 6A | E7: u | F7: 38 | G7: 17.9 | H7: =F7*G7 -> 680.2 | K7: Access Point de Interiores | L7: u | M7: 539.4 | N7: 8 | O7: =M7*N7 -> 4315.2 | Q7: Access Point de Interiores | R7: u | S7: 539.4 | T7: =SUMIF(K$6:K$121,Q7,N$6:N$121) -> 8 | U7: =S7*T7 -> 4315.2
C8: 3 | D8: Face Plate de 1 Puerto | E8: u | F8: 26 | G8: 5.16 | H8: =F8*G8 -> 134.16 | K8: Altavoz tipo cielo falso | L8: u | M8: 54.39 | N8: 2 | O8: =M8*N8 -> 108.78 | Q8: Altavoz tipo cielo falso | R8: u | S8: 54.39 | T8: =SUMIF(K$6:K$121,Q8,N$6:N$121) -> 64 | U8: =S8*T8 -> 3480.96
C9: 4 | D9: Face Plate de 2 Puertos | E9: u | F9: 6 | G9: 5.4 | H9: =F9*G9 -> 32.4 | K9: Altavoz tipo cielo falso | L9: u | M9: 54.39 | N9: 2 | O9: =M9*N9 -> 108.78 | Q9: Amplificador de publidifusión 2CH/120W | R9: u | S9: 1335.01 | T9: =SUMIF(K$6:K$121,Q9,N$6:N$121) -> 2 | U9: =S9*T9 -> 2670.02
C10: 5 | D10: Patch Cord 3FT Categoría 6A | E10: u | F10: 38 | G10: 20.45 | H10: =F10*G10 -> 777.1 | K10: Altavoz tipo cielo falso | L10: u | M10: 54.39 | N10: 60 | O10: =M10*N10 -> 3263.4 | Q10: Amplificador de publidifusión 80W | R10: u | S10: 582.61 | T10: =SUMIF(K$6:K$121,Q10,N$6:N$121) -> 1 | U10: =S10*T10 -> 582.61
C11: 6 | D11: Patch Cord 7FT Categoría 6A | E11: u | F11: 38 | G11: 22.4 | H11: =F11*G11 -> 851.2 | K11: Amplificador de publidifusión 2CH/120W | L11: u | M11: 1335.01 | N11: 2 | O11: =M11*N11 -> 2670.02 | Q11: Amplificador de publidifusión Monofónico de 200W | R11: u | S11: 1083.01 | T11: =SUMIF(K$6:K$121,Q11,N$6:N$121) -> 1 | U11: =S11*T11 -> 1083.01
C12: 7 | D12: Tubería EMT Conduit de 1' | E12: u | F12: 35 | G12: 6.81 | H12: =F12*G12 -> 238.35 | K12: Amplificador de publidifusión 80W | L12: u | M12: 582.61 | N12: 1 | O12: =M12*N12 -> 582.61 | Q12: Amplificador Estereo de 200W/CH | R12: u | S12: 747.01 | T12: =SUMIF(K$6:K$121,Q12,N$6:N$121) -> 1 | U12: =S12*T12 -> 747.01
C13: 8 | D13: Conectores EMT Conduit 1' | E13: u | F13: 30 | G13: 1.46 | H13: =F13*G13 -> 43.8 | K13: Amplificador de publidifusión Monofónico de 200W | L13: u | M13: 1083.01 | N13: 1 | O13: =M13*N13 -> 1083.01 | Q13: Amplificador preamplificador de 80W | R13: u | S13: 831.01 | T13: =SUMIF(K$6:K$121,Q13,N$6:N$121) -> 2 | U13: =S13*T13 -> 1662.02
C14: 9 | D14: Uniones EMT Conduit 1' | E14: u | F14: 26 | G14: 1.46 | H14: =F14*G14 -> 37.96 | K14: Amplificador Estereo de 200W/CH | L14: u | M14: 747.01 | N14: 1 | O14: =M14*N14 -> 747.01 | Q14: Batería de Respaldo 12V 7 Amp | R14: u | S14: 25.81 | T14: =SUMIF(K$6:K$121,Q14,N$6:N$121) -> 3 | U14: =S14*T14 -> 77.43
C15: 10 | D15: Tubería EMT Conduit de 3/4' | E15: u | F15: 79 | G15: 4.21 | H15: =F15*G15 -> 332.59 | K15: Amplificador preamplificador de 80W | L15: u | M15: 831.01 | N15: 1 | O15: =M15*N15 -> 831.01 | Q15: Cable Multipar Cat 5e (305m) | R15: u | S15: 76.94 | T15: =SUMIF(K$6:K$121,Q15,N$6:N$121) -> 1 | U15: =S15*T15 -> 76.94
C16: 11 | D16: Conectores EMT Conduit 3/4' | E16: u | F16: 50 | G16: 0.38 | H16: =F16*G16 -> 19 | K16: Amplificador preamplificador de 80W | L16: u | M16: 831.01 | N16: 1 | O16: =M16*N16 -> 831.01 | Q16: Cable Multipar UTP Categoría 6A | R16: m | S16: 1.84 | T16: =SUMIF(K$6:K$121,Q16,N$6:N$121) -> 1525.65 | U16: =S16*T16 -> 2807.196
C17: 12 | D17: Uniones EMT Conduit 3/4' | E17: u | F17: 45 | G17: 0.38 | H17: =F17*G17 -> 17.1 | K17: Batería de Respaldo 12V 7 Amp | L17: u | M17: 25.81 | N17: 2 | O17: =M17*N17 -> 51.62 | Q17: Cable solido con chaqueta retardante 2X18AWG | R17: m | S17: 657.48 | T17: =SUMIF(K$6:K$121,Q17,N$6:N$121) -> 1.89 | U17: =S17*T17 -> 1242.6372
... C20: 15 | D20: Certificación de puntos de cableado | E20: u | F20: 38 | G20: 11 | H20: =F20*G20 -> 418 | K20: Cable Multipar UTP Categoría 6A | L20: m | M20: 1.84 | N20: 1525.65 | O20: =M20*N20 -> 2807.196 | Q20: Caja Acústica Amplificada Subgrave | R20: u | S20: 1077.34 | T20: =SUMIF(K$6:K$121,Q20,N$6:N$121) -> 2 | U20: =S20*T20 -> 2154.68
D21: CAMARAS | G21: 0 | H21: =F21*G21 -> 0 | K21: Cable solido con chaqueta retardante 2X18AWG | L21: m | M21: 657.48 | N21: 1.89 | O21: =M21*N21 -> 1242.6372 | Q21: Caja Acústica de 2 Vías / para Intemperie | R21: u | S21: 249.2 | T21: =SUMIF(K$6:K$121,Q21,N$6:N$121) -> 7 | U21: =S21*T21 -> 1744.4
C22: 16 | D22: Camara Domo IR Interior | E22: u | F22: 12 | G22: 854.22 | H22: =F22*G22 -> 10250.64 | K22: Caja Acústica 2 Vías / Potencia | L22: u | M22: 2152.49 | N22: 4 | O22: =M22*N22 -> 8609.96 | Q22: Caja Acústica de 2 vías Alta Potencia | R22: u | S22: 756.8 | T22: =SUMIF(K$6:K$121,Q22,N$6:N$121) -> 4 | U22: =S22*T22 -> 3027.2
C23: 17 | D23: Camara Tipo Bala IR Exterior | E23: u | F23: 2 | G23: 963.64 | H23: =F23*G23 -> 1927.28 | K23: Caja Acústica Amplificada Monitores | L23: u | M23: 1695.22 | N23: 2 | O23: =M23*N23 -> 3390.44 | Q23: Caja Acústica de 2 vías de 20 W | R23: u | S23: 148.42 | T23: =SUMIF(K$6:K$121,Q23,N$6:N$121) -> 8 | U23: =S23*T23 -> 1187.36
C24: 18 | D24: Instalación de Cámaras y Configuración | E24: u | F24: 14 | G24: 17.53 | H24: =F24*G24 -> 245.42 | K24: Caja Acústica Amplificada Subgrave | L24: u | M24: 1077.34 | N24: 2 | O24: =M24*N24 -> 2154.68 | Q24: Cajas Metálicas para módulos | R24: u | S24: 14.61 | T24: =SUMIF(K$6:K$121,Q24,N$6:N$121) -> 2 | U24: =S24*T24 -> 29.22
C25: 19 | D25: Configuración de Sistema de Grabación | E25: u | F25: 1 | G25: 43.83 | H25: =F25*G25 -> 43.83 | K25: Caja Acústica de 2 Vías / para Intemperie | L25: u | M25: 249.2 | N25: 7 | O25: =M25*N25 -> 1744.4 | Q25: Cajetines Métalicos Rectangulares | R25: u | S25: 0.77 | T25: =SUMIF(K$6:K$121,Q25,N$6:N$121) -> 38 | U25: =S25*T25 -> 29.26
D26: ACCESS POINT | G26: 0 | H26: =F26*G26 -> 0 | K26: Caja Acústica de 2 vías Alta Potencia | L26: u | M26: 756.8 | N26: 4 | O26: =M26*N26 -> 3027.2 | Q26: Camara Domo IR Interior | R26: u | S26: 854.22 | T26: =SUMIF(K$6:K$121,Q26,N$6:N$121) -> 12 | U26: =S26*T26 -> 10250.64
C27: 20 | D27: Wireless Controller 15 APs | E27: u | F27: 1 | G27: =3823.45-238.58 -> 3584.87 | H27: =F27*G27 -> 3584.87 | K27: Caja Acústica de 2 vías de 20 W | L27: u | M27: 148.42 | N27: 8 | O27: =M27*N27 -> 1187.36 | Q27: Camara Tipo Bala IR Exterior | R27: u | S27: 963.64 | T27: =SUMIF(K$6:K$121,Q27,N$6:N$121) -> 2 | U27: =S27*T27 -> 1927.28
C28: 21 | D28: Access Point de Interiores | E28: u | F28: 8 | G28: 539.4 | H28: =F28*G28 -> 4315.2 | K28: Cajas Metálicas para módulos | L28: u | M28: 14.61 | N28: 2 | O28: =M28*N28 -> 29.22 | Q28: Cerradura Electromagnética 600 libras | R28: u | S28: 204.55 | T28: =SUMIF(K$6:K$121,Q28,N$6:N$121) -> 2 | U28: =S28*T28 -> 409.1
C29: 22 | D29: Instalación y configuración Access Point | E29: u | F29: 8 | G29: 34.09 | H29: =F29*G29 -> 272.72 | K29: Cajetines Métalicos Rectangulares | L29: u | M29: 0.77 | N29: 38 | O29: =M29*N29 -> 29.26 | Q29: Certificación de puntos de cableado | R29: u | S29: 11 | T29: =SUMIF(K$6:K$121,Q29,N$6:N$121) -> 38 | U29: =S29*T29 -> 418
C30: 23 | D30: Configuración y puesta en marcha Wireless Controller | E30: u | F30: 1 | G30: 248.38 | H30: =F30*G30 -> 248.38 | K30: Camara Domo IR Interior | L30: u | M30: 854.22 | N30: 12 | O30: =M30*N30 -> 10250.64 | Q30: Conectores EMT 1/2'' | R30: u | S30: 0.31 | T30: =SUMIF(K$6:K$121,Q30,N$6:N$121) -> 85 | U30: =S30*T30 -> 26.35
D31: PANTALLA-PIZARRAS INTERACTIVAS | G31: 0 | H31: =F31*G31 -> 0 | K31: Camara Tipo Bala IR Exterior | L31: u | M31: 963.64 | N31: 2 | O31: =M31*N31 -> 1927.28 | Q31: Conectores EMT Conduit 1' | R31: u | S31: 1.46 | T31: =SUMIF(K$6:K$121,Q31,N$6:N$121) -> 30 | U31: =S31*T31 -> 43.8
C32: 24 | D32: Pantalla Pizarra Interactiva 79 pulgadas diagonales Rel: 4:3 | E32: u | F32: 6 | G32: 2313.36 | H32: =F32*G32 -> 13880.16 | K32: Cerradura Electromagnética 600 libras | L32: u | M32: 204.55 | N32: 2 | O32: =M32*N32 -> 409.1 | Q32: Conectores EMT Conduit 3/4' | R32: u | S32: 0.38 | T32: =SUMIF(K$6:K$121,Q32,N$6:N$121) -> 50 | U32: =S32*T32 -> 19
C33: 25 | D33: Módulo para conexión inalámbrica | E33: u | F33: 6 | G33: 185.06 | H33: =F33*G33 -> 1110.36 | K33: Certificación de puntos de cableado | L33: u | M33: 11 | N33: 38 | O33: =M33*N33 -> 418 | Q33: Configuración de Sistema de Grabación | R33: u | S33: 43.83 | T33: =SUMIF(K$6:K$121,Q33,N$6:N$121) -> 1 | U33: =S33*T33 -> 43.83
C34: 26 | D34: Proyector tiro corto DLP | E34: u | F34: 6 | G34: 925.34 | H34: =F34*G34 -> 5552.04 | K34: Conectores EMT 1/2'' | L34: u | M34: 0.31 | N34: 85 | O34: =M34*N34 -> 26.35 | Q34: Configuración y puesta en macha del sistema | R34: u | S34: 189.93 | T34: =SUMIF(K$6:K$121,Q34,N$6:N$121) -> 1 | U34: =S34*T34 -> 189.93
C35: 27 | D35: Soporte Para Pantalla | E35: u | F35: 6 | G35: 292.21 | H35: =F35*G35 -> 1753.26 | K35: Conectores EMT Conduit 1' | L35: u | M35: 1.46 | N35: 30 | O35: =M35*N35 -> 43.8 | Q35: Configuración y puesta en marcha Wireless Controller | R35: u | S35: 248.38 | T35: =SUMIF(K$6:K$121,Q35,N$6:N$121) -> 1 | U35: =S35*T35 -> 248.38
C36: 28 | D36: Instalación y puesta en marcha | E36: u | F36: 6 | G36: 146.1 | H36: =F36*G36 -> 876.6 | K36: Conectores EMT Conduit 3/4' | L36: u | M36: 0.38 | N36: 50 | O36: =M36*N36 -> 19 | Q36: Consola de Micrófonos | R36: u | S36: 694.45 | T36: =SUMIF(K$6:K$121,Q36,N$6:N$121) -> 2 | U36: =S36*T36 -> 1388.9
D37: CONTROL DE ACCESO | G37: 0 | H37: =F37*G37 -> 0 | K37: Configuración de Sistema de Grabación | L37: u | M37: 43.83 | N37: 1 | O37: =M37*N37 -> 43.83 | Q37: Control de Volumen | R37: u | S37: 38.74 | T37: =SUMIF(K$6:K$121,Q37,N$6:N$121) -> 10 | U37: =S37*T37 -> 387.4
C38: 1 | D38: Módulo Principal de Control de Acceso incluye software de Gestión | E38: u | F38: 1 | G38: 701.31 | H38: =F38*G38 -> 701.31 | K38: Configuración y puesta en macha del sistema | L38: u | M38: 189.93 | N38: 1 | O38: =M38*N38 -> 189.93 | Q38: Detector de Humo análogo inteligente | R38: u | S38: 52.59 | T38: =SUMIF(K$6:K$121,Q38,N$6:N$121) -> 42 | U38: =S38*T38 -> 2208.78
C39: 2 | D39: Módulo de Control de Acceso con Wiegand 26 bits | E39: u | F39: 1 | G39: 136.36 | H39: =F39*G39 -> 136.36 | K39: Configuración y puesta en marcha Wireless Controller | L39: u | M39: 248.38 | N39: 1 | O39: =M39*N39 -> 248.38 | Q39: Estación Manual con un tapa | R39: u | S39: 87.02 | T39: =SUMIF(K$6:K$121,Q39,N$6:N$121) -> 4 | U39: =S39*T39 -> 348.08
C40: 3 | D40: Cajas Metálicas para módulos | E40: u | F40: 2 | G40: 14.61 | H40: =F40*G40 -> 29.22 | K40: Consola de Micrófonos | L40: u | M40: 694.45 | N40: 1 | O40: =M40*N40 -> 694.45 | Q40: Face Plate de 1 Puerto | R40: u | S40: 5.16 | T40: =SUMIF(K$6:K$121,Q40,N$6:N$121) -> 26 | U40: =S40*T40 -> 134.16
C41: 4 | D41: Lectoras de Proximidad | E41: u | F41: 2 | G41: 175.32 | H41: =F41*G41 -> 350.64 | K41: Consola de Micrófonos | L41: u | M41: 694.45 | N41: 1 | O41: =M41*N41 -> 694.45 | Q41: Face Plate de 2 Puertos | R41: u | S41: 5.4 | T41: =SUMIF(K$6:K$121,Q41,N$6:N$121) -> 6 | U41: =S41*T41 -> 32.4
C42: 5 | D42: Interfaz de conexión IP | E42: u | F42: 1 | G42: 180.19 | H42: =F42*G42 -> 180.19 | K42: Control de Volumen | L42: u | M42: 38.74 | N42: 10 | O42: =M42*N42 -> 387.4 | Q42: Instalación de Cámaras y Configuración | R42: u | S42: 17.53 | T42: =SUMIF(K$6:K$121,Q42,N$6:N$121) -> 14 | U42: =S42*T42 -> 245.42
C43: 6 | D43: Tarjetas de Proximidad | E43: u | F43: 20 | G43: 9.05 | H43: =F43*G43 -> 181 | K43: Detector de Humo análogo inteligente | L43: u | M43: 52.59 | N43: 42 | O43: =M43*N43 -> 2208.78 | Q43: Instalación de Control de Acceso | R43: u | S43: 126.62 | T43: =SUMIF(K$6:K$121,Q43,N$6:N$121) -> 1 | U43: =S43*T43 -> 126.62
C44: 7 | D44: Cerradura Electromagnética 600 libras | E44: u | F44: 2 | G44: 204.55 | H44: =F44*G44 -> 409.1 | K44: Estación Manual con un tapa | L44: u | M44: 87.02 | N44: 4 | O44: =M44*N44 -> 348.08 | Q44: Instalación de elementos | R44: u | S44: 11.68 | T44: =SUMIF(K$6:K$121,Q44,N$6:N$121) -> 61 | U44: =S44*T44 -> 712.48
C45: 8 | D45: Cable Multipar Cat 5e (305m) | E45: u | F45: 1 | G45: 76.94 | H45: =F45*G45 -> 76.94 | K45: Face Plate de 1 Puerto | L45: u | M45: 5.16 | N45: 26 | O45: =M45*N45 -> 134.16 | Q45: Instalación y configuración Access Point | R45: u | S45: 34.09 | T45: =SUMIF(K$6:K$121,Q45,N$6:N$121) -> 8 | U45: =S45*T45 -> 272.72
C46: 9 | D46: Tranformador 16.5 VAC | E46: u | F46: 2 | G46: 14.9 | H46: =F46*G46 -> 29.8 | K46: Face Plate de 2 Puertos | L46: u | M46: 5.4 | N46: 6 | O46: =M46*N46 -> 32.4 | Q46: Instalación y puesta en marcha | R46: u | S46: 146.1 | T46: =SUMIF(K$6:K$121,Q46,N$6:N$121) -> 6 | U46: =S46*T46 -> 876.6
C47: 10 | D47: Batería de Respaldo 12V 7 Amp | E47: u | F47: 2 | G47: 25.81 | H47: =F47*G47 -> 51.62 | K47: Instalación de Cámaras y Configuración | L47: u | M47: 17.53 | N47: 14 | O47: =M47*N47 -> 245.42 | Q47: Interfaz de conexión IP | R47: u | S47: 180.19 | T47: =SUMIF(K$6:K$121,Q47,N$6:N$121) -> 1 | U47: =S47*T47 -> 180.19
C48: 11 | D48: Tubería Conduit EMT 1/2'' | E48: u | F48: 20 | G48: 2.71 | H48: =F48*G48 -> 54.2 | K48: Instalación de Control de Acceso | L48: u | M48: 126.62 | N48: 1 | O48: =M48*N48 -> 126.62 | Q48: Jacks RJ45 Categoría 6A | R48: u | S48: 17.9 | T48: =SUMIF(K$6:K$121,Q48,N$6:N$121) -> 38 | U48: =S48*T48 -> 680.2
C49: 12 | D49: Accesorios EMT 1/2'' | E49: u | F49: 1 | G49: 0.31 | H49: =F49*G49 -> 0.31 | K49: Instalación de elementos | L49: u | M49: 11.68 | N49: 61 | O49: =M49*N49 -> 712.48 | Q49: Lectoras de Proximidad | R49: u | S49: 175.32 | T49: =SUMIF(K$6:K$121,Q49,N$6:N$121) -> 2 | U49: =S49*T49 -> 350.64
... C51: 14 | D51: Puesta en marcha del sistema de gestión y Capacitación | E51: u | F51: 1 | G51: 146.1 | H51: =F51*G51 -> 146.1 | K51: Instalación y puesta en marcha | L51: u | M51: 146.1 | N51: 6 | O51: =M51*N51 -> 876.6 | Q51: Mano de Obra por instalación de puntos de cableado | R51: u | S51: 34.09 | T51: =SUMIF(K$6:K$121,Q51,N$6:N$121) -> 38 | U51: =S51*T51 -> 1295.42
D52: DETECCIÓN DE INCENDIOS | G52: 0 | H52: =F52*G52 -> 0 | K52: Interfaz de conexión IP | L52: u | M52: 180.19 | N52: 1 | O52: =M52*N52 -> 180.19 | Q52: Mezcladora Digital Automatizada | R52: u | S52: 2218.45 | T52: =SUMIF(K$6:K$121,Q52,N$6:N$121) -> 1 | U52: =S52*T52 -> 2218.45
C53: 1 | D53: Sistema de 1 Lazo para 64 puntos análogos | E53: u | F53: 1 | G53: 834.76 | H53: =F53*G53 -> 834.76 | K53: Jacks RJ45 Categoría 6A | L53: u | M53: 17.9 | N53: 38 | O53: =M53*N53 -> 680.2 | Q53: Micrófono | R53: u | S53: 130.63 | T53: =SUMIF(K$6:K$121,Q53,N$6:N$121) -> 1 | U53: =S53*T53 -> 130.63
C54: 2 | D54: Luz Estroboscopica con sirena 12 V | E54: u | F54: 15 | G54: 74.02 | H54: =F54*G54 -> 1110.3 | K54: Lectoras de Proximidad | L54: u | M54: 175.32 | N54: 2 | O54: =M54*N54 -> 350.64 | Q54: Micrófono de Bobina Móvil | R54: u | S54: 166.99 | T54: =SUMIF(K$6:K$121,Q54,N$6:N$121) -> 4 | U54: =S54*T54 -> 667.96
C55: 3 | D55: Detector de Humo análogo inteligente | E55: u | F55: 42 | G55: 52.59 | H55: =F55*G55 -> 2208.78 | K55: Luz Estroboscopica con sirena 12 V | L55: u | M55: 74.02 | N55: 15 | O55: =M55*N55 -> 1110.3 | Q55: Micrófono Doble Cápsula | R55: u | S55: 923.6 | T55: =SUMIF(K$6:K$121,Q55,N$6:N$121) -> 3 | U55: =S55*T55 -> 2770.8
C56: 4 | D56: Estación Manual con un tapa | E56: u | F56: 4 | G56: 87.02 | H56: =F56*G56 -> 348.08 | K56: Mano de Obra por instalación de puntos de cableado | L56: u | M56: 34.09 | N56: 38 | O56: =M56*N56 -> 1295.42 | Q56: Micrófono Inalámbrico | R56: u | S56: 923.6 | T56: =SUMIF(K$6:K$121,Q56,N$6:N$121) -> 7 | U56: =S56*T56 -> 6465.2
C57: 5 | D57: Batería de Respaldo 12V 7 Amp | E57: u | F57: 1 | G57: 25.81 | H57: =F57*G57 -> 25.81 | K57: Mezcladora Digital Automatizada | L57: u | M57: 2218.45 | N57: 1 | O57: =M57*N57 -> 2218.45 | Q57: Módulo Boster | R57: u | S57: 274.99 | T57: =SUMIF(K$6:K$121,Q57,N$6:N$121) -> 1 | U57: =S57*T57 -> 274.99
C58: 6 | D58: Tranformador 16.5 VAC | E58: u | F58: 20 | G58: 14.9 | H58: =F58*G58 -> 298 | K58: Micrófono | L58: u | M58: 130.63 | N58: 1 | O58: =M58*N58 -> 130.63 | Q58: Módulo de Control de Acceso con Wiegand 26 bits | R58: u | S58: 136.36 | T58: =SUMIF(K$6:K$121,Q58,N$6:N$121) -> 1 | U58: =S58*T58 -> 136.36
C59: 7 | D59: Cable solido con chaqueta retardante 2X18AWG | E59: m | F59: 1.89 | G59: 657.48 | H59: =F59*G59 -> 1242.6372 | K59: Micrófono de Bobina Móvil | L59: u | M59: 166.99 | N59: 3 | O59: =M59*N59 -> 500.97 | Q59: Módulo de Control de voceo de zonas | R59: u | S59: 286.15 | T59: =SUMIF(K$6:K$121,Q59,N$6:N$121) -> 7 | U59: =S59*T59 -> 2003.05
C60: 8 | D60: Tubería Conduit EMT 1/2'' | E60: u | F60: 102 | G60: 2.71 | H60: =F60*G60 -> 276.42 | K60: Micrófono de Bobina Móvil | L60: u | M60: 166.99 | N60: 1 | O60: =M60*N60 -> 166.99 | Q60: Módulo Matrix | R60: u | S60: 1630.45 | T60: =SUMIF(K$6:K$121,Q60,N$6:N$121) -> 1 | U60: =S60*T60 -> 1630.45
C61: 9 | D61: Conectores EMT 1/2'' | E61: u | F61: 85 | G61: 0.31 | H61: =F61*G61 -> 26.35 | K61: Micrófono Doble Cápsula | L61: u | M61: 923.6 | N61: 3 | O61: =M61*N61 -> 2770.8 | Q61: Módulo para conexión inalámbrica | R61: u | S61: 185.06 | T61: =SUMIF(K$6:K$121,Q61,N$6:N$121) -> 6 | U61: =S61*T61 -> 1110.36
C62: 10 | D62: Uniones EMT 1/2'' | E62: u | F62: 97 | G62: 0.31 | H62: =F62*G62 -> 30.07 | K62: Micrófono Inalámbrico | L62: u | M62: 923.6 | N62: 3 | O62: =M62*N62 -> 2770.8 | Q62: Módulo Principal de Control de Acceso incluye software de Gestión | R62: u | S62: 701.31 | T62: =SUMIF(K$6:K$121,Q62,N$6:N$121) -> 1 | U62: =S62*T62 -> 701.31
C63: 11 | D63: Instalación de elementos | E63: u | F63: 61 | G63: 11.68 | H63: =F63*G63 -> 712.48 | K63: Micrófono Inalámbrico | L63: u | M63: 923.6 | N63: 3 | O63: =M63*N63 -> 2770.8 | Q63: Módulo Procesador de Sonido | R63: u | S63: 1640.05 | T63: =SUMIF(K$6:K$121,Q63,N$6:N$121) -> 1 | U63: =S63*T63 -> 1640.05
C64: 12 | D64: Configuración y puesta en macha del sistema | E64: u | F64: 1 | G64: 189.93 | H64: =F64*G64 -> 189.93 | K64: Micrófono Inalámbrico | L64: u | M64: 923.6 | N64: 1 | O64: =M64*N64 -> 923.6 | Q64: Multiconector de Microfonos | R64: u | S64: 376.46 | T64: =SUMIF(K$6:K$121,Q64,N$6:N$121) -> 1 | U64: =S64*T64 -> 376.46
D65: AUDITORIO | G65: 0 | H65: =F65*G65 -> 0 | K65: Módulo Boster | L65: u | M65: 274.99 | N65: 1 | O65: =M65*N65 -> 274.99 | Q65: Pantalla de Proyección 199x183 | R65: u | S65: 1527.22 | T65: =SUMIF(K$6:K$121,Q65,N$6:N$121) -> 2 | U65: =S65*T65 -> 3054.44
C66: SA01 | D66: Consola de Micrófonos | E66: u | F66: 1 | G66: 694.45 | H66: =F66*G66 -> 694.45 | K66: Módulo de Control de Acceso con Wiegand 26 bits | L66: u | M66: 136.36 | N66: 1 | O66: =M66*N66 -> 136.36 | Q66: Pantalla de Proyección 244x183 | R66: u | S66: 2260.42 | T66: =SUMIF(K$6:K$121,Q66,N$6:N$121) -> 2 | U66: =S66*T66 -> 4520.84
C67: SA02 | D67: Amplificador Estereo de 200W/CH | E67: u | F67: 1 | G67: 747.01 | H67: =F67*G67 -> 747.01 | K67: Módulo de Control de voceo de zonas | L67: u | M67: 286.15 | N67: 6 | O67: =M67*N67 -> 1716.9 | Q67: Pantalla Pizarra Interactiva 79 pulgadas diagonales Rel: 4:3 | R67: u | S67: 2313.36 | T67: =SUMIF(K$6:K$121,Q67,N$6:N$121) -> 6 | U67: =S67*T67 -> 13880.16
C68: SA03 | D68: Caja Acústica de 2 vías Alta Potencia | E68: u | F68: 4 | G68: 756.8 | H68: =F68*G68 -> 3027.2 | K68: Módulo de Control de voceo de zonas | L68: u | M68: 286.15 | N68: 1 | O68: =M68*N68 -> 286.15 | Q68: Patch Cord 3FT Categoría 6A | R68: u | S68: 20.45 | T68: =SUMIF(K$6:K$121,Q68,N$6:N$121) -> 38 | U68: =S68*T68 -> 777.1
C69: SA04 | D69: Micrófono Inalámbrico | E69: u | F69: 3 | G69: 923.6 | H69: =F69*G69 -> 2770.8 | K69: Módulo Matrix | L69: u | M69: 1630.45 | N69: 1 | O69: =M69*N69 -> 1630.45 | Q69: Patch Cord 7FT Categoría 6A | R69: u | S69: 22.4 | T69: =SUMIF(K$6:K$121,Q69,N$6:N$121) -> 38 | U69: =S69*T69 -> 851.2
C70: SA05 | D70: Reproductor de Cd's con control de velocidad | E70: u | F70: 1 | G70: 536.95 | H70: =F70*G70 -> 536.95 | K70: Módulo para conexión inalámbrica | L70: u | M70: 185.06 | N70: 6 | O70: =M70*N70 -> 1110.36 | Q70: Proyector de Video de Pantalla Gigante | R70: u | S70: 2710.43 | T70: =SUMIF(K$6:K$121,Q70,N$6:N$121) -> 4 | U70: =S70*T70 -> 10841.72
C71: SA06 | D71: Rack mueble con 1 bandeja de separación | E71: u | F71: 1 | G71: 1088.7 | H71: =F71*G71 -> 1088.7 | K71: Módulo Principal de Control de Acceso incluye software de Gestión | L71: u | M71: 701.31 | N71: 1 | O71: =M71*N71 -> 701.31 | Q71: Proyector tiro corto DLP | R71: u | S71: 925.34 | T71: =SUMIF(K$6:K$121,Q71,N$6:N$121) -> 6 | U71: =S71*T71 -> 5552.04
C72: SA07 | D72: Proyector de Video de Pantalla Gigante | E72: u | F72: 1 | G72: 2710.43 | H72: =F72*G72 -> 2710.43 | K72: Módulo Procesador de Sonido | L72: u | M72: 1640.05 | N72: 1 | O72: =M72*N72 -> 1640.05 | Q72: Puesta en marcha del sistema de gestión y Capacitación | R72: u | S72: 146.1 | T72: =SUMIF(K$6:K$121,Q72,N$6:N$121) -> 1 | U72: =S72*T72 -> 146.1
C73: SA08 | D73: Pantalla de Proyección 244x183 | E73: u | F73: 1 | G73: 2260.42 | H73: =F73*G73 -> 2260.42 | K73: Multiconector de Microfonos | L73: u | M73: 376.46 | N73: 1 | O73: =M73*N73 -> 376.46 | Q73: Punto de Instalación de Altavoz (tipo caja acústica) | R73: u | S73: 59.98 | T73: =SUMIF(K$6:K$121,Q73,N$6:N$121) -> 4 | U73: =S73*T73 -> 239.92
C74: SA09 | D74: Reproductor de DVD | E74: u | F74: 1 | G74: 153.26 | H74: =F74*G74 -> 153.26 | K74: Pantalla de Proyección 199x183 | L74: u | M74: 1527.22 | N74: 1 | O74: =M74*N74 -> 1527.22 | Q74: Punto de Instalación de Altavoz Tipo Cielo Falso | R74: u | S74: 24.85 | T74: =SUMIF(K$6:K$121,Q74,N$6:N$121) -> 64 | U74: =S74*T74 -> 1590.4
C75: SA10 | D75: Punto de Instalación de Altavoz (tipo caja acústica) | E75: u | F75: 4 | G75: 59.98 | H75: =F75*G75 -> 239.92 | K75: Pantalla de Proyección 199x183 | L75: u | M75: 1527.22 | N75: 1 | O75: =M75*N75 -> 1527.22 | Q75: Punto de Instalación de Altavoz Tipo Caja Acústica | R75: u | S75: 53.15 | T75: =SUMIF(K$6:K$121,Q75,N$6:N$121) -> 15 | U75: =S75*T75 -> 797.25
C76: SA11 | D76: Punto de Instalación de Video | E76: u | F76: 1 | G76: 213.4 | H76: =F76*G76 -> 213.4 | K76: Pantalla de Proyección 244x183 | L76: u | M76: 2260.42 | N76: 1 | O76: =M76*N76 -> 2260.42 | Q76: Punto de Instalación de Altavoz Tipo Caja Acustica y Subgrave | R76: u | S76: 72.17 | T76: =SUMIF(K$6:K$121,Q76,N$6:N$121) -> 6 | U76: =S76*T76 -> 433.02
D77: SALON DE USO MULTIPLE EVENTOS | G77: 0 | H77: =F77*G77 -> 0 | K77: Pantalla de Proyección 244x183 | L77: u | M77: 2260.42 | N77: 1 | O77: =M77*N77 -> 2260.42 | Q77: Punto de Instalación de Control de Volumen | R77: u | S77: 17.43 | T77: =SUMIF(K$6:K$121,Q77,N$6:N$121) -> 10 | U77: =S77*T77 -> 174.3
C78: Se-01 | D78: Módulo Procesador de Sonido | E78: u | F78: 1 | G78: 1640.05 | H78: =F78*G78 -> 1640.05 | K78: Pantalla Pizarra Interactiva 79 pulgadas diagonales Rel: 4:3 | L78: u | M78: 2313.36 | N78: 6 | O78: =M78*N78 -> 13880.16 | Q78: Punto de Instalación de Micrófono Doble | R78: u | S78: 14.08 | T78: =SUMIF(K$6:K$121,Q78,N$6:N$121) -> 3 | U78: =S78*T78 -> 42.24
C79: Se-02 | D79: Micrófono Inalámbrico | E79: u | F79: 3 | G79: 923.6 | H79: =F79*G79 -> 2770.8 | K79: Patch Cord 3FT Categoría 6A | L79: u | M79: 20.45 | N79: 38 | O79: =M79*N79 -> 777.1 | Q79: Punto de Instalación de Módulo Control Zona | R79: u | S79: 15.28 | T79: =SUMIF(K$6:K$121,Q79,N$6:N$121) -> 7 | U79: =S79*T79 -> 106.96
C80: Se-03 | D80: Micrófono de Bobina Móvil | E80: u | F80: 3 | G80: 166.99 | H80: =F80*G80 -> 500.97 | K80: Patch Cord 7FT Categoría 6A | L80: u | M80: 22.4 | N80: 38 | O80: =M80*N80 -> 851.2 | Q80: Punto de Instalación de Video | R80: u | S80: 213.4 | T80: =SUMIF(K$6:K$121,Q80,N$6:N$121) -> 2 | U80: =S80*T80 -> 426.8
C81: Se-04 | D81: Reproductor de Discos Compactos | E81: u | F81: 1 | G81: 337.75 | H81: =F81*G81 -> 337.75 | K81: Proyector de Video de Pantalla Gigante | L81: u | M81: 2710.43 | N81: 1 | O81: =M81*N81 -> 2710.43 | Q81: Rack mueble con 1 bandeja de separación | R81: u | S81: 1088.7 | T81: =SUMIF(K$6:K$121,Q81,N$6:N$121) -> 3 | U81: =S81*T81 -> 3266.1
C82: Se-05 | D82: Consola de Micrófonos | E82: u | F82: 1 | G82: 694.45 | H82: =F82*G82 -> 694.45 | K82: Proyector de Video de Pantalla Gigante | L82: u | M82: 2710.43 | N82: 1 | O82: =M82*N82 -> 2710.43 | Q82: Rack mueble con 2 bandejas de separación | R82: u | S82: 1110.3 | T82: =SUMIF(K$6:K$121,Q82,N$6:N$121) -> 1 | U82: =S82*T82 -> 1110.3
C83: Se-06 | D83: Rack mueble con 2 bandejas de separación | E83: u | F83: 1 | G83: 1110.3 | H83: =F83*G83 -> 1110.3 | K83: Proyector de Video de Pantalla Gigante | L83: u | M83: 2710.43 | N83: 1 | O83: =M83*N83 -> 2710.43 | Q83: Rack mueble con 4 bandejas de separación | R83: u | S83: 1401.9 | T83: =SUMIF(K$6:K$121,Q83,N$6:N$121) -> 1 | U83: =S83*T83 -> 1401.9
C84: Se-07 | D84: Caja Acústica 2 Vías / Potencia | E84: u | F84: 4 | G84: 2152.49 | H84: =F84*G84 -> 8609.96 | K84: Proyector de Video de Pantalla Gigante | L84: u | M84: 2710.43 | N84: 1 | O84: =M84*N84 -> 2710.43 | Q84: Reproductor de Cd's con control de velocidad | R84: u | S84: 536.95 | T84: =SUMIF(K$6:K$121,Q84,N$6:N$121) -> 1 | U84: =S84*T84 -> 536.95
C85: Se-08 | D85: Caja Acústica Amplificada Subgrave | E85: u | F85: 2 | G85: 1077.34 | H85: =F85*G85 -> 2154.68 | K85: Proyector tiro corto DLP | L85: u | M85: 925.34 | N85: 6 | O85: =M85*N85 -> 5552.04 | Q85: Reproductor de Discos Compactos | R85: u | S85: 337.75 | T85: =SUMIF(K$6:K$121,Q85,N$6:N$121) -> 4 | U85: =S85*T85 -> 1351
C86: Se-09 | D86: Caja Acústica Amplificada Monitores | E86: u | F86: 2 | G86: 1695.22 | H86: =F86*G86 -> 3390.44 | K86: Puesta en marcha del sistema de gestión y Capacitación | L86: u | M86: 146.1 | N86: 1 | O86: =M86*N86 -> 146.1 | Q86: Reproductor de DVD | R86: u | S86: 153.26 | T86: =SUMIF(K$6:K$121,Q86,N$6:N$121) -> 2 | U86: =S86*T86 -> 306.52
C87: Se-10 | D87: Proyector de Video de Pantalla Gigante | E87: u | F87: 1 | G87: 2710.43 | H87: =F87*G87 -> 2710.43 | K87: Punto de Instalación de Altavoz (tipo caja acústica) | L87: u | M87: 59.98 | N87: 4 | O87: =M87*N87 -> 239.92 | Q87: Sistema de 1 Lazo para 64 puntos análogos | R87: u | S87: 834.76 | T87: =SUMIF(K$6:K$121,Q87,N$6:N$121) -> 1 | U87: =S87*T87 -> 834.76
C88: Se-11 | D88: Pantalla de Proyección 244x183 | E88: u | F88: 1 | G88: 2260.42 | H88: =F88*G88 -> 2260.42 | K88: Punto de Instalación de Altavoz Tipo Cielo Falso | L88: u | M88: 24.85 | N88: 60 | O88: =M88*N88 -> 1491 | Q88: Software de Grabación de Sonido Qbasic | R88: u | S88: 860.95 | T88: =SUMIF(K$6:K$121,Q88,N$6:N$121) -> 1 | U88: =S88*T88 -> 860.95
C89: Se-12 | D89: Reproductor de DVD | E89: u | F89: 1 | G89: 153.26 | H89: =F89*G89 -> 153.26 | K89: Punto de Instalación de Altavoz Tipo Caja Acústica | L89: u | M89: 53.15 | N89: 15 | O89: =M89*N89 -> 797.25 | Q89: Soporte Para Pantalla | R89: u | S89: 292.21 | T89: =SUMIF(K$6:K$121,Q89,N$6:N$121) -> 6 | U89: =S89*T89 -> 1753.26
... C92: Se-15 | D92: Punto de Instalación de Video | E92: u | F92: 1 | G92: 213.4 | H92: =F92*G92 -> 213.4 | K92: Punto de Instalación de Altavoz Tipo Cielo Falso | L92: u | M92: 24.85 | N92: 2 | O92: =M92*N92 -> 49.7 | Q92: Tubería Conduit EMT 1/2'' | R92: u | S92: 2.71 | T92: =SUMIF(K$6:K$121,Q92,N$6:N$121) -> 122 | U92: =S92*T92 -> 330.62
D93: AUDIOVISUALES | K93: Punto de Instalación de Control de Volumen | L93: u | M93: 17.43 | N93: 10 | O93: =M93*N93 -> 174.3 | Q93: Tubería EMT Conduit de 1' | R93: u | S93: 6.81 | T93: =SUMIF(K$6:K$121,Q93,N$6:N$121) -> 35 | U93: =S93*T93 -> 238.35
C94: SAV01 | D94: Amplificador preamplificador de 80W | E94: u | F94: 1 | G94: 831.01 | H94: =F94*G94 -> 831.01 | K94: Punto de Instalación de Micrófono Doble | L94: u | M94: 14.08 | N94: 3 | O94: =M94*N94 -> 42.24 | Q94: Tubería EMT Conduit de 3/4' | R94: u | S94: 4.21 | T94: =SUMIF(K$6:K$121,Q94,N$6:N$121) -> 79 | U94: =S94*T94 -> 332.59
C95: SAV02 | D95: Altavoz tipo cielo falso | E95: u | F95: 2 | G95: 54.39 | H95: =F95*G95 -> 108.78 | K95: Punto de Instalación de Módulo Control Zona | L95: u | M95: 15.28 | N95: 7 | O95: =M95*N95 -> 106.96 | Q95: Uniones EMT 1/2'' | R95: u | S95: 0.31 | T95: =SUMIF(K$6:K$121,Q95,N$6:N$121) -> 97 | U95: =S95*T95 -> 30.07
C96: SAV03 | D96: Micrófono Inalámbrico | E96: u | F96: 1 | G96: 923.6 | H96: =F96*G96 -> 923.6 | K96: Punto de Instalación de Video | L96: u | M96: 213.4 | N96: 1 | O96: =M96*N96 -> 213.4 | Q96: Uniones EMT Conduit 1' | R96: u | S96: 1.46 | T96: =SUMIF(K$6:K$121,Q96,N$6:N$121) -> 26 | U96: =S96*T96 -> 37.96
C97: SAV04 | D97: Rack mueble con 1 bandeja de separación | E97: u | F97: 1 | G97: 1088.7 | H97: =F97*G97 -> 1088.7 | K97: Punto de Instalación de Video | L97: u | M97: 213.4 | N97: 1 | O97: =M97*N97 -> 213.4 | Q97: Uniones EMT Conduit 3/4' | R97: u | S97: 0.38 | T97: =SUMIF(K$6:K$121,Q97,N$6:N$121) -> 45 | U97: =S97*T97 -> 17.1
C98: SAV05 | D98: Proyector de Video de Pantalla Gigante | E98: u | F98: 1 | G98: 2710.43 | H98: =F98*G98 -> 2710.43 | K98: Rack mueble con 1 bandeja de separación | L98: u | M98: 1088.7 | N98: 1 | O98: =M98*N98 -> 1088.7 | Q98: Wireless Controller 15 APs | R98: u | S98: 3584.87 | T98: =SUMIF(K$6:K$121,Q98,N$6:N$121) -> 1 | U98: =S98*T98 -> 3584.87
C99: SAV06 | D99: Pantalla de Proyección 199x183 | E99: u | F99: 1 | G99: 1527.22 | H99: =F99*G99 -> 1527.22 | K99: Rack mueble con 1 bandeja de separación | L99: u | M99: 1088.7 | N99: 1 | O99: =M99*N99 -> 1088.7
C100: SAV07 | D100: Punto de Instalación de Altavoz Tipo Cielo Falso | E100: u | F100: 2 | G100: 24.85 | H100: =F100*G100 -> 49.7 | K100: Rack mueble con 1 bandeja de separación | L100: u | M100: 1088.7 | N100: 1 | O100: =M100*N100 -> 1088.7
D101: SALA DE REUNIONES | K101: Rack mueble con 2 bandejas de separación | L101: u | M101: 1110.3 | N101: 1 | O101: =M101*N101 -> 1110.3
C102: SR01 | D102: Mezcladora Digital Automatizada | E102: u | F102: 1 | G102: 2218.45 | H102: =F102*G102 -> 2218.45 | K102: Rack mueble con 4 bandejas de separación | L102: u | M102: 1401.9 | N102: 1 | O102: =M102*N102 -> 1401.9
C103: SR02 | D103: Amplificador preamplificador de 80W | E103: u | F103: 1 | G103: 831.01 | H103: =F103*G103 -> 831.01 | K103: Reproductor de Cd's con control de velocidad | L103: u | M103: 536.95 | N103: 1 | O103: =M103*N103 -> 536.95
C104: SR03 | D104: Altavoz tipo cielo falso | E104: u | F104: 2 | G104: 54.39 | H104: =F104*G104 -> 108.78 | K104: Reproductor de Discos Compactos | L104: u | M104: 337.75 | N104: 1 | O104: =M104*N104 -> 337.75
C105: SR04 | D105: Micrófono Doble Cápsula | E105: u | F105: 3 | G105: 923.6 | H105: =F105*G105 -> 2770.8 | K105: Reproductor de Discos Compactos | L105: u | M105: 337.75 | N105: 3 | O105: =M105*N105 -> 1013.25
...

Sheet Hoja1
